Workbook
Name Payment_Needed: "Pagamento richiesto"
Name Reimbursement: "Rimborso"

Sheet Copertina
A1: ALLEGATO ALLA SEZIONE 2.3
A2: PIANO DEI RISCHI

Sheet Tabelle Indicatori Risk
A1: INDICATORI DI STIMA DEL LIVELLO DI RISCHIO (rielaborazione di indicatori proposti da ANAC )
A2: INDICATORE | C2: Descrizione | I2: IMPATTO | M2: Descrizione
A4: Interessi esterni | C4: Il processo dà luogo a elevati o modesti benefici economici o di altra natura per i destinatari | I4: Impatto sull’immagine dell’Ente | M4: numero di articoli di giornale pubblicati sulla stampa locale o nazionale o dal numero di servizi radio-televisivi trasmessi, che hanno riguardato episodi di cattiva amministrazione, scarsa qualità dei servizi o corruzione (ultimi 5 anni)
A6: Discrezionalità del decisore interno | C6: La presenza di un processo decisionale altamente discrezionale nelle attività svolte, negli atti prodotti, nel dare risposte alle emergenze | I6: Impatto in termini di contenzioso | M6: costi economici e/o organizzativi sostenuti per il trattamento del contenzioso dall’Amministrazione .
A8: Eventi corruttivi passati | C8: Eventi "sentinella" , procedimenti avviati dall’autorità giudiziaria o contabile o ricorsi amministrativi nei confronti dell’Ente o procedimenti disciplinari avviati nei confronti dei dipendenti impiegati sul processo in esame (ultimo anno, ultimi 3 anni, mai) | I8: Impatto organizzativo e/o sulla continuità del servizio | M8: l’effetto che il verificarsi di uno o più eventi rischiosi inerenti il processo può comportare nel normale svolgimento delle attività dell’Ente (Interruzione del servizio totale o parziale ovvero aggravio per gli altri dipendenti dell’Ente)
A10: Opacità del processo | C10: Scarsa collaborazione . Solleciti scritti da parte del RPC per la pubblicazione dei dati, le richieste di accesso civico “semplice” e/o “generalizzato”, gli eventuali rilievi da parte dell’OIV in sede di attestazione annuale del rispetto degli obblighi di trasparenza (verifica situazione ultimi 3 anni) | I10: Danno generato | M10: irregolarità riscontrate da organismi interni di controllo (controlli interni, controllo di gestione, audit) o autorità esterne (Corte dei Conti, Autorità Giudiziaria, Autorità Amministrativa). Il verificarsi dell’evento o degli eventi rischiosi, comporta costi Alti Medio Bassi in termini di sanzioni che potrebbero essere addebitate all’Ente
A12: Grado attuazione misure | C12: Livello di attuazione delle misure di prevenzione sia generali sia specifiche previste dal PTPCT o dalla sezione Amticorruzione del Piao per il processo/attività, desunte dai monitoraggi effettuati dai responsabili (A_M_B ritardo nei monitoraggi e nel fornire elementi a supporto della verifica). Livello adempimenti Trasparenza
A14: Coerenza operativa: | C14: Coerenza fra le prassi operative sviluppate dalle unità organizzative che svolgono il processo e gli strumenti normativi e di regolamentazione che disciplinano lo stesso.(Norme a più livelli, regionali, ecc. oggetto di numerose/scarse modifiche, con numerose o meno sentenze CdC, pareri, ----) Il processo è svolto da una o più unità operativa
A16: Segnalazioni, reclami pervenuti | C16: Con riferimento al processo in oggetto, intese come qualsiasi informazione pervenuta a mezzo email, telefono, ovvero reclami o risultati di indagini di customer satisfaction, avente ad oggetto episodi di abuso, illecito, mancato rispetto delle procedure, condotta non etica, corruzione vera e propria, cattiva gestione, scarsa qualità del servizio (negli utlimi 3 anni)
A18: Presenza di gravi rilievi a seguito dei controlli interni di regolarità amministrativa | C18: (art. 147-bis, c. 2, TUEL), tali da richiedere annullamento in autotutela, revoca di provvedimenti adottati, ecc. (livello di gravità rilievi)
A20: Capacità dell’Ente di far fronte alle proprie carenze organizzative nei ruoli di responsabilità | C20: (Dirigenti, EQ) attraverso l’acquisizione delle corrispondenti figure apicali anziché l’affidamento di interim (Utilizzo dell’interim per lunghi /medi/brevi periodi di tempo, ritardato espletamento delle procedure per ricoprire i ruoli apicali rimasti vacanti
A22: Impatto sull’immagine dell’Ente | C22: numero di articoli di giornale pubblicati sulla stampa locale o nazionale o dal numero di servizi radio-televisivi trasmessi, che hanno riguardato episodi di cattiva amministrazione, scarsa qualità dei servizi o corruzione (ultimi 5 anni)

Sheet Valutaz Rischio ENTE
A1: Allegato PIANO DEI RISCHI Sezione 2.3 del PIAO 2026/2028
A2: #VALUE! | E2: INDICATORI DI STIMA DEL LIVELLO DI RISCHIO (rielaborazione di indicatori proposti da ANAC)
E3: INDICATORI | T3: VALUTAZIONE COMPLESSIVA DEL RISCHIO
E4: Interessi esterni | F4: Discrezionalità del decisore interno | G4: Eventi corruttivi passati | H4: Opacità del processo | I4: Grado attuazione misure | J4: Coerenza operativa: | K4: Segnalazioni, reclami pervenuti | L4: Presenza di gravi rilievi a seguito dei controlli interni di regolarità amministrativa | M4: Capacità dell’Ente di far fronte alle proprie carenze organizzative nei ruoli di responsabilità | N4: TOTALE PROBABILITA' | O4: Impatto sull’immagine dell’Ente | P4: Impatto in termini di contenzioso | Q4: Impatto organizzativo e/o sulla continuità del servizio | R4: Danno generato | S4: TOTALE IMPATTO | U4: NOTE
A5: AREA DI RISCHIO | B5: PROCESSI | C5: ATTIVITA' | D5: EVENTI CORRUTTIVI
A6: CONTRATTI PUBBLICI | B6: Programmazione | C6: Individuazione del Fabbisogno | E6: M | F6: A | G6: B | H6: B | I6: B | J6: B | K6: B | L6: B | M6: B | N6: B | O6: B | P6: B | Q6: M | R6: B | S6: B | T6: M
B7: Progettazione | C7: PREDISPOSIZIONE DEGLI ATTI DI GARA Modalità di acquisizone | E7: A | F7: A | G7: B | I7: M | K7: B | O7: M | T7: M
C8: PREDISPOSIZIONE DEGLI ATTI DI GARA Rinnovi | E8: A | F8: A | G8: B | I8: A | K8: B | O8: M | T8: A
C9: PREDISPOSIZIONE DEGLI ATTI DI GARA Criteri di aggiudicazione | E9: A | F9: A | G9: B | H9: B | I9: M | J9: B | K9: B | L9: B | M9: M | N9: M | O9: B | P9: B | Q9: M | R9: B | S9: M | T9: M
C10: PREDISPOSIZIONE DEGLI ATTI DI GARA Project Financing | E10: A | F10: A | G10: B | I10: M | K10: B | O10: M | T10: M
B11: Affidamento di lavori, servizi e forniture | C11: Selezione del contraente | E11: A | F11: M | G11: B | H11: B | I11: M | J11: M | K11: B | L11: M | M11: M | N11: M | O11: B | P11: B | Q11: B | R11: B | S11: B | T11: M
C12: Aggiudicazione | E12: A | F12: M | G12: B | H12: B | I12: M | J12: B | K12: B | L12: B | M12: M | N12: M | O12: B | P12: B | Q12: B | R12: B | S12: B | T12: M
B13: Esecuzione del contratto | C13: Verifica in corso di esecuzione | E13: A | F13: A | G13: B | H13: M | I13: M | J13: M | K13: M | L13: M | M13: M | N13: M | O13: M | P13: A | Q13: M | R13: M | S13: M | T13: M
C14: Collaudo | E14: A | F14: M | G14: B | H14: B | I14: M | J14: B | K14: B | L14: M | M14: B | N14: M | O14: B | P14: M | Q14: B | R14: B | S14: M | T14: M
A15: CONTRIBUTI, SOVVENZIONI E ALTRE EROGAZIONI LIBERALI | B15: Attribuzione di vantaggi economici diretti a seguito di bando | C15: Attribuzione di vantaggi economici diretti a seguito di bando | E15: A | F15: A | G15: B | I15: M | K15: B | O15: M | T15: M
B16: Erogazone di prestazioni assistenziali | C16: Erogazone di prestazioni assistenziali | E16: M | F16: M | G16: B | I16: M | K16: B | O16: M | T16: M
B17: Erogazione contributi ad associazioni culturali , sportive, sviluppo economico, turismo o vantaggi economici straordinari per eventi | C17: Erogazione contributi ad associazioni culturali , sportive, sviluppo economico, turismo o vantaggi economici straordinari per eventi | E17: A | F17: A | G17: B | I17: B | K17: B | O17: B | T17: M
B18: ATTRIBUZIONE DI VANTAGGI ECONOMICI DI QUALUNQUE GENERE A PRIVATI | C18: Sponsorizzazioni | E18: A | F18: A | G18: B | I18: B | K18: B | O18: B | T18: M
C19: Liquidazione spese di missione Giunta/Consiglio | E19: M | F19: B | G19: B | I19: B | K19: B | O19: B | T19: M
C20: Accertamenti e sgravi tributi comunali, gestione istanze di rimborso e agevolazioni di imposta | E20: A | F20: A | G20: M | I20: B | K20: B | O20: M | T20: M
C21: RIMBORSI E AGEVOLAZIONI DI IMPOSTA | E21: A | F21: M | G21: M | I21: B | K21: B | O21: B | T21: M
A22: CONCORSI E PROVE SELETTIVE | B22: Concorso per l'assunzione di personale | C22: Programmazione dell'assunzione/fabbisogni del personale | E22: M | F22: B | G22: B | H22: B | I22: M | J22: M | K22: B | L22: B | M22: B | N22: M | O22: B | P22: B | Q22: B | R22: B | S22: B | T22: B
C23: Predisposizione del bando di concorso e/o avvisi di selezione | E23: M | F23: A | G23: B | H23: M | I23: M | J23: M | K23: A | L23: B | M23: A | N23: A | O23: B | P23: M | Q23: A | R23: B | S23: M | T23: M
C24: Nomina Commissione esaminatrice | E24: A | F24: A | G24: B | H24: B | I24: M | J24: B | K24: B | L24: B | M24: B | N24: M | O24: B | P24: M | Q24: M | R24: A | S24: A | T24: M
C25: Svolgimento delle prove concorsuali e valutazione dei titoli | E25: A | F25: M | G25: B | H25: B | I25: M | J25: B | K25: B | L25: B | M25: B | N25: M | O25: B | P25: M | Q25: M | R25: A | S25: A | T25: M
C26: Approvazione della gradutoria | E26: A | F26: M | G26: B | H26: B | I26: M | J26: B | K26: B | L26: B | M26: B | N26: M | O26: B | P26: M | Q26: M | R26: A | S26: A | T26: M
B27: Attingimento da graduatoria di altri Enti | C27: Attingimento da graduatoria di altri Enti | E27: A | F27: A | G27: B | H27: M | I27: M | J27: M | K27: A | L27: B | M27: B | N27: A | O27: M | P27: A | Q27: M | R27: A | S27: A | T27: M
B28: Mobilità volontaria | C28: Mobilità volontaria | E28: M | F28: A | G28: B | H28: M | I28: M | J28: M | K28: M | L28: B | M28: A | N28: A | O28: B | P28: M | Q28: A | R28: B | S28: M | T28: M
B29: Assunzioni ex art. 110 TUEL, ex art. 90 TUEL, assunzioni stagionali di personale (es. polizia locale) | C29: Assunzioni ex art. 110 TUEL, ex art. 90 TUEL, assunzioni stagionali di personale (es. polizia locale) | E29: A | F29: A | G29: B | H29: M | I29: M | J29: M | K29: A | L29: B | M29: A | N29: A | O29: M | P29: M | Q29: A | R29: B | S29: M | T29: A
B30: Progressioni di carriera | C30: Progressioni di carriera verticali | E30: M | F30: M | G30: B | H30: B | I30: M | J30: B | K30: B | L30: B | M30: B | N30: M | O30: M | P30: B | Q30: B | R30: M | S30: M | T30: M
C31: Progressioni di carriera orizzontali | E31: B | F31: B | G31: B | H31: B | I31: M | J31: B | K31: B | L31: B | M31: B | N31: B | O31: B | P31: B | Q31: B | R31: B | S31: B | T31: B
A32: AUTORIZZAZIONI E CONCESSIONI | B32: Patrocini | C32: Patrocini | E32: A | F32: A | G32: B | I32: B | K32: B | O32: B | T32: M
B33: Rilascio di permessi di costruire, autorizzazioni edilizie (anche in sanatoria), certificati di agibilità, certificati di destinazione urbanistica (CDU), SCIA edilizia | C33: Rilascio di permessi di costruire, autorizzazioni edilizie (anche in sanatoria), certificati di agibilità, certificati di destinazione urbanistica (CDU), SCIA edilizia | E33: A | F33: M | G33: B | H33: B | I33: M | J33: M | K33: B | L33: B | M33: B | N33: M | O33: B | P33: B | Q33: M | R33: B | S33: B | T33: M
B34: Stipula convenzione urbanistica | C34: Stipula convenzione urbanistica | E34: A | F34: B | G34: B | H34: B | I34: M | J34: M | K34: B | L34: B | M34: B | N34: M | O34: B | P34: B | Q34: M | R34: B | S34: B | T34: B
B35: Rilascio autorizzazione paesaggistica | C35: Rilascio autorizzazione paesaggistica | E35: A | F35: B | G35: B | H35: B | I35: M | J35: A | K35: B | L35: B | M35: B | N35: M | O35: B | P35: B | Q35: M | R35: M | S35: M | T35: M
B36: Rilascio licenza attività commerciali | C36: Rilascio licenza attività commerciali | E36: A | F36: M | G36: B | H36: M | I36: M | J36: B | K36: B | L36: B | M36: B | N36: M | O36: B | P36: B | Q36: B | R36: M | S36: B | T36: M
B37: Rilascio autorizzazione al funzionamento di strutture sanitarie/strutture mediche private | C37: Rilascio autorizzazione al funzionamento di strutture sanitarie/strutture mediche private | E37: A | F37: M | G37: B | H37: B | I37: M | J37: A | K37: M | L37: B | M37: B | N37: M | O37: B | P37: B | Q37: M | R37: M | S37: M | T37: M
B38: Rilascio licenze e autorizzazioni di pubblica sicurezza | C38: Rilascio licenze e autorizzazioni di pubblica sicurezza | E38: M | F38: B | G38: B | H38: M | I38: M | J38: B | K38: B | L38: B | M38: B | N38: M | O38: B | P38: B | Q38: B | R38: M | S38: B | T38: B
B39: Rilascio di nulla osta e/o altre autorizzazione e/o licenza e/o concessione di competenza dell'Amministrazione comunale | C39: Rilascio di nulla osta e/o altre autorizzazione e/o licenza e/o concessione di competenza dell'Amministrazione comunale | E39: A | F39: A | G39: B | H39: B | I39: M | J39: B | K39: B | L39: B | M39: B | N39: M | O39: B | P39: B | Q39: B | R39: B | S39: B | T39: M
B40: Concessioni Cimiteriali | C40: Concessioni Cimiteriali | E40: M | F40: M | G40: B | I40: B | K40: B | O40: B | T40: B
B41: Assegnazione di alloggi di edilizia sociale | C41: Assegnazione di alloggi di edilizia sociale | E41: A | F41: M | G41: B | I41: B | K41: B | O41: B | T41: M
B42: Ammissione ai servizi educativi (asilo nido e scuola infanzia) | C42: Ammissione ai servizi educativi (asilo nido e scuola infanzia) | E42: A | F42: M | G42: B | I42: B | K42: B | O42: B | T42: M
A43: CONTROLLI, VERIFICHE ED ISPEZIONI | B43: Controlli ambientali | C43: Controlli ambientali | E43: A | F43: A | G43: M | H43: A | I43: M | J43: M | K43: M | L43: M | M43: A | N43: A | O43: B | P43: A | Q43: A | R43: A | S43: A | T43: M
B44: Controlli edilizi/commerciali | C44: Controlli edilizi/commerciali | E44: A | F44: A | G44: M | H44: A | I44: M | J44: M | K44: M | L44: M | M44: A | N44: A | O44: B | P44: A | Q44: A | R44: A | S44: A | T44: M
B45: Controlli cantieri | C45: Controlli cantieri | E45: A | F45: A | G45: A | H45: A | I45: M | J45: M | K45: A | L45: M | M45: A | N45: A | O45: B | P45: A | Q45: A | R45: A | S45: A | T45: M
B46: Partecipate | C46: Partecipate | E46: A | F46: A | G46: B | H46: A | I46: B | J46: M | K46: B | L46: M | M46: A | N46: A | O46: B | P46: A | Q46: A | R46: A | S46: A | T46: M
B47: VERIFICHE SICI | C47: VERIFICHE SICI | E47: A | F47: M | G47: B | H47: A | I47: B | J47: M | K47: B | L47: M | M47: A | N47: A | O47: B | P47: A | Q47: A | R47: A | S47: A | T47: M
B48: CONTROLLI | C48: CONTROLLI | E48: A | F48: M | G48: M | H48: A | I48: M | J48: M | K48: M | L48: M | M48: A | N48: A | O48: B | P48: A | Q48: A | R48: A | S48: A | T48: M
B49: AGIBILITA' | C49: AGIBILITA' | E49: A | F49: M | G49: M | H49: A | I49: M | J49: M | K49: M | L49: M | M49: A | N49: A | O49: B | P49: A | Q49: A | R49: A | S49: A | T49: M
B50: AMMISSIONI SERVIZI E BENEFICI | C50: AMMISSIONI SERVIZI E BENEFI CI | E50: A | F50: M | G50: M | H50: A | I50: M | J50: M | K50: M | L50: M | M50: A | N50: A | O50: B | P50: A | Q50: A | R50: A | S50: A | T50: M
B51: REGOLARITà DI SOGGIORNO | C51: REGOLARITà DI SOGGIORNO | E51: A | F51: M | G51: M | H51: A | I51: M | J51: M | K51: M | L51: M | M51: A | N51: A | O51: B | P51: A | Q51: A | R51: A | S51: A | T51: M
B52: CONTROLLI | C52: CONTROLLI | E52: M | F52: A | G52: M | H52: A | I52: M | J52: M | K52: M | L52: M | M52: A | N52: A | O52: B | P52: A | Q52: A | R52: A | S52: A | T52: M
B53: RECLAMI | C53: RECLAMI | E53: A | F53: M | G53: M | H53: A | I53: M | J53: M | K53: M | L53: M | M53: A | N53: A | O53: B | P53: A | Q53: A | R53: A | S53: A | T53: M
B54: PROTOCOLLO | C54: PROTOCOLLO | E54: A | F54: B | G54: B | H54: A | I54: M | J54: M | K54: B | L54: M | M54: A | N54: A | O54: B | P54: A | Q54: A | R54: A | S54: A | T54: B
B55: Notifiche | C55: Notifiche | E55: A | F55: B | G55: B | H55: A | I55: B | J55: M | K55: B | L55: M | M55: A | N55: A | O55: B | P55: A | Q55: A | R55: A | S55: A | T55: B
A56: PROCESSI AD ELEVATO RISCHIO | B56: Affidamento incarichi di collaborazione e consulenza | C56: Affidamento incarichi di collaborazione e consulenza | E56: A | F56: A | G56: B | H56: M | I56: M | J56: A | K56: B | L56: B | M56: B | N56: A | O56: B | P56: A | Q56: M | R56: A | S56: A | T56: A
B57: Partecipazione in enti terzi | C57: Partecipazione in enti terzi | E57: A | F57: A | G57: B | H57: M | I57: M | J57: M | K57: B | L57: B | M57: M | N57: A | O57: B | P57: B | Q57: M | R57: A | S57: M | T57: M
B58: Gestione dei beni patrimoniali e demaniali | C58: Utilizzo dei beni comunali | E58: M | F58: A | G58: B | H58: A | I58: M | J58: M | K58: M | L58: B | M58: A | N58: A | O58: M | P58: B | Q58: M | R58: A | S58: A | T58: M
C59: Canoni di locazione passivi e attivi | E59: M | F59: A | G59: B | H59: B | I59: M | J59: M | K59: B | L59: B | M59: M | N59: A | O59: M | P59: M | Q59: M | R59: M | S59: M | T59: M
C60: Concessione in uso e gestione di immobili comunali o aree pubbliche per lo svolgimento di specifiche attività (compresi impianti sportivi) | E60: A | F60: A | G60: B | H60: M | I60: M | J60: M | K60: B | L60: B | M60: M | N60: M | O60: M | P60: M | Q60: M | R60: M | S60: M | T60: M
B61: Provvedimenti di Spesa | C61: Provvedimenti di spesa / Pagamenti verso l'esterno | E61: A | F61: M | G61: A | H61: A | I61: M | J61: M | K61: B | L61: M | M61: A | N61: A | O61: A | P61: A | Q61: A | R61: A | S61: A | T61: A
A62: ENTRATE, SPESE E PATRIMONIO | B62: GESTIONE DELLE ENTRATE E DELLE SPESE | C62: PROGRAMMAZIONE FINANZIARIA | E62: M | F62: A | G62: B | H62: A | I62: B | J62: M | K62: B | L62: M | M62: A | N62: A | O62: B | P62: A | Q62: A | R62: A | S62: A | T62: B
C63: Spese Economali | E63: B | F63: M | G63: B | H63: A | I63: B | J63: M | K63: B | L63: M | M63: A | N63: A | O63: B | P63: A | Q63: A | R63: A | S63: A | T63: B
C64: Certificazione crediti/debiti con organismi partecipati | E64: A | F64: M | G64: B | H64: A | I64: M | J64: M | K64: B | L64: M | M64: A | N64: A | O64: B | P64: A | Q64: A | R64: A | S64: A | T64: M
B65: GESTIONE DEI BENI PATRIMONIALI E DEMANIALI | C65: Stima di valore dei beni del patrimonio mobiliare e immobiliare ai fini della sua inventariazione e/o successiva alienazione, dismissione | E65: A | F65: A | G65: B | H65: A | I65: M | J65: M | K65: B | L65: M | M65: A | N65: A | O65: B | P65: A | Q65: A | R65: A | S65: A | T65: M
C66: Valorizzazione dei beni del patrimonio mobiliare e immobiliare | E66: A | F66: M | G66: B | H66: A | I66: M | J66: M | K66: B | L66: M | M66: A | N66: A | O66: B | P66: A | Q66: A | R66: A | S66: A | T66: M
C67: Utilizzo beni comunali | E67: A | F67: A | G67: B | H67: A | I67: M | J67: M | K67: B | L67: M | M67: A | N67: A | O67: B | P67: A | Q67: A | R67: A | S67: A | T67: M
C68: Concessione in uso e gestione di immobili comunali o aree pubbliche per lo svolgimento di specifiche attività (compresi impianti sportivi) | E68: A | F68: M | G68: M | H68: A | I68: M | J68: M | K68: M | L68: M | M68: A | N68: A | O68: B | P68: A | Q68: A | R68: A | S68: A | T68: M
C69: Alienazione di beni immobili e costituzione diritti reali minori su di essi | E69: A | F69: A | G69: B | H69: A | I69: M | J69: M | K69: B | L69: M | M69: A | N69: A | O69: B | P69: A | Q69: A | R69: A | S69: A | T69: M
C70: Canoni di locazione passivi e attivi | E70: A | F70: M | G70: B | H70: A | I70: M | J70: M | K70: B | L70: M | M70: A | N70: A | O70: B | P70: A | Q70: A | R70: A | S70: A | T70: M
C71: Entrate da Servizi cimiteriali | E71: A | F71: M | G71: M | H71: A | I71: M | J71: M | K71: B | L71: M | M71: A | N71: A | O71: B | P71: A | Q71: A | R71: A | S71: A | T71: M
A72: GESTIONE DEL TERRITORIO | B72: PIANIFICAZIONE COMUNALE GENERALE | C72: VARIANTI URBANISTICHE | E72: A | F72: A | G72: B | H72: A | I72: M | J72: M | K72: A | L72: M | M72: A | N72: A | O72: B | P72: A | Q72: A | R72: A | S72: A | T72: A
C73: REDAZIONE DEL PIANO (PS/POC/PIANI DI SETTORE ) | E73: A | F73: A | G73: B | H73: A | I73: M | J73: M | K73: A | L73: M | M73: A | N73: A | O73: B | P73: A | Q73: A | R73: A | S73: A | T73: A
C74: PUBBLICAZIONE DEL PIANO (PS/POC/PIANI DI SETTORE) | E74: M | F74: M | G74: B | H74: A | I74: M | J74: M | K74: B | L74: M | M74: A | N74: A | O74: B | P74: A | Q74: A | R74: A | S74: A | T74: B
C75: ACQUISIZIONE OSSERVAZIONI E CONTRODEDUZIONI | E75: A | F75: A | G75: M | H75: A | I75: B | J75: M | K75: B | L75: M | M75: A | N75: A | O75: B | P75: A | Q75: A | R75: A | S75: A | T75: M
C76: APPROVAZIONE DEL PIANO (PS/POC/PIANI DI SETTORE ) | E76: A | F76: B | G76: A | H76: A | I76: B | J76: M | K76: B | L76: M | M76: A | N76: A | O76: B | P76: A | Q76: A | R76: A | S76: A | T76: M
B77: PIANIFICAZIONE ATTUATIVA | C77: PIANI ATTUATIVI DI INIZIATIVA PRIVATA (convenzione per la realizzazione di opere di urbanizzazione primaria e secondaria e per la cessione delle are | E77: A | F77: M | G77: B | H77: A | I77: M | J77: M | K77: M | L77: M | M77: A | N77: A | O77: B | P77: A | Q77: A | R77: A | S77: A | T77: M
C78: PIANI ATTUATIVI DI INIZIATIVA PUBBLICA | E78: A | F78: B | G78: B | H78: A | I78: M | J78: M | K78: B | L78: M | M78: A | N78: A | O78: B | P78: A | Q78: A | R78: A | S78: A | T78: B
C79: CONVENZIONE URBANISTICA: CALCOLO ONERI URBANIZZAZIONE | E79: A | F79: M | G79: B | H79: A | I79: M | J79: M | K79: B | L79: M | M79: A | N79: A | O79: B | P79: A | Q79: A | R79: A | S79: A | T79: M
C80: CONVENZIONE URBANISTICA: INDIVIDUAZIONE OPERE DI URBANIZZAZION | E80: A | F80: B | G80: B | H80: A | I80: M | J80: M | K80: B | L80: M | M80: A | N80: A | O80: B | P80: A | Q80: A | R80: A | S80: A | T80: M
C81: CONVENZIONE URBANISTICA – CESSIONE AREE PER OPERE DI URBANIZZAZIONE | E81: A | F81: B | G81: B | H81: A | I81: M | J81: M | K81: B | L81: M | M81: A | N81: A | O81: B | P81: A | Q81: A | R81: A | S81: A | T81: M
C82: CONVENZIONE URBANISTICA – MONETIZZAZIONE AREE STANDARD | E82: A | F82: B | G82: M | H82: A | I82: M | J82: M | K82: B | L82: M | M82: A | N82: A | O82: B | P82: A | Q82: A | R82: A | S82: A | T82: M
C83: ADOZIONE / APPROVAZIONE DEL PIANO ATTUATIVO | E83: A | F83: B | G83: M | H83: A | I83: M | J83: M | K83: B | L83: M | M83: A | N83: A | O83: B | P83: A | Q83: A | R83: A | S83: A | T83: M

Sheet Misure Generali
A1: PROGRAMMAZIONE E MONITORAGGIO MISURE GENERALI
A2: MISURA GENERALE | B2: STATO DI ATTUAZIONE al 31.12.2025 ALERT---> indicare se la misura è ATTUATA, NON ATTUATA, IN ATTUAZIONE | C2: FASI E TEMPI DI ATTUAZIONE | D2: INDICATORI DI ATTUAZIONE | E2: SOGGETTO RESPONSABILE | F2: MONITORAGGIO SUL TRIENNIO | G2: FREQUENZA DEL MONITORAGGIO ALERT ---> Il monitoraggio delle misure generali va fatto su tutte le misure concentrando l’attenzione prioritariamente su quelle misure rispetto alle quali sono emerse criticità dalla relazione annuale RPCT (cfr. PNA 2022, § 10.2.1.) | H2: Opzioni per il MONITORAGGIO | I2: NOTE ALERT ---> RIPORTARE CRITICITà O DIFFICOLTà RISCONTRATE NELL'ATTUAZIONE E LE INIZIATIVE CHE SI INTENDONO ASSUMERE PER SUPERARLE
A3: Codice di comportamento | B3: ATTUATA | C3: Adozione/Aggiornamento del Codice di comportamento alla luce del d.P.R. n. 62/2013 e delle Linee guida A.N.AC. | D3: Approvazione del Codice di comportamento | E3: RPCT/SG/RESPONSABILI | F3: ogni anno | G3: Annuale | H3: Approvato Non Approvato | I3: (Il campo da compilare è libero e si apre in caso di flag dell'opzione "Non approvato")
B4: ATTUATA | C4: Relazione all'organo di indirizzo ed al vertice amministrativo in merito alle eventuali violazioni del codice rilevate e/o segnalate | D4: N. violazioni rilevate e/o segnalate | E4: ALERT--->SELEZIONARE UNA O Più OPZIONI | F4: ogni anno | G4: Annuale | H4: 0 1 >1 | I4: (Il campo da compilare è libero e si apre in caso di flag delle opzioni 1 e >1)
B5: ATTUATA | C5: Consegna di copia del Codice di comportamento al personale neo assunto | D5: N. di personale al quale è stata consegnata copia del Codice/totale personale neo assunto | F5: ogni anno | G5: Annuale | H5: 80%-100% <80% | I5: (Il campo da compilare è libero e si apre in caso di flag dell'opzione "<80%")
A6: Autorizzazioni incarichi extra-istituzionali | B6: ATTUATA | C6: Adozione/Aggiornamento regolamento o altro atto interno di disciplina | D6: Approvazione del regolamento o altro atto interno | E6: RPCT/SG/RESPONSABILI | F6: ogni anno | G6: Annuale | H6: Approvato Non Approvato | I6: (Il campo da compilare è libero e si apre in caso di flag dell'opzione "Non approvato")
B7: ATTUATA | C7: Rilascio delle autorizzazioni | D7: Numero di autorizzazioni richieste/numero autorizzazioni rilasciate | F7: ogni anno | G7: Annuale | H7: 80%-100% <80% | I7: (Il campo da compilare è libero e si apre in caso di flag dell'opzione "<80%")
B8: ATTUATA | C8: Relazione all'organo di indirizzo ed al vertice amministrativo in merito a eventuali incarichi svolti in assenza di autorizzazione | D8: Numero di violazioni rilevate e/o segnalate | F8: ogni anno | G8: Annuale | H8: 0 1 >1 | I8: (Il campo da compilare è libero e si apre in caso di flag delle opzioni 1 e >1)
A9: Conflitti d'interesse | B9: ATTUATA | C9: Acquisizione e verifica delle dichiarazioni di assenza di conflitti d'interesse rese dal personale neo assunto o assegnato a un nuovo incarico ovvero rilasciate da consulenti e collaboratori | D9: Numero di dichiarazioni verificate su numero di personale neo assunto e assegnato a un nuovo incarico | E9: RPCT/SG/RESPONSABILI | F9: ogni anno | G9: Annuale | H9: 80%-100% <80% | I9: (Il campo da compilare è libero e si apre in caso di flag dell'opzione "<80%")
B10: ATTUATA | C10: Acquisizione e verifica delle dichiarazioni di assenza di conflitti d'interesse rese dal personale o da consulenti e collaboratori in caso di sopravvenienze | D10: Numero di dichiarazioni acquisite su numero di dichiarazioni verificate | F10: ogni anno | G10: Annuale | H10: 80%-100% <80% | I10: (Il campo da compilare è libero e si apre in caso di flag dell'opzione "<80%")
B11: ATTUATA | C11: Attestazioni di assenza di situazioni di conflitto d'interesse nel corpo del provvedimento amministrativo | D11: Numero di attestazioni su numero di provvedimenti adottati | F11: ogni anno | G11: Annuale | H11: 80%-100% <80% | I11: (Il campo da compilare è libero e si apre in caso di flag dell'opzione "<100%")
A12: Formazione | B12: ATTUATA | C12: Svolgimento dei corsi di formazione | D12: N. di corsi svolti | E12: RPCT/SG/RESPONSABILI | F12: ogni anno | G12: Annuale | H12: 0 1 >1 | I12: (Il campo da compilare è libero e si apre in caso di flag dell'opzione 0)
A13: Whistleblower | B13: ATTUATA | C13: Meccanismi idonei per garantire anonimato e tutle dei segnalanti | D13: Adozione di meccanismi idonei a garantire la tutela dei whistleblowers | E13: RPCT/SG/RESPONSABILE RISORSE UMANE/ALTRO | F13: ogni anno | G13: Annuale | H13: Approvato Non Approvato | I13: (Il campo da compilare è libero e si apre in caso di flag dell'opzione "Non adottati")
B14: IN FASE DI ATTUAZIONE | C14: Acquisizione e trattazione delle segnalazioni | D14: N. di segnalazioni pervenute su n. di segnalazioni trattate | F14: ogni anno | G14: Annuale | H14: 80%-100% <80% | I14: (Il campo da compilare è libero e si apre in caso di flag dell'opzione "<80%")
A15: Misure alternative alla rotazione | B15: ATTUATA | C15: Condivisione delle fasi procedimentali | D15: Numero di procedimenti condivisi/sul totale | E15: RPCT/SG/RESPONSABILI | F15: ogni anno | G15: Annuale | H15: 80%-100% <80% | I15: (Il campo da compilare è libero e si apre in caso di flag dell'opzione "<80%")
B16: ATTUATA | C16: Rotazione funzionale all'interno del medesimo ufficio | D16: Numero di funzioni ruotate/sul totale | G16: Annuale | H16: 80%-100% <80% | I16: (Il campo da compilare è libero e si apre in caso di flag dell'opzione "<80%")
B17: ATTUATA | C17: "Doppia sottoscrizione” degli atti | D17: Numero di atti con doppia sottoscrizione/sul totale | G17: Annuale | H17: 80%-100% <80% | I17: (Il campo da compilare è libero e si apre in caso di flag dell'opzione "<80%")
A18: Inconferibilità/incompatibilità (SG e EQ) | B18: ATTUATA | C18: Acquisizione delle dichiarazioni sull'insussistenza di situazioni di inconferibilità | D18: n. di dichiarazioni acquisite/sul totate delle funzioni dirigenziali attribuite | E18: RPCT/SG/ | F18: ogni anno | G18: Annuale | H18: 80%-100% <80% | I18: (Il campo da compilare è libero e si apre in caso di flag dell'opzione "<80%")
B19: ATTUATA | C19: Acquisizione delle dichiarazioni sull'insussistenza di situazioni di incompatibilità | D19: n. di dichiarazioni acquisite/sul totate dei soggetti con funzioni dirigenziali | F19: ogni anno | G19: Annuale | H19: 80%-100% <80%
B20: ATTUATA | C20: Verifica dei precedenti penali | D20: n. di soggetti per i quali sono stati acquisiti i certificati del casellario giudiziale | F20: ogni anno | G20: Annuale | H20: 0 1 >1 | I20: (Il campo da compilare è libero e si apre in caso di flag dell'opzione 0)
A21: Divieto di pantouflage (art. 53, comma 16 ter, d.lgs. n. 165/2001) | B21: ATTUATA | C21: Acquisizione delle dichiarazioni di pantouflage rese dal personale cessato dal servizio nel corso dell’anno | D21: Numero di dichiarazioni acquisite sul numero di dipendenti cessati dal servizio | E21: RPCT/SG/RESPONSABILE RISORSE UMANE/ALTRO | F21: ogni anno | G21: Annuale | H21: 80%-100% <80% | I21: (Il campo da compilare è libero e si apre in caso di flag dell'opzione "<80%")
A22: Patti di integrità | B22: ATTUATA | C22: Adozione/aggiornamento di uno schema standard di patto d'integrità | D22: Approvazione dello schema | E22: RPCT/SG/RESPONSABILE RISORSE UMANE/ALTRO | F22: ogni anno | G22: Annuale | H22: Approvato Non Approvato | I22: (Il campo da compilare è libero e si apre in caso di flag dell'opzione "Non approvato")
B23: ATTUATA | C23: Applicazione dei patti d'integrità a tutte le procedure di gara | D23: N. di patti d'integrità sottoscritti su n. partecipanti alle procedure di gara | E23: RPCT/SG/RESPONSABILI | F23: ogni anno | G23: Annuale | H23: 80%-100% <80% | I23: (Il campo da compilare è libero e si apre in caso di flag dell'opzione "<80%")
A24: RASA | B24: ATTUATA | C24: Verifica periodica dei dati inseriti in AUSA | D24: Inserimento/aggiornamento dei dati in AUSA | E24: RESPONSABILE | F24: ogni anno | G24: Annuale | H24: Sì No | I24: (Il campo da compilare è libero e si apre in caso di flag dell'opzione "No")
A25: Commissioni di gara e di concorso | B25: ATTUATA | C25: Acquisizione di una dichiarazione attestante l'insussistenza delle condizioni indicate dall'art. 35 bis d.lgs. N. 165/2001 all'atto del conferimento dell'incarico | D25: numero di dichiarazioni verificate/numero di incarichi conferiti soggetti all'art. 35 bis d.lgs. N. 165/2001 | F25: ogni anno | G25: Annuale | H25: 80%-100% <80% | I25: (Il campo da compilare è libero e si apre in caso di flag dell'opzione "<80%")
E26: RPCT/SG/RESPONSABILI
A27: Monitoraggio dei tempi procedimentali. | B27: ATTUATA | C27: Aggiornamento della mappatura dei procedimenti in caso di modifiche organizzative e funzionali | D27: Approvazione delle nuova mappatura dall'organo titolare di indirizzo politico | E27: RPCT/SG/RESPONSABILI | F27: ogni anno | G27: Annuale | H27: Approvato Non Approvato | I27: (Il campo da compilare è libero e si apre in caso di flag dell'opzione "Non approvato")
B28: ATTUATA | C28: Misurazione dei tempi effettivi di conclusione dei procedimenti amministrativi di maggiore impatto per i cittadini e per le imprese, comparati con i termini previsti dalla normativa vigente | D28: Misurazione/Pubblicazione dei tempi effettivi di conclusione dei procedimenti | E28: RPCT/SG/RESPONSABILI | F28: ogni anno | G28: Annuale | H28: Sì No | I28: (Il campo da compilare è libero e si apre in caso di flag dell'opzione "No")
A29: Rotazione straordinaria | B29: ATTUATA | C29: Adozione - al momento del procedimento penale - di provvedimento, adeguatamente motivato, di valutazione della condotta del dipendente, ai fini dell’eventuale applicazione della misura | D29: Valutazione svolta per ogni avvio di procedimento penale del dipendente per i reati presupposto indicati dalla norma | E29: RPCT/SG/RESPONSABILI | F29: ogni anno | G29: Annuale | H29: Sì No | I29: (Il campo da compilare è libero e si apre in caso di flag dell'opzione "No")
B30: ATTUATA | C30: Previsione nel codice di comportamento dell’obbligo per i dipendenti di comunicare all’amministrazione la sussistenza nei propri confronti di provvedimenti di rinvio a giudizio | D30: inserimento della previsione nel codice di comportamento | F30: ogni anno | G30: Annuale | H30: Sì No | I30: (Il campo da compilare è libero e si apre in caso di flag dell'opzione "No")

Sheet CONTRATTI PUBBLICI
A1: Mappatura del Rischio - Area dei Contratti Pubblici
A2: Mappatura PROCESSI - ATTIVITA' | C2: REGISTRO RISCHI: Identificazione, analisi e valutazione del rischio corruttivo | E2: Trattamento del Rischio | K2: Monitoraggio
A3: PROCESSI | B3: ATTIVITA' | C3: EVENTI RISCHIOSI | D3: VALUTAZIONE COMPLESSIVA DEL RISCHIO | E3: MISURE SPECIFICHE IN ESSERE | F3: MISURE SPECIFICHE DA ATTUARE | G3: TEMPI DI ATTUAZIONE | H3: INDICATORI DI ATTUAZIONE | I3: TARGET | J3: SOGGETTO RESPONSABILE DELLA MISURA | K3: PROGRAMMAZIONE DEL MONITORAGGIO V. § 5.1 e § 5.2 del PNA 2022. | L3: FREQUENZA DEL MONITORAGGIO V. § 5.1 e § 5.2 del PNA 2022. | M3: MONITORAGGIO (STATO di ATTUAZIONE MISURE) | N3: NOTE in caso di criticità nel monitoraggio
A4: PROGRAMMAZIONE | B4: INDIVIDUAZIONE DEL FABBISOGNO | C4: 1. Alterazioni nella definizione dei fabbisogni per premiare interessi particolari 2. Alterazioni nella definizione dei fabbisogni al fine di configurare motivi a sostegno di affidamenti diretti / procedure negoziate 3. Possibile alterazione dei valori stimati per gli affidamenti, con conseguente frazionamento, al fine di non superare le soglie di cui all'art. 14 del dl.vo 36/2023 o del valore stimato e/o frazionamento della concessione effettuata con l’intenzione di escludere tale concessione dall’ambito di applicazione del codice. | D4: ='Valutaz Rischio ENTE'!T6 -> M | E4: Audit interni su fabbisogno e/o adozione di procedure tracciate per la rilevazione dei fabbisogni (evento 1 e 2) | G4: ANNUALE | H4: n. di unità organizzative invitate al confronto/totale delle unità organizzative presenti | I4: >80 | J4: Tutti i Responsabili | K4: OGNI ANNO | L4: ANNUALE | M4: In alternativa: a) tra 80 e 100 % b) tra 50 e 80% c) tra 0 e 50% | N4: In caso di opzione B e C illustrare le criticità riscontrate e come si intende risolverle
D5: ='Valutaz Rischio ENTE'!T6 -> M | E5: Condivisione delle scelte di approvvigionamento con procedura formale (evento 1, 2, 3) | G5: ANNUALE | H5: n. di atti corredati dalla motivazione/totale atti adottati | I5: >80 | J5: Tutti i Responsabili | K5: OGNI ANNO | L5: ANNUALE | M5: In alternativa: a) tra 80 e 100 % b) tra 50 e 80% c) tra 0 e 50% | N5: In caso di opzione B e C illustrare le criticità riscontrate e come si intende risolverle
D6: ='Valutaz Rischio ENTE'!T6 -> M | E6: Predeterminazione dei criteri di priorità nell'individuazione dei fabbisogni (evento 1 e 2) | G6: ANNUALE | H6: Presenza di criteri predeterminati (si/no) | I6: Sì | J6: Tutti i Responsabili | K6: OGNI ANNO | L6: ANNUALE | M6: In alternativa: a) si b) no | N6: In caso di opzione B illustrare le criticità riscontrate e come si intende risolverle
D7: ='Valutaz Rischio ENTE'!T6 -> M | E7: Obbligo di documentare il calcolo del valore stimato del contratto ovvero della concessione da affidare (evento 3) | G7: ANNUALE | H7: n. di atti corredati dalla motivazione/totale atti adottati | I7: >80 | J7: Tutti i Responsabili | K7: OGNI ANNO | L7: ANNUALE | M7: In alternativa: a) tra 80 e 100 % b) tra 50 e 80% c) tra 0 e 50% | N7: In caso di opzione B e C illustrare le criticità riscontrate e come si intende risolverle
D8: ='Valutaz Rischio ENTE'!T10 -> M | E8: Programmazione annuale degli affidamenti diretti (eventi 1,2,3) | G8: ENTRO IL 31 GENNAIO DI OGNI ANNO | H8: Adozione di un programma annuale degli affidamenti diretti (SI/NO) | I8: Sì | J8: Tutti i Responsabili | K8: OGNI ANNO | L8: ANNUALE | M8: In alternativa: a) si b) no | N8: In caso di opzione B illustrare le criticità riscontrate e come si intende risolverle
A9: PROGETTAZIONE | B9: PREDISPOSIZIONE DEGLI ATTI DI GARA Modalità di acquisizone | C9: 1. Scelta della strategia di acquisizione in elusione delle regole di affidamento del contratto (ad esempio, concessione in luogo di appalto o procedure negoziate e affidamenti diretti tesi a selezionare uno specifico operatore, scelte tecniche finalizzate a restringere la concorrenza) 2. Artificioso allungamento dei tempi di progettazione della gara al fine di creare la condizione di urgenza . 3. Affidamenti diretti per estrema urgenza in mancanza dei presupposti di legge (Ad esempio quando l’estrema urgenza non deriva da eventi imprevedibili ed è invece imputabile alla stazione appaltante). 4. Rivelazione di informazioni riservate, tese a favorire operatori economici, in fase anticipata alla pubblicazione dei documenti di gara. 5.Gestione del conflitto di interessi in fase di progettazione dell'affidamento | D9: ='Valutaz Rischio ENTE'!T7 -> M | E9: Obbligo di motivazione sulla scelta del sistema di affidamento (in particolare in caso di affidamenti diretti per estrema urgenza) (evento 1, 2, 3) | G9: in occasione di ogni procedura | H9: n. di atti corredati dalla motivazione/totale atti adottati | I9: >80 | J9: RUP | K9: OGNI ANNO | L9: ANNUALE | M9: In alternativa: a) tra 80 e 100 % b) tra 50 e 80% c) tra 0 e 50% | N9: In caso di opzione B e C illustrare le criticità riscontrate e come si intende risolverle
D10: ='Valutaz Rischio ENTE'!T7 -> M | E10: Controllo periodico e monitoraggio dei tempi programmati anche mediante sistemi di controllo interno di gestione in ordine alle future scadenze contrattuali (evento 2, 3) | G10: ogni semestre | H10: n. contratti oggetto di monitoraggio/n. contratti in esecuzione | I10: >80 | J10: RUP | K10: OGNI ANNO | L10: ANNUALE | M10: In alternativa: a) tra 80 e 100 % b) tra 50 e 80% c) tra 0 e 50% | N10: In caso di opzione B e C illustrare le criticità riscontrate e come si intende risolverle
D11: ='Valutaz Rischio ENTE'!T7 -> M | E11: Sottoscrizione da parte dei soggetti coinvolti nella redazione della documentazione di gara di una dichiarazione di riservatezza sulla non divulgazione di informazioni inerenti la procedura (evento 4, 5) | G11: al momento dell'assegnazione del funzionario all'ufficio gare o all'ufficio diverso dall'ufficio gare che predispone la documentazione | H11: n. di dichiarazioni sulla riservatezza rilasciate/totale dei soggetti coinvolti nella redazione della documentazione di gara | I11: >80 | J11: RUP | K11: OGNI ANNO | L11: ANNUALE | M11: In alternativa: a) tra 80 e 100 % b) tra 50 e 80% c) tra 0 e 50% | N11: In caso di opzione B e C illustrare le criticità riscontrate e come si intende risolverle
D12: ='Valutaz Rischio ENTE'!T7 -> M | E12: Acquisizione dichiarazioni dei soggetti incaricatio della progettazione circa i rapporti di assiduità con operatori del settore di riferiferimento dell'affidamento. (evento 4, 5) | G12: al momento dell'assegnazione del funzionario all'ufficio gare o all'ufficio diverso dall'ufficio gare che predispone la documentazione | H12: n. dichiarazioni rilasciate/n. soggetti incaricati della progettazione | I12: >80 | J12: RUP | K12: OGNI ANNO | L12: ANNUALE | M12: In alternativa: a) tra 80 e 100 % b) tra 50 e 80% c) tra 0 e 50% | N12: In caso di opzione B e C illustrare le criticità riscontrate e come si intende risolverle
B13: PREDISPOSIZIONE DEGLI ATTI DI GARA Rinnovi | C13: 1. Ricorso a proroghe e rinnovi non consentiti e/o in assenza dei presupposti. 2. Ricorso a rinnovo tacito, ovvero il rinnovo effettuato senza emanazione di un provvedimento espresso, inammissibile nel nostro ordinamento 3. Ricorso a proroghe della concessione non giustificate e al di fuori dei casi in cui è consentita nei documenti di gara e per legge (art. 178 d.lgs. 36/2023) | D13: ='Valutaz Rischio ENTE'!T8 -> A | E13: Monitoraggio periodico delle scadenze contrattuali, con previsione di comunicazioni periodiche al RPCT (eventi 1,2,3) | G13: semestrale | H13: 1. n. di contratti oggetto di monitoraggio/n. di contratti in esecuzione | I13: >80 | J13: RUP | K13: OGNI ANNO | L13: ANNUALE | M13: In alternativa: a) tra 80 e 100 % b) tra 50 e 80% c) tra 0 e 50% | N13: In caso di opzione B e C illustrare le criticità riscontrate e come si intende risolverle
D14: ='Valutaz Rischio ENTE'!T8 -> A | E14: Espressa previsione dell'opzione di rinnovo nei documenti di gara con conseguente calcolo dell'importo a base di gara del contratto che comprenda anche il rinnovo (eventi 1,2) | G14: in occasione di ogni procedura | H14: n. di contratti recante l'opzione di rinnovo/totale contratti stipulati | I14: >80 | J14: RUP | K14: OGNI ANNO | L14: ANNUALE | M14: In alternativa: a) tra 80 e 100 % b) tra 50 e 80% c) tra 0 e 50% | N14: In caso di opzione B e C illustrare le criticità riscontrate e come si intende risolverle
D15: ='Valutaz Rischio ENTE'!T8 -> A | E15: Verifiche sulla esistenza di una adeguata motivazione per il ricorso a proroghe della concessione e sul rispetto dei presupposti di legge (evento 3) | G15: in occasione di ogni procedura | H15: verifiche sul rispetto dei presupposti di legge (si/no) | I15: Sì | J15: RUP | K15: OGNI ANNO | L15: ANNUALE | M15: In alternativa: a) si b) no | N15: In caso di opzione B illustrare le criticità riscontrate e come si intende risolverle
B16: PREDISPOSIZIONE DEGLI ATTI DI GARA Criteri di aggiudicazione | C16: 1. Fissazione di criteri di aggiudicazione da parte dell’ente concedente non pertinenti o inidonei all'oggetto della concessione. 2. Fissazione di requisiti discriminatori e sproporzionati all'oggetto della concessione e non correlati alla necessità di garantire la capacità del concessionario di eseguire la concessione. | D16: ='Valutaz Rischio ENTE'!T9 -> M | E16: Controlli incrociati a campione da parte di RUP e RPCT sui criteri fissati nella determina a contrarre, nel bando o atto equivalente | G16: a campione | H16: n. controlli sui criteri/n. procedure svolte | I16: >80 | J16: RUP | K16: OGNI ANNO | L16: ANNUALE | M16: In alternativa: a) tra 80 e 100 % b) tra 50 e 80% c) tra 0 e 50% | N16: In caso di opzione B e C illustrare le criticità riscontrate e come si intende risolverle
B17: PREDISPOSIZIONE DEGLI ATTI DI GARA Project financing | C17: Nel Project financing, disposizioni del bando che limitano la presentazione di offerte concorrenziali ulteriori rispetto a quella del promotoree con conseguente radicarsi di una posizione di monopolio di quest'ultimo (art. 183, comma 15 dlgs 36.2023) (CFr. Comunicato ANAC del 12 gennaio 2022) | D17: ='Valutaz Rischio ENTE'!T9 -> M | E17: 1. Valutazione circa l'introduzione di migliorie al progetto presentato dal promotore, da valutare con il criterio di aggiudicazione dell'OEV in modo da garantire maggiore competitività tra gli operatori | G17: in occasione di ogni procedura | H17: 1. migliorie apportate al progetto (si/no) | I17: Sì | J17: RUP | K17: OGNI ANNO | L17: ANNUALE | M17: In alternativa: a) si b) no | N17: In caso di opzione B illustrare le criticità riscontrate e come si intende risolverle
D18: ='Valutaz Rischio ENTE'!T10 -> M | E18: 2. Verifica dell'assolvimento degli obblighi di pubblicazione da parte del RPCT. | G18: in occasione di ogni procedura | H18: 2. verifiche svolte sull'assolvimento obblighi trasparenza (si/no) | I18: Sì | J18: RUP | K18: OGNI ANNO | L18: ANNUALE | M18: In alternativa: a) si b) no | N18: In caso di opzione B illustrare le criticità riscontrate e come si intende risolverle
B19: SELEZIONE DEL CONTRAENTE | C19: 1. Limitazione della concorrenza e agevolazione di determinati concorrenti mediante richiesta di requisiti di partecipazione o di requisiti tecnico-economici non giustificati e adeguati (es. clausole dei bandi che stabiliscono requisiti di qualificazione - cfr. Delibera ANAC n. 1142/2018). 2. Affidamenti diretti “per assenza di concorrenza per motivi tecnici” (da intendersi come esistenza nel mercato di un unico operatore economico grado di fornire la prestazione di cui la SA ha bisogno) svolti in mancanza dei presupposti 3. Predisposizione di clausole contrattuali dal contenuto vago o vessatorio per disincentivare la partecipazione alla gara ovvero per consentire modifiche in fase di esecuzione 4. Formulazione nel capitolato di criteri di valutazione dell'offerta tecnica ed economica tesa ad avvantaggiare un fornitore, ad esempio il fornitore uscente per il configurarsi di asimmetrie informative 5. Irregolarità commesse da CUC o altri enti terzi che affidano appalti e concessioni per conto dell'amministrazione | D19: ='Valutaz Rischio ENTE'!$T$9 -> M | E19: 1. Obbligo di motivazione negli atti di gara sui requisiti richiesti per la partecipazione alla gara / per l'esecuzione dell'appalto /criteri di valutazione e attribuzione di punteggi, con particolare riferimento alle ipotesi di affidamenti diretti "per assenza di concorrenza per motivi tecnici", anche attraverso la previa consultazione del mercato di riferimento, con verifica che tale assenza non sia frutto di limitazioni artificiose dei parametri dell’appalto, ovvero di errate interpretazioni della norma. (eventi 1,2,3,4) | G19: in occasione di ogni procedura | H19: 1. n. di atti corredati dalla motivazione/totale atti adottati | I19: >80 | J19: RUP | K19: OGNI ANNO | L19: ANNUALE | M19: In alternativa: a) tra 80 e 100 % b) tra 50 e 80% c) tra 0 e 50% | N19: In caso di opzione B e C illustrare le criticità riscontrate e come si intende risolverle
D20: ='Valutaz Rischio ENTE'!$T$9 -> M | E20: 2. Verifica in ordine agli atti di gara predisposti dall'ente terzo. (Evento 5) | G20: in occasione di ogni procedura | H20: 2. % atti di gara esaminati | I20: >80 | J20: RUP | K20: OGNI ANNO | L20: ANNUALE | M20: In alternativa: a) tra 80 e 100 % b) tra 50 e 80% c) tra 0 e 50% | N20: In caso di opzione B e C illustrare le criticità riscontrate e come si intende risolverle
A21: AFFIDAMENTO DI LAVORI, SERVIZI E FORNITURE | C21: Valutazione errata della congruità dell'offerta cause riconducibili, a mero titolo esemplificativo, a: - utilizzo di metodi impropri per l'attribuzione dei punteggi; - applicazione distorta dei suddetti criteri. | D21: ='Valutaz Rischio ENTE'!$T$11 -> M | E21: tracciabilità della motivazione nei verbali della commissione o dell'organo incaricato della valutazione dell'offerta. | G21: in occasione di ogni procedura | H21: n. di verbali corredati dalla motivazione/totale verbali redatti | I21: >80 | J21: RUP | K21: OGNI ANNO | L21: ANNUALE | M21: In alternativa: a) tra 80 e 100 % b) tra 50 e 80% c) tra 0 e 50% | N21: In caso di opzione B e C illustrare le criticità riscontrate e come si intende risolverle
C22: Mancata esclusione delle offerte anomale nelle ipotesi disciplinate dal'art. 54 dlgs. 36/2023 | D22: ='Valutaz Rischio ENTE'!$T$11 -> M | E22: tracciabilità della stima della soglia di anomalia nei verbali della commissione o dell'organo incaricato della valutazione dell'offerta. | G22: in occasione di ogni procedura | H22: n. di verbali contenenti la stima della soglia di anomalia/totale verbali redatti | I22: >80 | J22: RUP | K22: OGNI ANNO | L22: ANNUALE | M22: In alternativa: a) tra 80 e 100 % b) tra 50 e 80% c) tra 0 e 50% | N22: In caso di opzione B e C illustrare le criticità riscontrate e come si intende risolverle
C23: Irregolarità commesse da CUC o altri enti terzi che affidano appalti e concessioni per conto dell'amministrazione | D23: ='Valutaz Rischio ENTE'!$T$11 -> M | E23: esame dei verbali redatti dalla commissione di gara | G23: in occasione di ogni procedura | H23: % verbali esaminati | I23: >80 | J23: RUP | K23: OGNI ANNO | L23: ANNUALE | M23: In alternativa: a) tra 80 e 100 % b) tra 50 e 80% c) tra 0 e 50% | N23: In caso di opzione B e C illustrare le criticità riscontrate e come si intende risolverle
C24: Erronea gestione delle offerte anormalmente basse nelle ipotesi di cui all'art. 110 dlgs. 36/2023 | D24: ='Valutaz Rischio ENTE'!$T$11 -> M | E24: tracciabilità della valutazione delle giustificazioni (nei casi previsti) dell'offerta anomala con riferimento agli elementi specifici indicati nei documenti di gara. | G24: in occasione di ogni procedura | H24: Presenza della motivazione (si/no) | I24: Sì | J24: RUP | K24: OGNI ANNO | L24: ANNUALE | M24: In alternativa: a) si b) no | N24: In caso di opzione B illustrare le criticità riscontrate e come si intende risolverle
C25: Carenza in organico nei comuni con popolazione inferiore a cinquemila abitanti di figure idonee a ricoprire le funzioni di RUP o di responsabile di Area tecnica e affidamento di tali funzioni a titolari di incarichi politici ai sensi dell'art. 53, co. 23 l. 388/2000 (Delibera ANAC n.291/2023) | D25: ='Valutaz Rischio ENTE'!$T$11 -> M | E25: 1. Previsione della doppia firma sull’atto di aggiudicazione di un contratto pubblico nelle ipotesi in cui Sindaco o componente di Giunta svolga le funzioni di responsabile di ufficio Tecnico o RUP e ravvisi di trovarsi in una situazione di conflitto di interessi con riferimento a una specifica procedura | G25: in occasione di ogni procedura | H25: 1. n. di contratti con doppia firma/contratti siglati | I25: >80 | J25: RUP | K25: OGNI ANNO | L25: ANNUALE | M25: In alternativa: a) tra 80 e 100 % b) tra 50 e 80% c) tra 0 e 50% | N25: In caso di opzione B e C illustrare le criticità riscontrate e come si intende risolverle
D26: ='Valutaz Rischio ENTE'!$T$11 -> M | E26: 2. Rilascio di dichiarazione per ogni singola gara da parte del Sindaco o componente di Giunta nelle ipotesi in cui svolga le funzioni di responsabile di ufficio Tecnico o RUP | G26: in occasione di ogni procedura | H26: 2. n. dichiarazioni rilasciate/n. incarichi tecnici affidati a componenti organo d'indirizzo politico | I26: >80 | J26: RUP | K26: OGNI ANNO | L26: ANNUALE | M26: In alternativa: a) tra 80 e 100 % b) tra 50 e 80% c) tra 0 e 50% | N26: In caso di opzione B e C illustrare le criticità riscontrate e come si intende risolverle
D27: ='Valutaz Rischio ENTE'!$T$11 -> M | E27: 3. Rotazione tra i componenti della medesima Giunta dell'incarico di RUP | G27: in occasione di ogni procedura | H27: Applicazione della rotazione (si/no) | I27: Sì | J27: RUP | K27: OGNI ANNO | L27: ANNUALE | M27: In alternativa: a) si b) no | N27: In caso di opzione B illustrare le criticità riscontrate e come si intende risolverle
C28: Impossibilità di rotare il responsabile di Area tecnica per carenza in organico di altra figura idonea a ricoprire tali posizione | D28: ='Valutaz Rischio ENTE'!$T$11 -> M | E28: Condivisione delle informazioni relative allo stato della procedura con tutto il personale assegnato all'area tecnica nell'ambito di riunioni periodiche da calendarizzare preventivamente | G28: 1. in occasione di ogni procedura | H28: 1. n. di riunioni svolte/tiotale riunioni calendarizzate | I28: >80 | J28: RUP | K28: OGNI ANNO | L28: ANNUALE | M28: In alternativa: a) tra 80 e 100 % b) tra 50 e 80% c) tra 0 e 50% | N28: In caso di opzione B e C illustrare le criticità riscontrate e come si intende risolverle
D29: ='Valutaz Rischio ENTE'!$T$11 -> M | E29: Svolgimento delle attività da parte di almeno due risorse in caso di affidamenti sopra soglia | G29: 2. in occasione di ogni procedura al di sopra delle soglie comunitarie | H29: 2. assegnazione di almeno 2 risorse alle attività (si/no) | I29: Sì | J29: RUP | K29: OGNI ANNO | L29: ANNUALE | M29: In alternativa: a) si b) no | N29: In caso di opzione B illustrare le criticità riscontrate e come si intende risolverle
C30: Inadeguata gestione del conflitto di interessi nelle procedure di affidamento | D30: ='Valutaz Rischio ENTE'!$T$11 -> M | E30: Rilascio di dichiarazione al momento dell’assegnazione all’ufficio o dell’attribuzione dell’incarico ed ogni volta che ci si trovi in una situazione di conflitto di interessi, anche potenziale, rispetto alla specifica procedura di gara e alle circostanze conosciute. | G30: al momento dell'assegnazione all'ufficio o dell'attribuzione dell'incarico | H30: 1. Rilascio della dichiarazione (si/no) | I30: Sì | J30: RUP | K30: OGNI ANNO | L30: ANNUALE | M30: In alternativa: a) si b) no | N30: In caso di opzione B illustrare le criticità riscontrate e come si intende risolverle
D31: ='Valutaz Rischio ENTE'!$T$11 -> M | E31: Rilascio di dichiarazione per ogni singola gara da parte del RUP e dei commissari di gara. | G31: al momento dell'assegnazione all'ufficio o dell'attribuzione dell'incarico | H31: 2. n. di dichiarazioni rilasciate/n. RUP e Commissari nominati | I31: >80 | J31: RUP | K31: OGNI ANNO | L31: ANNUALE | M31: In alternativa: a) tra 80 e 100 % b) tra 50 e 80% c) tra 0 e 50% | N31: In caso di opzione B e C illustrare le criticità riscontrate e come si intende risolverle
D32: ='Valutaz Rischio ENTE'!$T$11 -> M | E32: Individuazione dei criteri di rotazione nella nomina del RUP. | G32: al momento dell'assegnazione all'ufficio o dell'attribuzione dell'incarico | H32: 3. Invividuazione dei criteri di rotazione (si/no) | I32: Sì | J32: RUP | K32: OGNI ANNO | L32: ANNUALE | M32: In alternativa: a) si b) no | N32: In caso di opzione B illustrare le criticità riscontrate e come si intende risolverle
D33: ='Valutaz Rischio ENTE'!$T$11 -> M | E33: Inserimento, nei protocolli di legalità e/o nei patti di integrità, di specifiche prescrizioni a carico dei concorrenti e dei soggetti affidatari, ai quali si richiede la preventiva dichiarazione della insussistenza di rapporti di parentela o di familiarità con i soggetti che hanno partecipato alla definizione della procedura di gara e la comunicazione di qualsiasi conflitto di interessi che insorga successivamente. | G33: al momento dell'assegnazione all'ufficio o dell'attribuzione dell'incarico | H33: 4. n. protocolli di legalità e/o patti di integrità in cui è inserito l'obbligo di dichiarazione/n. protocolli e patti siglati | I33: >80 | J33: RUP | K33: OGNI ANNO | L33: ANNUALE | M33: In alternativa: a) tra 80 e 100 % b) tra 50 e 80% c) tra 0 e 50% | N33: In caso di opzione B e C illustrare le criticità riscontrate e come si intende risolverle
D34: ='Valutaz Rischio ENTE'!$T$11 -> M | E34: Previsione, nei protocolli di legalità e/o nei patti di integrità, di sanzioni a carico dell’operatore economico, sia in veste di concorrente che di aggiudicatario, nel caso di violazione degli impegni sottoscritti, secondo la gravità della violazione accertata e la fase in cui la violazione è posta in essere, oltre che nel rispetto del principio di proporzionalità; | G34: al momento dell'assegnazione all'ufficio o dell'attribuzione dell'incarico | H34: 5. n. protocolli di legalità e/o patti di integrità in cui è stata prevista la sanzione/n. protocolli e patti siglati | I34: >80 | J34: RUP | K34: OGNI ANNO | L34: ANNUALE | M34: In alternativa: a) tra 80 e 100 % b) tra 50 e 80% c) tra 0 e 50% | N34: In caso di opzione B e C illustrare le criticità riscontrate e come si intende risolverle
C35: Creazione di accordi tra imprese che intervengono nella competizione al solo fine di presentare offerte artificiosamente basse, in modo da occupare tutti i posizionamenti anomali e consentire, all’impresa che si intende favorire, l’aggiudicazione dell’appalto a un prezzo leggermente al di sopra della soglia di anomalia così falsata. | D35: ='Valutaz Rischio ENTE'!$T$11 -> M | E35: Controlli a campione in fase di valutazione dell'anomalia alla luce delle indicazioni fornite da ANAC per l'ipotesi prevista dall'art. 95, comma 1, lett. d) dlgs 36/2023 | G35: ogni semestre | H35: n. procedure di valutazione delle offerte verificate/n. procedure di valutazione delle offerte svolte nel semestre di riferimento | I35: >80 | J35: RUP | K35: OGNI ANNO | L35: ANNUALE | M35: In alternativa: a) tra 80 e 100 % b) tra 50 e 80% c) tra 0 e 50% | N35: In caso di opzione B e C illustrare le criticità riscontrate e come si intende risolverle
D36: ='Valutaz Rischio ENTE'!$T$11 -> M | E36: Nel caso in cui sia ipotizzabile la sussistenza della fattispecie di cui all'art. 95, comma 1 let. d) dlgs 36/2023, adeguata formalizzazione nei verbali o in altro atto delle specifiche verifiche espletate per escludere la rilevanza degli indizi rilevati | G36: in occasione di ogni procedura in cui si ipotizzi la fattisepcie di cui all'art. 95 comma 1 let. d) dlgs 36/2023 | H36: Presenza formalizzazione verifiche nei verbali di gara (si/no) | I36: Sì | J36: RUP | K36: OGNI ANNO | L36: ANNUALE | M36: In alternativa: a) si b) no | N36: In caso di opzione B illustrare le criticità riscontrate e come si intende risolverle
C37: Affidamenti diretti ripetuti dei servizi di ingegneria o architettura al medesimo soggetto, iscritto in apposito albo/elenco tenuto dalla stazione appaltante che abbia rapporti di parentela o conoscenza con dipendenti dell'ufficio tecnico | D37: ='Valutaz Rischio ENTE'!$T$11 -> M | E37: Adozione di una direttiva, in base alla quale l’individuazione nell’ambito dell’elenco a disposizione della stazione appaltante avvenga sempre mediante sorteggio, fermo restando il rispetto del principio di rotazione. | G37: in occasione di ogni procedura di affidamento diretto di servizi di architettura e ingegneria | H37: 1. Adozione della direttiva (si/no) | I37: Sì | J37: RUP | K37: OGNI ANNO | L37: ANNUALE | M37: In alternativa: a) si b) no | N37: In caso di opzione B illustrare le criticità riscontrate e come si intende risolverle
D38: ='Valutaz Rischio ENTE'!$T$11 -> M | E38: Pubblicazione di avviso per manifestazione di interesse. | H38: Avvisi di minifestazioni d'interesse pubblicate/totale affidamenti diretti servizi di ingegneria e architettura | I38: >80 | J38: RUP | K38: OGNI ANNO | L38: ANNUALE | M38: In alternativa: a) tra 80 e 100 % b) tra 50 e 80% c) tra 0 e 50% | N38: In caso di opzione B e C illustrare le criticità riscontrate e come si intende risolverle
C39: Omessa motivazione o motivazione insufficiente in merito alle condizioni previste dall’art. 7 del d.lgs. 36/2023 per la legittimità dell’affidamento (ossia indicazione dei vantaggi per la collettività, delle connesse esternalità e della congruità economica della prestazione da affidare in house, anche in relazione al perseguimento di obiettivi di universalità, socialità, efficienza, economicità, qualità della prestazione, celerità del procedimento e razionale impiego di risorse pubbliche) | D39: ='Valutaz Rischio ENTE'!$T$11 -> M | E39: Obbligo di motivazione sul contesto concreto e attuale al momento dell'affidamento e in particolare sui lavori servizi e forniture offerti nel medesimo ambito territoriale, e sui prezzi medi praticati per le medesime prestazioni o per prestazioni analoghe. | G39: in occasione di ogni procedura con affidamento in house | H39: n. di affidamenti diretti motivati/totale affidamenti diretti | I39: >80 | J39: RUP | K39: OGNI ANNO | L39: ANNUALE | M39: In alternativa: a) tra 80 e 100 % b) tra 50 e 80% c) tra 0 e 50% | N39: In caso di opzione B e C illustrare le criticità riscontrate e come si intende risolverle
D40: ='Valutaz Rischio ENTE'!$T$11 -> M | E40: Programmazione annuale degli affidamenti diretti | G40: entro il 31 gennaio di ogni anno | H40: Adozione di un programma annuale degli affidamenti diretti (SI/NO) | I40: Sì | J40: RUP | K40: OGNI ANNO | L40: ANNUALE | M40: In alternativa: a) si b) no | N40: In caso di opzione B illustrare le criticità riscontrate e come si intende risolverle
D41: ='Valutaz Rischio ENTE'!$T$11 -> M | E41: Comparazione costi ad es. tramite prezzi di riferimento ANAC, ove esistenti, e BDNCP con riferimento a gare bandite su zone limitrofe. | G41: in occasione di ogni procedura con affidamento in house | H41: 2. n. di affidamenti per i quali è stata svolta la comparazione dei costi/n. totale affidamenti | I41: >80 | J41: RUP | K41: OGNI ANNO | L41: ANNUALE | M41: In alternativa: a) tra 80 e 100 % b) tra 50 e 80% c) tra 0 e 50% | N41: In caso di opzione B e C illustrare le criticità riscontrate e come si intende risolverle
B42: AGGIUDICAZIONE | C42: 1. Alterazione o omissione dei controlli e delle verifiche al fine di favorire un aggiudicatario privo dei requisiti. 2. Alterazione del contenuto delle verifiche per pretermettere l’aggiudicatario e favorire gli operatori economici che seguono nella graduatoria 3. Irregolarità commesse da CUC o altri enti terzi che affidano appalti e concessioni per conto dell'amministrazione | D42: ='Valutaz Rischio ENTE'!$T$12 -> M | E42: 1. Predisposizione di una check list di controllo sul rispetto degli adempimenti e formalità di comunicazione previsti dal Codice. (eventi 1,2) | G42: entro ….. (data fissata dalla SA) | H42: 1. Predisposizione di una check list (si/no) | I42: Sì | J42: RUP | K42: OGNI ANNO | L42: ANNUALE | M42: In alternativa: a) si b) no | N42: In caso di opzione B illustrare le criticità riscontrate e come si intende risolverle
D43: ='Valutaz Rischio ENTE'!$T$12 -> M | E43: 2. Resoconto sulle verifiche svolte dall'ente terzo per l'aggiudicazione (evento 3) | G43: entro ….. (data fissata dalla SA) | H43: 2. Invio del resoconto da parte dell'ente terzo (si/no) | I43: Sì | J43: RUP | K43: OGNI ANNO | L43: ANNUALE | M43: In alternativa: a) si b) no | N43: In caso di opzione B illustrare le criticità riscontrate e come si intende risolverle
A44: ESECUZIONE DEL CONTRATTO | B44: VERIFICA IN CORSO DI ESECUZIONE | C44: Inadeguata gestione del conflitto di interessi nella fase di esecuzione dell'affidamento | D44: ='Valutaz Rischio ENTE'!$T$13 -> M | E44: Rilascio di dichiarazione al momento dell’assegnazione all’ufficio o dell’attribuzione dell’incarico ed ogni volta che ci si trovi in una situazione di conflitto di interessi, anche potenziale, rispetto alla specifica procedura di gara e alle circostanze conosciute da parte del DL, del DEC, ovvero di altri soggetti con funzioni analoghe che intervengono in fase di esecuzione | G44: al momento dell'attribuzione dell'incarico | H44: 1. Rilascio della dichiarazione (si/no) | I44: Sì | J44: RUP | K44: OGNI ANNO | L44: ANNUALE | M44: In alternativa: a) si b) no | N44: In caso di opzione B illustrare le criticità riscontrate e come si intende risolverle
D45: ='Valutaz Rischio ENTE'!$T$13 -> M | E45: Rilascio di dichiarazione per ogni singola gara da parte del DL, del DEC, ovvero di altri soggetti con funzioni analoghe che intervengono in fase di esecuzione | H45: 2. n. dichiarazioni rilasciate da DL, DEC o altro soggetto confunzioni analoghe/n. DL, DEC o altri soggetti con funzioni analoghe designati | I45: >80 | J45: RUP | K45: OGNI ANNO | L45: ANNUALE | M45: In alternativa: a) tra 80 e 100 % b) tra 50 e 80% c) tra 0 e 50% | N45: In caso di opzione B e C illustrare le criticità riscontrate e come si intende risolverle
D46: ='Valutaz Rischio ENTE'!$T$13 -> M | E46: Individuazione dei criteri di rotazione nella nomina del DL, del DEC, ovvero di altri soggetti con funzioni analoghe che intervengono in fase di esecuzione . | H46: 3. Invividuazione dei criteri di rotazione (si/no) | I46: Sì | J46: RUP | K46: OGNI ANNO | L46: ANNUALE | M46: In alternativa: a) si b) no | N46: In caso di opzione B illustrare le criticità riscontrate e come si intende risolverle
D47: ='Valutaz Rischio ENTE'!$T$13 -> M | E47: Inserimento, nei protocolli di legalità e/o nei patti di integrità, di specifiche prescrizioni a carico dei soggetti affidatari, per richiedere una dichiarazione della insussistenza di rapporti di parentela o di familiarità con i soggetti che intervengono nella fase di esecuzione del contratto e la comunicazione di qualsiasi conflitto di interessi che insorga successivamente; | H47: 4. n. protocolli di legalità e/o patti di integrità in cui è stato inserito l'obbligo di dichiarazione/n. protocolli e patti siglati | I47: >80 | J47: RUP | K47: OGNI ANNO | L47: ANNUALE | M47: In alternativa: a) tra 80 e 100 % b) tra 50 e 80% c) tra 0 e 50% | N47: In caso di opzione B e C illustrare le criticità riscontrate e come si intende risolverle
D48: ='Valutaz Rischio ENTE'!$T$13 -> M | E48: Previsione, nei protocolli di legalità e/o nei patti di integrità, di sanzioni a carico dell’aggiudicatario, nel caso di violazione degli impegni sottoscritti, secondo la gravità della violazione accertata, nel rispetto del principio di proporzionalità; | H48: 5. n. protocolli di legalità e/o patti di integrità in cui è stata prevista la sanzione/n. protocolli e patti siglati | I48: >80 | J48: RUP | K48: OGNI ANNO | L48: ANNUALE | M48: In alternativa: a) tra 80 e 100 % b) tra 50 e 80% c) tra 0 e 50% | N48: In caso di opzione B e C illustrare le criticità riscontrate e come si intende risolverle
C49: Apposizione di riserve generiche | D49: ='Valutaz Rischio ENTE'!$T$13 -> M | E49: Verifica dell'apposizione delle riserve in conformità alle disposizioni di cui all'allegato II.14 del dlgs. 36/2023, anche mediante l'utilizzo di apposite check list | G49: in occasione di ogni procedura | H49: verifica anche tramite check list (si/no) | I49: Sì | J49: RUP | K49: OGNI ANNO | L49: ANNUALE | M49: In alternativa: a) si b) no | N49: In caso di opzione B illustrare le criticità riscontrate e come si intende risolverle
C50: Corresponsione di premi di accelerazione in difformità rispetto alle previsioni del bando/avviso | D50: ='Valutaz Rischio ENTE'!$T$13 -> M | E50: Verifica del rispetto delle disposizioni del bando/avviso prima della liquidazione del premio di accelerazione, anche mediante l'utilizzo di apposite check list | G50: in occasione di ogni procedura | H50: verifica anche tramite check list (si/no) | I50: Sì | J50: RUP | K50: OGNI ANNO | L50: ANNUALE | M50: In alternativa: a) si b) no | N50: In caso di opzione B illustrare le criticità riscontrate e come si intende risolverle
C51: Esecuzione dell’appalto in difformità rispetto a quanto proposto in sede di gare e/o comunque “non a regola d’arte” a causa dell’assenza di adeguati controlli sulla corretta esecuzione delle prestazioni contrattuali in violazione dei principi di economicità, efficacia, qualità della prestazione e correttezza nell’esecuzione dell’appalto. Ciò al fine di favorire l’appaltatore | D51: ='Valutaz Rischio ENTE'!$T$13 -> M | E51: Adozione di circolari esplicative sui controlli sulla corretta esecuzione dell'appalto | G51: entro ….. (data fissata dalla SA) | H51: Adozione di circolari esplicative sui controlli (si/no) | I51: Sì | J51: RUP | K51: OGNI ANNO | L51: ANNUALE | M51: In alternativa: a) si b) no | N51: In caso di opzione B illustrare le criticità riscontrate e come si intende risolverle
D52: ='Valutaz Rischio ENTE'!$T$13 -> M | E52: Verifiche sulla corretta esecuzione della prestazione dedotta in contratto | G52: semestrale | H52: n. di affidamenti per i quali sono emersi criticità a seguito di monitoraggio/totale degli affidamenti | I52: >80 | J52: RUP | K52: OGNI ANNO | L52: ANNUALE | M52: In alternativa: a) tra 80 e 100 % b) tra 50 e 80% c) tra 0 e 50% | N52: In caso di opzione B e C illustrare le criticità riscontrate e come si intende risolverle
C53: Ricorso alla subconcessione da parte del concessionario in assenza dei presupposti di legge | D53: ='Valutaz Rischio ENTE'!$T$13 -> M | E53: Adozione di circolari esplicative recanti anche previsioni comportamentali sugli adempimenti e la disciplina in materia di subconcessione, al fine di indirizzare comportamenti in situazioni analoghe e per individuare quei passaggi procedimentali che possono dar luogo ad incertezze | G53: entro ….. (data fissata dal concedente) | H53: Adozione di circolari esplicative sulle subconcessioni (si/no) | I53: Sì | J53: RUP | K53: OGNI ANNO | L53: ANNUALE | M53: In alternativa: a) si b) no | N53: In caso di opzione B illustrare le criticità riscontrate e come si intende risolverle
C54: Ricorso alla subconcessione da parte del concessionario in assenza dei requisiti da parte del subconcessionario | D54: ='Valutaz Rischio ENTE'!$T$13 -> M | E54: Controlli a campione su base semestrale da parte del concedente sul possesso dei requisiti da parte del subconcessionario | G54: ogni sei mesi | H54: n. di controlli sui requisiti effettuati/n. di subconcessioni in essere | I54: >80 | J54: RUP | K54: OGNI ANNO | L54: ANNUALE | M54: In alternativa: a) tra 80 e 100 % b) tra 50 e 80% c) tra 0 e 50% | N54: In caso di opzione B e C illustrare le criticità riscontrate e come si intende risolverle
C55: Revisione contratto al di fuori delle ipotesi di legge (art. 192 dlgs 36/2023) | D55: ='Valutaz Rischio ENTE'!$T$13 -> M | E55: Verifiche sul rispetto dei presupposti di legge per la revisione del contratto di concessione | G55: semestrale | H55: verifiche sul rispetto dei presupposti di legge (si/no) | I55: Sì | J55: RUP | K55: OGNI ANNO | L55: ANNUALE | M55: In alternativa: a) si b) no | N55: In caso di opzione B illustrare le criticità riscontrate e come si intende risolverle
B56: COLLAUDO | C56: Inadeguata gestione del conflitto di interessi nella fase di collaudo | D56: ='Valutaz Rischio ENTE'!$T$14 -> M | E56: Rilascio di dichiarazione al momento dell’assegnazione dell'incarico | G56: al momento dell'assegnazione all'ufficio o dell'attribuzione dell'incarico | H56: 1. n. dichiarazioni rilasciate/n. collaudatori incaricati | I56: >80 | J56: Tecnico | K56: OGNI ANNO | L56: ANNUALE | M56: In alternativa: a) tra 80 e 100 % b) tra 50 e 80% c) tra 0 e 50% | N56: In caso di opzione B e C illustrare le criticità riscontrate e come si intende risolverle
C57: Individuazione del soggetto tenuto al collaudo in violazione delle indicazioni di cui all'art. 116 dlgs. 36/2023 | D57: ='Valutaz Rischio ENTE'!$T$14 -> M | E57: Verifiche a campione sulle nomine dei collaudatori da parte del RPCT | G57: ogni semestre | H57: n. nomine collaudotori verificate/n. nomine collaudatori totali nel semestre di riferimento | I57: >80 | J57: RPCT | K57: OGNI ANNO | L57: ANNUALE | M57: In alternativa: a) tra 80 e 100 % b) tra 50 e 80% c) tra 0 e 50% | N57: In caso di opzione B e C illustrare le criticità riscontrate e come si intende risolverle

Sheet CONTRATTI PUBBLICI Monitoraggio
A1: Mappatura del Rischio - Area dei Contratti Pubblici
A2: Mappatura PROCESSI - ATTIVITA' | C2: REGISTRO RISCHI: Identificazione, analisi e valutazione del rischio corruttivo | E2: Trattamento del Rischio | K2: Schede di Monitoraggio
A3: PROCESSI | B3: ATTIVITA' | C3: EVENTI RISCHIOSI | D3: VALUTAZIONE COMPLESSIVA DEL RISCHIO | E3: MISURE SPECIFICHE IN ESSERE | F3: MISURE SPECIFICHE DA ATTUARE | G3: TEMPI DI ATTUAZIONE | H3: INDICATORI DI ATTUAZIONE | I3: TARGET | J3: SOGGETTO RESPONSABILE DELLA MISURA | K3: PROGRAMMAZIONE DEL MONITORAGGIO . | L3: FREQUENZA DEL MONITORAGGIO | M3: MONITORAGGIO (STATO di ATTUAZIONE MISURE) | N3: NOTE in caso di criticità nel monitoraggio
A4: PROGRAMMAZIONE | B4: INDIVIDUAZIONE DEL FABBISOGNO | C4: 1. Alterazioni nella definizione dei fabbisogni per premiare interessi particolari 2. Alterazioni nella definizione dei fabbisogni al fine di configurare motivi a sostegno di affidamenti diretti / procedure negoziate 3. Possibile alterazione dei valori stimati per gli affidamenti, con conseguente frazionamento, al fine di non superare le soglie di cui all'art. 14 del dl.vo 36/2023 o del valore stimato e/o frazionamento della concessione effettuata con l’intenzione di escludere tale concessione dall’ambito di applicazione del codice. | D4: ='Valutaz Rischio ENTE'!$T$6 -> M | E4: Audit interni su fabbisogno e/o adozione di procedure tracciate per la rilevazione dei fabbisogni (evento 1 e 2) | G4: ANNUALE | H4: n. di unità organizzative invitate al confronto/totale delle unità organizzative presenti | I4: >80 | J4: Tutti i Responsabili | K4: OGNI ANNO | L4: ANNUALE | M4: In alternativa: a) tra 80 e 100 % b) tra 50 e 80% c) tra 0 e 50% | N4: In caso di opzione B e C illustrare le criticità riscontrate e come si intende risolverle
D5: ='Valutaz Rischio ENTE'!$T$6 -> M | E5: Condivisione delle scelte di approvvigionamento con procedura formale (evento 1, 2, 3) | G5: ANNUALE | H5: n. di atti corredati dalla motivazione/totale atti adottati | I5: >80 | J5: Tutti i Responsabili | K5: OGNI ANNO | L5: ANNUALE | M5: In alternativa: a) tra 80 e 100 % b) tra 50 e 80% c) tra 0 e 50% | N5: In caso di opzione B e C illustrare le criticità riscontrate e come si intende risolverle
D6: ='Valutaz Rischio ENTE'!$T$6 -> M | E6: Predeterminazione dei criteri di priorità nell'individuazione dei fabbisogni (evento 1 e 2) | G6: ANNUALE | H6: Presenza di criteri predeterminati (si/no) | I6: Sì | J6: Tutti i Responsabili | K6: OGNI ANNO | L6: ANNUALE | M6: In alternativa: a) si b) no | N6: In caso di opzione B illustrare le criticità riscontrate e come si intende risolverle
D7: ='Valutaz Rischio ENTE'!$T$6 -> M | E7: Obbligo di documentare il calcolo del valore stimato del contratto ovvero della concessione da affidare (evento 3) | G7: ANNUALE | H7: n. di atti corredati dalla motivazione/totale atti adottati | I7: >80 | J7: Tutti i Responsabili | K7: OGNI ANNO | L7: ANNUALE | M7: In alternativa: a) tra 80 e 100 % b) tra 50 e 80% c) tra 0 e 50% | N7: In caso di opzione B e C illustrare le criticità riscontrate e come si intende risolverle
D8: ='Valutaz Rischio ENTE'!$T$6 -> M | E8: Programmazione annuale degli affidamenti diretti (eventi 1,2,3) | G8: ENTRO IL 31 GENNAIO DI OGNI ANNO | H8: Adozione di un programma annuale degli affidamenti diretti (SI/NO) | I8: Sì | J8: Tutti i Responsabili | K8: OGNI ANNO | L8: ANNUALE | M8: In alternativa: a) si b) no | N8: In caso di opzione B illustrare le criticità riscontrate e come si intende risolverle
A9: PROGETTAZIONE | B9: PREDISPOSIZIONE DEGLI ATTI DI GARA | C9: 1. Scelta della strategia di acquisizione in elusione delle regole di affidamento del contratto (ad esempio, concessione in luogo di appalto o procedure negoziate e affidamenti diretti tesi a selezionare uno specifico operatore, scelte tecniche finalizzate a restringere la concorrenza) 2. Artificioso allungamento dei tempi di progettazione della gara al fine di creare la condizione di urgenza . 3. Affidamenti diretti per estrema urgenza in mancanza dei presupposti di legge (Ad esempio quando l’estrema urgenza non deriva da eventi imprevedibili ed è invece imputabile alla stazione appaltante). 4. Rivelazione di informazioni riservate, tese a favorire operatori economici, in fase anticipata alla pubblicazione dei documenti di gara. 5.Gestione del conflitto di interessi in fase di progettazione dell'affidamento | D9: ='Valutaz Rischio ENTE'!$T$9 -> M | E9: Obbligo di motivazione sulla scelta del sistema di affidamento (in particolare in caso di affidamenti diretti per estrema urgenza) (evento 1, 2, 3) | G9: in occasione di ogni procedura | H9: n. di atti corredati dalla motivazione/totale atti adottati | I9: >80 | J9: RUP | K9: OGNI ANNO | L9: ANNUALE | M9: In alternativa: a) tra 80 e 100 % b) tra 50 e 80% c) tra 0 e 50% | N9: In caso di opzione B e C illustrare le criticità riscontrate e come si intende risolverle
D10: ='Valutaz Rischio ENTE'!$T$9 -> M | E10: Controllo periodico e monitoraggio dei tempi programmati anche mediante sistemi di controllo interno di gestione in ordine alle future scadenze contrattuali (evento 2, 3) | G10: ogni semestre | H10: n. contratti oggetto di monitoraggio/n. contratti in esecuzione | I10: >80 | J10: RUP | K10: OGNI ANNO | L10: ANNUALE | M10: In alternativa: a) tra 80 e 100 % b) tra 50 e 80% c) tra 0 e 50% | N10: In caso di opzione B e C illustrare le criticità riscontrate e come si intende risolverle
D11: ='Valutaz Rischio ENTE'!$T$9 -> M | E11: Sottoscrizione da parte dei soggetti coinvolti nella redazione della documentazione di gara di una dichiarazione di riservatezza sulla non divulgazione di informazioni inerenti la procedura (evento 4, 5) | G11: al momento dell'assegnazione del funzionario all'ufficio gare o all'ufficio diverso dall'ufficio gare che predispone la documentazione | H11: n. di dichiarazioni sulla riservatezza rilasciate/totale dei soggetti coinvolti nella redazione della documentazione di gara | I11: >80 | J11: RUP | K11: OGNI ANNO | L11: ANNUALE | M11: In alternativa: a) tra 80 e 100 % b) tra 50 e 80% c) tra 0 e 50% | N11: In caso di opzione B e C illustrare le criticità riscontrate e come si intende risolverle
D12: ='Valutaz Rischio ENTE'!$T$9 -> M | E12: Acquisizione dichiarazioni dei soggetti incaricatio della progettazione circa i rapporti di assiduità con operatori del settore di riferiferimento dell'affidamento. (evento 4, 5) | G12: al momento dell'assegnazione del funzionario all'ufficio gare o all'ufficio diverso dall'ufficio gare che predispone la documentazione | H12: n. dichiarazioni rilasciate/n. soggetti incaricati della progettazione | I12: >80 | J12: RUP | K12: OGNI ANNO | L12: ANNUALE | M12: In alternativa: a) tra 80 e 100 % b) tra 50 e 80% c) tra 0 e 50% | N12: In caso di opzione B e C illustrare le criticità riscontrate e come si intende risolverle
C13: 1. Ricorso a proroghe e rinnovi non consentiti e/o in assenza dei presupposti. 2. Ricorso a rinnovo tacito, ovvero il rinnovo effettuato senza emanazione di un provvedimento espresso, inammissibile nel nostro ordinamento 3. Ricorso a proroghe della concessione non giustificate e al di fuori dei casi in cui è consentita nei documenti di gara e per legge (art. 178 d.lgs. 36/2023) | D13: ='Valutaz Rischio ENTE'!$T$9 -> M | E13: Monitoraggio periodico delle scadenze contrattuali, con previsione di comunicazioni periodiche al RPCT (eventi 1,2,3) | G13: semestrale | H13: 1. n. di contratti oggetto di monitoraggio/n. di contratti in esecuzione | I13: >80 | J13: RUP | K13: OGNI ANNO | L13: ANNUALE | M13: In alternativa: a) tra 80 e 100 % b) tra 50 e 80% c) tra 0 e 50% | N13: In caso di opzione B e C illustrare le criticità riscontrate e come si intende risolverle
D14: ='Valutaz Rischio ENTE'!$T$9 -> M | E14: Espressa previsione dell'opzione di rinnovo nei documenti di gara con conseguente calcolo dell'importo a base di gara del contratto che comprenda anche il rinnovo (eventi 1,2) | G14: in occasione di ogni procedura | H14: n. di contratti recante l'opzione di rinnovo/totale contratti stipulati | I14: >80 | J14: RUP | K14: OGNI ANNO | L14: ANNUALE | M14: In alternativa: a) tra 80 e 100 % b) tra 50 e 80% c) tra 0 e 50% | N14: In caso di opzione B e C illustrare le criticità riscontrate e come si intende risolverle
D15: ='Valutaz Rischio ENTE'!$T$9 -> M | E15: Verifiche sulla esistenza di una adeguata motivazione per il ricorso a proroghe della concessione e sul rispetto dei presupposti di legge (evento 3) | G15: in occasione di ogni procedura | H15: verifiche sul rispetto dei presupposti di legge (si/no) | I15: Sì | J15: RUP | K15: OGNI ANNO | L15: ANNUALE | M15: In alternativa: a) si b) no | N15: In caso di opzione B illustrare le criticità riscontrate e come si intende risolverle
C16: 1. Fissazione di criteri di aggiudicazione da parte dell’ente concedente non pertinenti o inidonei all'oggetto della concessione. 2. Fissazione di requisiti discriminatori e sproporzionati all'oggetto della concessione e non correlati alla necessità di garantire la capacità del concessionario di eseguire la concessione. | D16: ='Valutaz Rischio ENTE'!$T$9 -> M | E16: Controlli incrociati a campione da parte di RUP e RPCT sui criteri fissati nella determina a contrarre, nel bando o atto equivalente | G16: a campione | H16: n. controlli sui criteri/n. procedure svolte | I16: >80 | J16: RUP | K16: OGNI ANNO | L16: ANNUALE | M16: In alternativa: a) tra 80 e 100 % b) tra 50 e 80% c) tra 0 e 50% | N16: In caso di opzione B e C illustrare le criticità riscontrate e come si intende risolverle
C17: Nel Project financing, disposizioni del bando che limitano la presentazione di offerte concorrenziali ulteriori rispetto a quella del promotoree con conseguente radicarsi di una posizione di monopolio di quest'ultimo (art. 183, comma 15 dlgs 36.2023) (CFr. Comunicato ANAC del 12 gennaio 2022) | D17: ='Valutaz Rischio ENTE'!$T$9 -> M | E17: 1. Valutazione circa l'introduzione di migliorie al progetto presentato dal promotore, da valutare con il criterio di aggiudicazione dell'OEV in modo da garantire maggiore competitività tra gli operatori | G17: in occasione di ogni procedura | H17: 1. migliorie apportate al progetto (si/no) | I17: Sì | J17: RUP | K17: OGNI ANNO | L17: ANNUALE | M17: In alternativa: a) si b) no | N17: In caso di opzione B illustrare le criticità riscontrate e come si intende risolverle
D18: ='Valutaz Rischio ENTE'!$T$9 -> M | E18: 2. Verifica dell'assolvimento degli obblighi di pubblicazione da parte del RPCT. | G18: in occasione di ogni procedura | H18: 2. verifiche svolte sull'assolvimento obblighi trasparenza (si/no) | I18: Sì | J18: RUP | K18: OGNI ANNO | L18: ANNUALE | M18: In alternativa: a) si b) no | N18: In caso di opzione B illustrare le criticità riscontrate e come si intende risolverle
C19: 1. Limitazione della concorrenza e agevolazione di determinati concorrenti mediante richiesta di requisiti di partecipazione o di requisiti tecnico-economici non giustificati e adeguati (es. clausole dei bandi che stabiliscono requisiti di qualificazione - cfr. Delibera ANAC n. 1142/2018). 2. Affidamenti diretti “per assenza di concorrenza per motivi tecnici” (da intendersi come esistenza nel mercato di un unico operatore economico grado di fornire la prestazione di cui la SA ha bisogno) svolti in mancanza dei presupposti 3. Predisposizione di clausole contrattuali dal contenuto vago o vessatorio per disincentivare la partecipazione alla gara ovvero per consentire modifiche in fase di esecuzione 4. Formulazione nel capitolato di criteri di valutazione dell'offerta tecnica ed economica tesa ad avvantaggiare un fornitore, ad esempio il fornitore uscente per il configurarsi di asimmetrie informative 5. Irregolarità commesse da CUC o altri enti terzi che affidano appalti e concessioni per conto dell'amministrazione | D19: ='Valutaz Rischio ENTE'!$T$9 -> M | E19: 1. Obbligo di motivazione negli atti di gara sui requisiti richiesti per la partecipazione alla gara / per l'esecuzione dell'appalto /criteri di valutazione e attribuzione di punteggi, con particolare riferimento alle ipotesi di affidamenti diretti "per assenza di concorrenza per motivi tecnici", anche attraverso la previa consultazione del mercato di riferimento, con verifica che tale assenza non sia frutto di limitazioni artificiose dei parametri dell’appalto, ovvero di errate interpretazioni della norma. (eventi 1,2,3,4) | G19: in occasione di ogni procedura | H19: 1. n. di atti corredati dalla motivazione/totale atti adottati | I19: >80 | J19: RUP | K19: OGNI ANNO | L19: ANNUALE | M19: In alternativa: a) tra 80 e 100 % b) tra 50 e 80% c) tra 0 e 50% | N19: In caso di opzione B e C illustrare le criticità riscontrate e come si intende risolverle
D20: ='Valutaz Rischio ENTE'!$T$9 -> M | E20: 2. Verifica in ordine agli atti di gara predisposti dall'ente terzo. (Evento 5) | G20: in occasione di ogni procedura | H20: 2. % atti di gara esaminati | I20: >80 | J20: RUP | K20: OGNI ANNO | L20: ANNUALE | M20: In alternativa: a) tra 80 e 100 % b) tra 50 e 80% c) tra 0 e 50% | N20: In caso di opzione B e C illustrare le criticità riscontrate e come si intende risolverle
A21: AFFIDAMENTO DI LAVORI, SERVIZI E FORNITURE | B21: SELEZIONE DEL CONTRAENTE | C21: Valutazione errata della congruità dell'offerta cause riconducibili, a mero titolo esemplificativo, a: - utilizzo di metodi impropri per l'attribuzione dei punteggi; - applicazione distorta dei suddetti criteri. | D21: ='Valutaz Rischio ENTE'!$T$11 -> M | E21: tracciabilità della motivazione nei verbali della commissione o dell'organo incaricato della valutazione dell'offerta. | G21: in occasione di ogni procedura | H21: n. di verbali corredati dalla motivazione/totale verbali redatti | I21: >80 | J21: RUP | K21: OGNI ANNO | L21: ANNUALE | M21: In alternativa: a) tra 80 e 100 % b) tra 50 e 80% c) tra 0 e 50% | N21: In caso di opzione B e C illustrare le criticità riscontrate e come si intende risolverle
C22: Mancata esclusione delle offerte anomale nelle ipotesi disciplinate dal'art. 54 dlgs. 36/2023 | D22: ='Valutaz Rischio ENTE'!$T$11 -> M | E22: tracciabilità della stima della soglia di anomalia nei verbali della commissione o dell'organo incaricato della valutazione dell'offerta. | G22: in occasione di ogni procedura | H22: n. di verbali contenenti la stima della soglia di anomalia/totale verbali redatti | I22: >80 | J22: RUP | K22: OGNI ANNO | L22: ANNUALE | M22: In alternativa: a) tra 80 e 100 % b) tra 50 e 80% c) tra 0 e 50% | N22: In caso di opzione B e C illustrare le criticità riscontrate e come si intende risolverle
C23: Irregolarità commesse da CUC o altri enti terzi che affidano appalti e concessioni per conto dell'amministrazione | D23: ='Valutaz Rischio ENTE'!$T$11 -> M | E23: esame dei verbali redatti dalla commissione di gara | G23: in occasione di ogni procedura | H23: % verbali esaminati | I23: >80 | J23: RUP | K23: OGNI ANNO | L23: ANNUALE | M23: In alternativa: a) tra 80 e 100 % b) tra 50 e 80% c) tra 0 e 50% | N23: In caso di opzione B e C illustrare le criticità riscontrate e come si intende risolverle
C24: Erronea gestione delle offerte anormalmente basse nelle ipotesi di cui all'art. 110 dlgs. 36/2023 | D24: ='Valutaz Rischio ENTE'!$T$11 -> M | E24: tracciabilità della valutazione delle giustificazioni (nei casi previsti) dell'offerta anomala con riferimento agli elementi specifici indicati nei documenti di gara. | G24: in occasione di ogni procedura | H24: Presenza della motivazione (si/no) | I24: Sì | J24: RUP | K24: OGNI ANNO | L24: ANNUALE | M24: In alternativa: a) si b) no | N24: In caso di opzione B illustrare le criticità riscontrate e come si intende risolverle
C25: Carenza in organico nei comuni con popolazione inferiore a cinquemila abitanti di figure idonee a ricoprire le funzioni di RUP o di responsabile di Area tecnica e affidamento di tali funzioni a titolari di incarichi politici ai sensi dell'art. 53, co. 23 l. 388/2000 (Delibera ANAC n.291/2023) | D25: ='Valutaz Rischio ENTE'!$T$11 -> M | E25: 1. Previsione della doppia firma sull’atto di aggiudicazione di un contratto pubblico nelle ipotesi in cui Sindaco o componente di Giunta svolga le funzioni di responsabile di ufficio Tecnico o RUP e ravvisi di trovarsi in una situazione di conflitto di interessi con riferimento a una specifica procedura | G25: in occasione di ogni procedura | H25: 1. n. di contratti con doppia firma/contratti siglati | I25: >80 | J25: RUP | K25: OGNI ANNO | L25: ANNUALE | M25: In alternativa: a) tra 80 e 100 % b) tra 50 e 80% c) tra 0 e 50% | N25: In caso di opzione B e C illustrare le criticità riscontrate e come si intende risolverle
D26: ='Valutaz Rischio ENTE'!$T$11 -> M | E26: 2. Rilascio di dichiarazione per ogni singola gara da parte del Sindaco o componente di Giunta nelle ipotesi in cui svolga le funzioni di responsabile di ufficio Tecnico o RUP | G26: in occasione di ogni procedura | H26: 2. n. dichiarazioni rilasciate/n. incarichi tecnici affidati a componenti organo d'indirizzo politico | I26: >80 | J26: RUP | K26: OGNI ANNO | L26: ANNUALE | M26: In alternativa: a) tra 80 e 100 % b) tra 50 e 80% c) tra 0 e 50% | N26: In caso di opzione B e C illustrare le criticità riscontrate e come si intende risolverle
D27: ='Valutaz Rischio ENTE'!$T$11 -> M | E27: 3. Rotazione tra i componenti della medesima Giunta dell'incarico di RUP | G27: in occasione di ogni procedura | H27: Applicazione della rotazione (si/no) | I27: Sì | J27: RUP | K27: OGNI ANNO | L27: ANNUALE | M27: In alternativa: a) si b) no | N27: In caso di opzione B illustrare le criticità riscontrate e come si intende risolverle
C28: Impossibilità di rotare il responsabile di Area tecnica per carenza in organico di altra figura idonea a ricoprire tali posizione | D28: ='Valutaz Rischio ENTE'!$T$11 -> M | E28: Condivisione delle informazioni relative allo stato della procedura con tutto il personale assegnato all'area tecnica nell'ambito di riunioni periodiche da calendarizzare preventivamente | G28: 1. in occasione di ogni procedura | H28: 1. n. di riunioni svolte/tiotale riunioni calendarizzate | I28: >80 | J28: RUP | K28: OGNI ANNO | L28: ANNUALE | M28: In alternativa: a) tra 80 e 100 % b) tra 50 e 80% c) tra 0 e 50% | N28: In caso di opzione B e C illustrare le criticità riscontrate e come si intende risolverle
D29: ='Valutaz Rischio ENTE'!$T$11 -> M | E29: Svolgimento delle attività da parte di almeno due risorse in caso di affidamenti sopra soglia | G29: 2. in occasione di ogni procedura al di sopra delle soglie comunitarie | H29: 2. assegnazione di almeno 2 risorse alle attività (si/no) | I29: Sì | J29: RUP | K29: OGNI ANNO | L29: ANNUALE | M29: In alternativa: a) si b) no | N29: In caso di opzione B illustrare le criticità riscontrate e come si intende risolverle
C30: Inadeguata gestione del conflitto di interessi nelle procedure di affidamento | D30: ='Valutaz Rischio ENTE'!$T$11 -> M | E30: Rilascio di dichiarazione al momento dell’assegnazione all’ufficio o dell’attribuzione dell’incarico ed ogni volta che ci si trovi in una situazione di conflitto di interessi, anche potenziale, rispetto alla specifica procedura di gara e alle circostanze conosciute. | G30: al momento dell'assegnazione all'ufficio o dell'attribuzione dell'incarico | H30: 1. Rilascio della dichiarazione (si/no) | I30: Sì | J30: RUP | K30: OGNI ANNO | L30: ANNUALE | M30: In alternativa: a) si b) no | N30: In caso di opzione B illustrare le criticità riscontrate e come si intende risolverle
D31: ='Valutaz Rischio ENTE'!$T$11 -> M | E31: Rilascio di dichiarazione per ogni singola gara da parte del RUP e dei commissari di gara. | G31: al momento dell'assegnazione all'ufficio o dell'attribuzione dell'incarico | H31: 2. n. di dichiarazioni rilasciate/n. RUP e Commissari nominati | I31: >80 | J31: RUP | K31: OGNI ANNO | L31: ANNUALE | M31: In alternativa: a) tra 80 e 100 % b) tra 50 e 80% c) tra 0 e 50% | N31: In caso di opzione B e C illustrare le criticità riscontrate e come si intende risolverle
D32: ='Valutaz Rischio ENTE'!$T$11 -> M | E32: Individuazione dei criteri di rotazione nella nomina del RUP. | G32: al momento dell'assegnazione all'ufficio o dell'attribuzione dell'incarico | H32: 3. Invividuazione dei criteri di rotazione (si/no) | I32: Sì | J32: RUP | K32: OGNI ANNO | L32: ANNUALE | M32: In alternativa: a) si b) no | N32: In caso di opzione B illustrare le criticità riscontrate e come si intende risolverle
D33: ='Valutaz Rischio ENTE'!$T$11 -> M | E33: Inserimento, nei protocolli di legalità e/o nei patti di integrità, di specifiche prescrizioni a carico dei concorrenti e dei soggetti affidatari, ai quali si richiede la preventiva dichiarazione della insussistenza di rapporti di parentela o di familiarità con i soggetti che hanno partecipato alla definizione della procedura di gara e la comunicazione di qualsiasi conflitto di interessi che insorga successivamente. | G33: al momento dell'assegnazione all'ufficio o dell'attribuzione dell'incarico | H33: 4. n. protocolli di legalità e/o patti di integrità in cui è inserito l'obbligo di dichiarazione/n. protocolli e patti siglati | I33: >80 | J33: RUP | K33: OGNI ANNO | L33: ANNUALE | M33: In alternativa: a) tra 80 e 100 % b) tra 50 e 80% c) tra 0 e 50% | N33: In caso di opzione B e C illustrare le criticità riscontrate e come si intende risolverle
D34: ='Valutaz Rischio ENTE'!$T$11 -> M | E34: Previsione, nei protocolli di legalità e/o nei patti di integrità, di sanzioni a carico dell’operatore economico, sia in veste di concorrente che di aggiudicatario, nel caso di violazione degli impegni sottoscritti, secondo la gravità della violazione accertata e la fase in cui la violazione è posta in essere, oltre che nel rispetto del principio di proporzionalità; | G34: al momento dell'assegnazione all'ufficio o dell'attribuzione dell'incarico | H34: 5. n. protocolli di legalità e/o patti di integrità in cui è stata prevista la sanzione/n. protocolli e patti siglati | I34: >80 | J34: RUP | K34: OGNI ANNO | L34: ANNUALE | M34: In alternativa: a) tra 80 e 100 % b) tra 50 e 80% c) tra 0 e 50% | N34: In caso di opzione B e C illustrare le criticità riscontrate e come si intende risolverle
C35: Creazione di accordi tra imprese che intervengono nella competizione al solo fine di presentare offerte artificiosamente basse, in modo da occupare tutti i posizionamenti anomali e consentire, all’impresa che si intende favorire, l’aggiudicazione dell’appalto a un prezzo leggermente al di sopra della soglia di anomalia così falsata. | D35: ='Valutaz Rischio ENTE'!$T$11 -> M | E35: Controlli a campione in fase di valutazione dell'anomalia alla luce delle indicazioni fornite da ANAC per l'ipotesi prevista dall'art. 95, comma 1, lett. d) dlgs 36/2023 | G35: ogni semestre | H35: n. procedure di valutazione delle offerte verificate/n. procedure di valutazione delle offerte svolte nel semestre di riferimento | I35: >80 | J35: RUP | K35: OGNI ANNO | L35: ANNUALE | M35: In alternativa: a) tra 80 e 100 % b) tra 50 e 80% c) tra 0 e 50% | N35: In caso di opzione B e C illustrare le criticità riscontrate e come si intende risolverle
D36: ='Valutaz Rischio ENTE'!$T$11 -> M | E36: Nel caso in cui sia ipotizzabile la sussistenza della fattispecie di cui all'art. 95, comma 1 let. d) dlgs 36/2023, adeguata formalizzazione nei verbali o in altro atto delle specifiche verifiche espletate per escludere la rilevanza degli indizi rilevati | G36: in occasione di ogni procedura in cui si ipotizzi la fattisepcie di cui all'art. 95 comma 1 let. d) dlgs 36/2023 | H36: Presenza formalizzazione verifiche nei verbali di gara (si/no) | I36: Sì | J36: RUP | K36: OGNI ANNO | L36: ANNUALE | M36: In alternativa: a) si b) no | N36: In caso di opzione B illustrare le criticità riscontrate e come si intende risolverle
C37: Affidamenti diretti ripetuti dei servizi di ingegneria o architettura al medesimo soggetto, iscritto in apposito albo/elenco tenuto dalla stazione appaltante che abbia rapporti di parentela o conoscenza con dipendenti dell'ufficio tecnico | D37: ='Valutaz Rischio ENTE'!$T$11 -> M | E37: Adozione di una direttiva, in base alla quale l’individuazione nell’ambito dell’elenco a disposizione della stazione appaltante avvenga sempre mediante sorteggio, fermo restando il rispetto del principio di rotazione. | G37: in occasione di ogni procedura di affidamento diretto di servizi di architettura e ingegneria | H37: 1. Adozione della direttiva (si/no) | I37: Sì | J37: RUP | K37: OGNI ANNO | L37: ANNUALE | M37: In alternativa: a) si b) no | N37: In caso di opzione B illustrare le criticità riscontrate e come si intende risolverle
D38: ='Valutaz Rischio ENTE'!$T$11 -> M | E38: Pubblicazione di avviso per manifestazione di interesse. | H38: Avvisi di minifestazioni d'interesse pubblicate/totale affidamenti diretti servizi di ingegneria e architettura | I38: >80 | J38: RUP | K38: OGNI ANNO | L38: ANNUALE | M38: In alternativa: a) tra 80 e 100 % b) tra 50 e 80% c) tra 0 e 50% | N38: In caso di opzione B e C illustrare le criticità riscontrate e come si intende risolverle
C39: Omessa motivazione o motivazione insufficiente in merito alle condizioni previste dall’art. 7 del d.lgs. 36/2023 per la legittimità dell’affidamento (ossia indicazione dei vantaggi per la collettività, delle connesse esternalità e della congruità economica della prestazione da affidare in house, anche in relazione al perseguimento di obiettivi di universalità, socialità, efficienza, economicità, qualità della prestazione, celerità del procedimento e razionale impiego di risorse pubbliche) | D39: ='Valutaz Rischio ENTE'!$T$11 -> M | E39: Obbligo di motivazione sul contesto concreto e attuale al momento dell'affidamento e in particolare sui lavori servizi e forniture offerti nel medesimo ambito territoriale, e sui prezzi medi praticati per le medesime prestazioni o per prestazioni analoghe. | G39: in occasione di ogni procedura con affidamento in house | H39: n. di affidamenti diretti motivati/totale affidamenti diretti | I39: >80 | J39: RUP | K39: OGNI ANNO | L39: ANNUALE | M39: In alternativa: a) tra 80 e 100 % b) tra 50 e 80% c) tra 0 e 50% | N39: In caso di opzione B e C illustrare le criticità riscontrate e come si intende risolverle
D40: ='Valutaz Rischio ENTE'!$T$11 -> M | E40: Programmazione annuale degli affidamenti diretti | G40: entro il 31 gennaio di ogni anno | H40: Adozione di un programma annuale degli affidamenti diretti (SI/NO) | I40: Sì | J40: RUP | K40: OGNI ANNO | L40: ANNUALE | M40: In alternativa: a) si b) no | N40: In caso di opzione B illustrare le criticità riscontrate e come si intende risolverle
D41: ='Valutaz Rischio ENTE'!$T$11 -> M | E41: Comparazione costi ad es. tramite prezzi di riferimento ANAC, ove esistenti, e BDNCP con riferimento a gare bandite su zone limitrofe. | G41: in occasione di ogni procedura con affidamento in house | H41: 2. n. di affidamenti per i quali è stata svolta la comparazione dei costi/n. totale affidamenti | I41: >80 | J41: RUP | K41: OGNI ANNO | L41: ANNUALE | M41: In alternativa: a) tra 80 e 100 % b) tra 50 e 80% c) tra 0 e 50% | N41: In caso di opzione B e C illustrare le criticità riscontrate e come si intende risolverle
B42: AGGIUDICAZIONE | C42: 1. Alterazione o omissione dei controlli e delle verifiche al fine di favorire un aggiudicatario privo dei requisiti. 2. Alterazione del contenuto delle verifiche per pretermettere l’aggiudicatario e favorire gli operatori economici che seguono nella graduatoria 3. Irregolarità commesse da CUC o altri enti terzi che affidano appalti e concessioni per conto dell'amministrazione | D42: ='Valutaz Rischio ENTE'!$T$12 -> M | E42: 1. Predisposizione di una check list di controllo sul rispetto degli adempimenti e formalità di comunicazione previsti dal Codice. (eventi 1,2) | G42: entro ….. (data fissata dalla SA) | H42: 1. Predisposizione di una check list (si/no) | I42: Sì | J42: RUP | K42: OGNI ANNO | L42: ANNUALE | M42: In alternativa: a) si b) no | N42: In caso di opzione B illustrare le criticità riscontrate e come si intende risolverle
D43: ='Valutaz Rischio ENTE'!$T$12 -> M | E43: 2. Resoconto sulle verifiche svolte dall'ente terzo per l'aggiudicazione (evento 3) | G43: entro ….. (data fissata dalla SA) | H43: 2. Invio del resoconto da parte dell'ente terzo (si/no) | I43: Sì | J43: RUP | K43: OGNI ANNO | L43: ANNUALE | M43: In alternativa: a) si b) no | N43: In caso di opzione B illustrare le criticità riscontrate e come si intende risolverle
A44: ESECUZIONE DEL CONTRATTO | B44: VERIFICA IN CORSO DI ESECUZIONE | C44: Inadeguata gestione del conflitto di interessi nella fase di esecuzione dell'affidamento | D44: ='Valutaz Rischio ENTE'!$T$13 -> M | E44: Rilascio di dichiarazione al momento dell’assegnazione all’ufficio o dell’attribuzione dell’incarico ed ogni volta che ci si trovi in una situazione di conflitto di interessi, anche potenziale, rispetto alla specifica procedura di gara e alle circostanze conosciute da parte del DL, del DEC, ovvero di altri soggetti con funzioni analoghe che intervengono in fase di esecuzione | G44: al momento dell'attribuzione dell'incarico | H44: 1. Rilascio della dichiarazione (si/no) | I44: Sì | J44: RUP | K44: OGNI ANNO | L44: ANNUALE | M44: In alternativa: a) si b) no | N44: In caso di opzione B illustrare le criticità riscontrate e come si intende risolverle
D45: ='Valutaz Rischio ENTE'!$T$13 -> M | E45: Rilascio di dichiarazione per ogni singola gara da parte del DL, del DEC, ovvero di altri soggetti con funzioni analoghe che intervengono in fase di esecuzione | H45: 2. n. dichiarazioni rilasciate da DL, DEC o altro soggetto confunzioni analoghe/n. DL, DEC o altri soggetti con funzioni analoghe designati | I45: >80 | J45: RUP | K45: OGNI ANNO | L45: ANNUALE | M45: In alternativa: a) tra 80 e 100 % b) tra 50 e 80% c) tra 0 e 50% | N45: In caso di opzione B e C illustrare le criticità riscontrate e come si intende risolverle
D46: ='Valutaz Rischio ENTE'!$T$13 -> M | E46: Individuazione dei criteri di rotazione nella nomina del DL, del DEC, ovvero di altri soggetti con funzioni analoghe che intervengono in fase di esecuzione . | H46: 3. Invividuazione dei criteri di rotazione (si/no) | I46: Sì | J46: RUP | K46: OGNI ANNO | L46: ANNUALE | M46: In alternativa: a) si b) no | N46: In caso di opzione B illustrare le criticità riscontrate e come si intende risolverle
D47: ='Valutaz Rischio ENTE'!$T$13 -> M | E47: Inserimento, nei protocolli di legalità e/o nei patti di integrità, di specifiche prescrizioni a carico dei soggetti affidatari, per richiedere una dichiarazione della insussistenza di rapporti di parentela o di familiarità con i soggetti che intervengono nella fase di esecuzione del contratto e la comunicazione di qualsiasi conflitto di interessi che insorga successivamente; | H47: 4. n. protocolli di legalità e/o patti di integrità in cui è stato inserito l'obbligo di dichiarazione/n. protocolli e patti siglati | I47: >80 | J47: RUP | K47: OGNI ANNO | L47: ANNUALE | M47: In alternativa: a) tra 80 e 100 % b) tra 50 e 80% c) tra 0 e 50% | N47: In caso di opzione B e C illustrare le criticità riscontrate e come si intende risolverle
D48: ='Valutaz Rischio ENTE'!$T$13 -> M | E48: Previsione, nei protocolli di legalità e/o nei patti di integrità, di sanzioni a carico dell’aggiudicatario, nel caso di violazione degli impegni sottoscritti, secondo la gravità della violazione accertata, nel rispetto del principio di proporzionalità; | H48: 5. n. protocolli di legalità e/o patti di integrità in cui è stata prevista la sanzione/n. protocolli e patti siglati | I48: >80 | J48: RUP | K48: OGNI ANNO | L48: ANNUALE | M48: In alternativa: a) tra 80 e 100 % b) tra 50 e 80% c) tra 0 e 50% | N48: In caso di opzione B e C illustrare le criticità riscontrate e come si intende risolverle
C49: Apposizione di riserve generiche | D49: ='Valutaz Rischio ENTE'!$T$13 -> M | E49: Verifica dell'apposizione delle riserve in conformità alle disposizioni di cui all'allegato II.14 del dlgs. 36/2023, anche mediante l'utilizzo di apposite check list | G49: in occasione di ogni procedura | H49: verifica anche tramite check list (si/no) | I49: Sì | J49: RUP | K49: OGNI ANNO | L49: ANNUALE | M49: In alternativa: a) si b) no | N49: In caso di opzione B illustrare le criticità riscontrate e come si intende risolverle
C50: Corresponsione di premi di accelerazione in difformità rispetto alle previsioni del bando/avviso | D50: ='Valutaz Rischio ENTE'!$T$13 -> M | E50: Verifica del rispetto delle disposizioni del bando/avviso prima della liquidazione del premio di accelerazione, anche mediante l'utilizzo di apposite check list | G50: in occasione di ogni procedura | H50: verifica anche tramite check list (si/no) | I50: Sì | J50: RUP | K50: OGNI ANNO | L50: ANNUALE | M50: In alternativa: a) si b) no | N50: In caso di opzione B illustrare le criticità riscontrate e come si intende risolverle
C51: Esecuzione dell’appalto in difformità rispetto a quanto proposto in sede di gare e/o comunque “non a regola d’arte” a causa dell’assenza di adeguati controlli sulla corretta esecuzione delle prestazioni contrattuali in violazione dei principi di economicità, efficacia, qualità della prestazione e correttezza nell’esecuzione dell’appalto. Ciò al fine di favorire l’appaltatore | D51: ='Valutaz Rischio ENTE'!$T$13 -> M | E51: Adozione di circolari esplicative sui controlli sulla corretta esecuzione dell'appalto | G51: entro ….. (data fissata dalla SA) | H51: Adozione di circolari esplicative sui controlli (si/no) | I51: Sì | J51: RUP | K51: OGNI ANNO | L51: ANNUALE | M51: In alternativa: a) si b) no | N51: In caso di opzione B illustrare le criticità riscontrate e come si intende risolverle
D52: ='Valutaz Rischio ENTE'!$T$13 -> M | E52: Verifiche sulla corretta esecuzione della prestazione dedotta in contratto | G52: semestrale | H52: n. di affidamenti per i quali sono emersi criticità a seguito di monitoraggio/totale degli affidamenti | I52: >80 | J52: RUP | K52: OGNI ANNO | L52: ANNUALE | M52: In alternativa: a) tra 80 e 100 % b) tra 50 e 80% c) tra 0 e 50% | N52: In caso di opzione B e C illustrare le criticità riscontrate e come si intende risolverle
C53: Ricorso alla subconcessione da parte del concessionario in assenza dei presupposti di legge | D53: ='Valutaz Rischio ENTE'!$T$13 -> M | E53: Adozione di circolari esplicative recanti anche previsioni comportamentali sugli adempimenti e la disciplina in materia di subconcessione, al fine di indirizzare comportamenti in situazioni analoghe e per individuare quei passaggi procedimentali che possono dar luogo ad incertezze | G53: entro ….. (data fissata dal concedente) | H53: Adozione di circolari esplicative sulle subconcessioni (si/no) | I53: Sì | J53: RUP | K53: OGNI ANNO | L53: ANNUALE | M53: In alternativa: a) si b) no | N53: In caso di opzione B illustrare le criticità riscontrate e come si intende risolverle
C54: Ricorso alla subconcessione da parte del concessionario in assenza dei requisiti da parte del subconcessionario | D54: ='Valutaz Rischio ENTE'!$T$13 -> M | E54: Controlli a campione su base semestrale da parte del concedente sul possesso dei requisiti da parte del subconcessionario | G54: ogni sei mesi | H54: n. di controlli sui requisiti effettuati/n. di subconcessioni in essere | I54: >80 | J54: RUP | K54: OGNI ANNO | L54: ANNUALE | M54: In alternativa: a) tra 80 e 100 % b) tra 50 e 80% c) tra 0 e 50% | N54: In caso di opzione B e C illustrare le criticità riscontrate e come si intende risolverle
C55: Revisione contratto al di fuori delle ipotesi di legge (art. 192 dlgs 36/2023) | D55: ='Valutaz Rischio ENTE'!$T$13 -> M | E55: Verifiche sul rispetto dei presupposti di legge per la revisione del contratto di concessione | G55: semestrale | H55: verifiche sul rispetto dei presupposti di legge (si/no) | I55: Sì | J55: RUP | K55: OGNI ANNO | L55: ANNUALE | M55: In alternativa: a) si b) no | N55: In caso di opzione B illustrare le criticità riscontrate e come si intende risolverle
B56: COLLAUDO | C56: Inadeguata gestione del conflitto di interessi nella fase di collaudo | D56: ='Valutaz Rischio ENTE'!$T$14 -> M | E56: Rilascio di dichiarazione al momento dell’assegnazione dell'incarico | G56: al momento dell'assegnazione all'ufficio o dell'attribuzione dell'incarico | H56: 1. n. dichiarazioni rilasciate/n. collaudatori incaricati | I56: >80 | J56: Tecnico | K56: OGNI ANNO | L56: ANNUALE | M56: In alternativa: a) tra 80 e 100 % b) tra 50 e 80% c) tra 0 e 50% | N56: In caso di opzione B e C illustrare le criticità riscontrate e come si intende risolverle
C57: Individuazione del soggetto tenuto al collaudo in violazione delle indicazioni di cui all'art. 116 dlgs. 36/2023 | D57: ='Valutaz Rischio ENTE'!$T$14 -> M | E57: Verifiche a campione sulle nomine dei collaudatori da parte del RPCT | G57: ogni semestre | H57: n. nomine collaudotori verificate/n. nomine collaudatori totali nel semestre di riferimento | I57: >80 | J57: RPCT | K57: OGNI ANNO | L57: ANNUALE | M57: In alternativa: a) tra 80 e 100 % b) tra 50 e 80% c) tra 0 e 50% | N57: In caso di opzione B e C illustrare le criticità riscontrate e come si intende risolverle

Sheet CONTRIBUTI E SOVVENZIONI
A1: Mappatura del Rischio - Area Contributi e Sovvenzioni
A2: Mappatura PROCESSI - ATTIVITA' | C2: REGISTRO RISCHI: Identificazione, analisi e valutazione del rischio corruttivo | E2: Trattamento del Rischio | K2: Monitoraggio
A3: PROCESSI | B3: ATTIVITA' | C3: EVENTI RISCHIOSI | D3: VALUTAZIONE COMPLESSIVA DEL RISCHIO | E3: MISURE SPECIFICHE IN ESSERE | F3: MISURE SPECIFICHE DA ATTUARE | G3: TEMPI DI ATTUAZIONE | H3: INDICATORI DI ATTUAZIONE | I3: VALORE TARGET | J3: SOGGETTO RESPONSABILE della MISURA | K3: PROGRAMMAZIONE DEL MONITORAGGIO V. § 5.1 e § 5.2 del PNA 2022. | L3: FREQUENZA DEL MONITORAGGIO V. § 5.1 e § 5.2 del PNA 2022. | M3: MONITORAGGIO (STATO di ATTUAZIONE MISURE) | N3: NOTE in caso di criticità nel monitoraggio
A4: Attribuzione di vantaggi economici diretti a seguito di bando | B4: Attribuzione di vantaggi economici diretti a seguito di bando (Ad es. contributi affitto, bandi per avvio nuove imprese, borse di studio, ecc.) | C4: mancata trasparenza delle procedure per attribuzione di vantaggi economici | D4: ='Valutaz Rischio ENTE'!T15 -> M | E4: 1. Verifica della pubblicazione dei dati ex artt. 26 e 27 dlgs 33 2. Adozione di un Regolamento interno (o altro atto interno) volto a disciplinare fasi e responsabilità del procedimento. 3. Attuazione del Regolamento adottato. | G4: In occasione di ogni procedura | H4: 1. n. di verifiche trimestrali e a campione svolte rispetto ai bandi pubblicati e alle procedure avviate sul rispetto degli obblighi di pubblicazione di cui agli artt. 26 e 27 d.lgs. 33 2. Adozione del Regolamento (si/no) 3. Rispetto delle previsioni del Regolamento (si/no) | I4: 1. 0 2. Sì 3. Sì | J4: Tutti i Responsabili servizi per tipologia vantaggi economici | K4: OGNI ANNO | L4: ANNUALE | M4: 1. In alternativa: a) 0; b) 1; c) più di 1 2. In alternativa: a) SI b) NO 3. In alternativa: a) SI b) NO 4. Altro | N4: 1. In caso di opzione A illustrare le criticità riscontrate e come si intende risolverle 2. In caso di opzione B illustrare le criticità riscontrate e come si intende risolverle 3. In caso di opzione B illustrare le criticità riscontrate e come si intende risolverle 4. Illustrare le criticità riscontrate e come si intende risolverle
C5: utilizzo di dichiarazioni/attestazioni false o non veritiere per comprovare il possesso dei requisiti per poter partecipare alla procedura per il conferimento di vantaggi economici diretti | D5: ='Valutaz Rischio ENTE'!T15 -> M | E5: 1. Verifiche a campione sulla veridicità/correttezza delle dichiarazioni/attestazioni. Verifiche svolte a cura di più dipendenti | G5: In occasione di ogni procedura | H5: 1. n. di verifiche trimestrali e a campione svolte sulle dichiarazioni/attestazioni per comprovare il possesso dei requisiti per poter partecipare alla procedura per il conferimento di vantaggi economici diretti di cui agli artt. 26 e 27 dlgs 33 | I5: 1. 0 | J5: Tutti i Responsabili servizi per tipologia vantaggi economici | K5: OGNI ANNO | L5: ANNUALE | M5: 1. In alternativa: a) 0; b) 1; c) più di 1 2. Altro | N5: 1. In caso di opzione A illustrare le criticità riscontrate e come si intende risolverle 2. Ilustrare le criticità riscontrate e come si intende risolverle
C6: Bando ad personam per agevolare alcuni partecipanti | D6: ='Valutaz Rischio ENTE'!T15 -> M | E6: 1. Verifiche sulla pubblicazione ai sensi dell'art. 26, co. 1 dei bandi/avvisi e sulla previsione in essi di criteri oggettivi e non discriminatori. Verifiche svolte a cura di più dipendenti 2. Predisposizione del bando con la partecipazione di più dipendenti. | G6: In occasione di ogni procedura | H6: 1. n. di verifiche trimestrali e a campione svolte sul rispetto degli obblighi di pubblicazione dei bandi/avvisi di cui all'art. 26. co. 1 dlgs 33 e sulla oggettività e non discriminatorietà dei requisiti di partecipazione ivi previsti 2. Percentuale dei bandi redatti con la partecipazione di più dipendenti | I6: 1. 0 2. > 80 | J6: Tutti i Responsabili servizi per tipologia vantaggi economici | K6: OGNI ANNO | L6: ANNUALE | M6: 1. In alternativa: a) 0; b) 1; c) più di 1 2. In alternativa: a) tra 80 e 100 % b) tra 50 e 80% c) tra 0 e 50% 3. Altro | N6: 1. In caso di opzione A illustrare le criticità riscontrate e come si intende risolverle 2. In caso di opzione B e C illustrare le criticità riscontrate e come si intende risolverle 3. Illustrare le criticità riscontrate e come si intende risolverle
C7: Conflitti d'interesse tra il personale assegnato alle attività e soggetti richiedenti | D7: ='Valutaz Rischio ENTE'!T15 -> M | E7: 1. Rilascio di una dichiarazione attestante l'assenza di conflitti d'interesse a chiusura del termine di presentazione delle domande utilizzando apposito modulo 2. Adozione del provvedimento finale da parte di soggetto diverso da colui che ha curato l'istruttoria | G7: In occasione di ogni procedura | H7: 1. N. di dichiarazioni rilasciate/totale procedure per le quali sono scaduti i termini di presentazione delle domande 2. Percentuale di provvedimenti adottati da soggetto diverso rispetto a colui che ha curato l'istruttoria | I7: 1. > 80 2. > 80 | J7: Tutti i Responsabili servizi per tipologia vantaggi economici | K7: OGNI ANNO | L7: ANNUALE | M7: 1. In alternativa: a) tra 80 e 100 % b) tra 50 e 80% c) tra 0 e 50% 2. In alternativa: a) tra 80 e 100 % b) tra 50 e 80% c) tra 0 e 50% 3. Altro | N7: 1. In caso di opzione B e C illustrare le criticità riscontrate e come si intende risolverle 2. In caso di opzione B e C illustrare le criticità riscontrate e come si intende risolverle 3. Illustrare le criticità riscontrate e come si intende risolverle
C8: mancata previsione o descrizione dei criteri e/o delle modalità cui le amministrazioni devono attenersi per la concessione del vantaggio | D8: ='Valutaz Rischio ENTE'!T15 -> M | E8: 1. Adozione di un Regolamento interno (o altro atto interno) che espliciti criteri e modalità per la concessione dei vantaggi 2. . Attuazione del Regolamento o altro atto interno 3. Verifiche sulla pubblicazione ai sensi dell'art. 26, co. 1 dlgs 33 del regolamento e/o altro atto interno in cui sono individuati criteri e modalità di assegnazione dei benefici | G8: In occasione di ogni procedura | H8: 1. Adozione del Regolamento (si/no) 2. Rispetto delle previsioni del Regolamento (si/no) 3. n. di verifiche trimestrali e a campione svolte rispetto alla pubblicazione ai sensi dell'art. 26, co. 1 dlgs 33 del regolamento sui requisiti per la partecipazione alla procedura di attribuzione di vantaggi economici diretti | I8: 1. Sì 2. Sì 3. >=1 | J8: Tutti i Responsabili servizi per tipologia vantaggi economici | K8: OGNI ANNO | L8: ANNUALE | M8: 1. In alternativa: a) si b) no 2. In alternativa: a) si b) no 3. In alternativa: a) 0; b) 1; c) più di 1 | N8: 1. In caso di opzione B illustrare le criticità riscontrate e come si intende risolverle 2. In caso di opzione B illustrare le criticità riscontrate e come si intende risolverle 3. In caso di opzione A illustrare le criticità riscontrate e come si intende risolverle
A9: Attribuzione di vantaggi economici ad associazioni (con o senza bando) | B9: Erogazione contributi ad associazioni culturali , sportive, sviluppo economico, turismo o vantaggi economici straordinari per eventi | C9: 1 -Assegnazione contributi a soggetti favoriti 2 -Criteri di valutazione vaghi o manipolabili 3 -Contributi straordinari senza adeguata motivazione 4 -Mancata verifica delle rendicontazioni 5 -Attività non realizzate o parzialmente realizzate 6 -Frammentazione artificiosa dei contributi 7 -Conflitto di interessi non dichiarato | D9: ='Valutaz Rischio ENTE'!T15 -> M | F9: Avvisi pubblici con criteri e punteggi predeterminati ( evento 1) Valutazione tramite griglia standardizzata ( evento 1) Commissione collegiale di valutazione ( evento 1) Definizione criteri quantitativi e soglie minime ( evento 2) Pubblicazione preventiva griglia valutazione ( evento 2) Regolamento per contributi straordinari ( evento 3) Checklist obbligatoria di verifica documentale (evento 4) Relazione finale obbligatoria con evidenze ( evento 5) Registro unico contributi per beneficiario (evento 6) Dichiarazione obbligatoria di assenza conflitto ( evento 7 ) | G9: Annuale Ogni procedura Ogni procedura Annuale Ogni bando Una tantum Ogni liquidazione Ogni procedura Annuale Ogni procedura | H9: % di contributi assegnati tramite bancdo >60 % pratiche con griglia compilata %valutazioni colleguali % bandi con criteri misurabili % di bandi con griglia pubblica Presenza Regolamento 5 di pratiche con Check List % Pratice con relazione finale n. Beneficiari con piu contributi % di pratiche con dichiarazione obbligatoria | I9: >60 >60 >60 >80 >80 si >60 >80 <30 100 | J9: Responsabile Area /Responsabile Giubta Consiglio
A10: Attribuzione di vantaggi economici ad associazioni (con o senza bando) | B10: Erogazione di prestazioni assistenziali | C10: mancata trasparenza delle procedure per l'attribuzione di prestazioni assistenziali | D10: ='Valutaz Rischio ENTE'!T15 -> M | E10: 1. Verifica della pubblicazione dei dati ex artt. 26 e 27 dlgs 33 sulle procedure per l'attribuzione di prestazioni assistenziali 2. Adozione/Aggiornamento/Revisione di un Regolamento interno (o altro atto interno) volto a disciplinare fasi e responsabilità del procedimento. 3. Attuazione del Regolamento adottato. | G10: In occasione di ogni procedura | H10: 1. n. di verifiche trimestrali e a campione sul rispetto degli obblighi di pubblicazione di cui agli artt. 26 e 27 d.lgs. 33 svolte rispetto alle procedure avviate per l'attribuzione di prestazioni assistenziali 2. Adozione del Regolamento (si/no) 3. Rispetto delle previsioni del Regolamento (si/no) | I10: 1. >=1 2. Sì 3. Sì | J10: Responsabile Servizi Sociali | K10: OGNI ANNO | L10: ANNUALE | M10: 1. In alternativa: a) 0; b) 1; c) più di 1 2. In alternativa: a) SI b) NO 3. In alternativa: a) SI b) NO 4. Altro | N10: 1. In caso di opzione A illustrare le criticità riscontrate e come si intende risolverle 2. In caso di opzione B illustrare le criticità riscontrate e come si intende risolverle 3. In caso di opzione B illustrare le criticità riscontrate e come si intende risolverle
C11: utilizzo di dichiarazioni/attestazioni false o non veritiere per attestare il possesso dei requisiti per poter partecipare alla procedura per il'erogazione di prestazioni assistenziali | D11: ='Valutaz Rischio ENTE'!T15 -> M | E11: 1. Verifiche sulla veridicità/correttezza delle dichiarazioni. Verifiche svolte a cura di più | G11: In occasione di ogni procedura | H11: 1. n. di verifiche trimestrali e a campione svolte sulle dichiarazioni/attestazioni comprovanti il possesso dei requisiti per poter partecipare alla procedura per l'erogazione di prestazioni assistenziali di cui agli artt. 26 e 27 dlgs 33 | I11: 1. >=1 | J11: Responsabile Servizi Sociali | K11: OGNI ANNO | L11: ANNUALE | M11: 1. In alternativa: a) 0; b) 1; c) più di 1 | N11: 1. In caso di opzione A illustrare le criticità riscontrate e come si intende risolverle
C12: Bandi/Avvisi ad personam per agevolare alcui partecipanti | D12: ='Valutaz Rischio ENTE'!T15 -> M | E12: 1. Verifiche sulla pubblicazione ai sensi dell'art. 26, co. 1 dei bandi/avvisi e sulla previsione in essi di criteri oggettivi e non discriminatori. Verifiche svolte a cura di più dipendenti 2. Predisposizione del bando con la partecipazione di più dipendenti. | G12: In occasione di ogni procedura | H12: 1. n. di verifiche trimestrali e a campione svolte rispetto ai bandi/avvisi pubblicati sul rispetto degli obblighi di pubblicazione di cui all'art. 26. co. 1 dlgs 33 e sulla oggettività e nn discriminatorietà dei requisiti di partecipazione ivi previsti 2. Percentuale dei bandi redatti con la partecipazione di più dipendenti | I12: 1. >=1 2. > 80 | J12: Responsabile Servizi Sociali | K12: OGNI ANNO | L12: ANNUALE | M12: 1. In alternativa: a) 0; b) 1; c) più di 1 2. In alternativa: a) tra 80 e 100 % b) tra 50 e 80% c) tra 0 e 50% | N12: 1. In caso di opzione A illustrare le criticità riscontrate e come si intende risolverle 2. In caso di opzione B e C illustrare le criticità riscontrate e come si intende risolverle
C13: Conflitti d'interesse tra il personale assegnato alle attività e soggetti richiedenti | D13: ='Valutaz Rischio ENTE'!T16 -> M | E13: 1. Rilascio di una dichiarazione attestante l'assenza di conflitti d'interesse a seguito della presentazione delle domande 2. Adozione del provvedimento finale da parte di soggetto diverso da colui che ha curato l'istruttoria 3. Affiancamento RP nella verifica requisiti per erogazione prestazioni assistenziali | G13: In occasione di ogni procedura | H13: 1. N. di dichiarazioni rilasciate/totale procedure per le quali sono decorsi i termini di presentazione delle domande 2. Percentuale di provvedimenti adottati da soggetto diverso rispetto a colui che ha curato l'istruttoria | I13: 1. > 80 2. > 80 | J13: Responsabile Servizi Sociali | K13: OGNI ANNO | L13: ANNUALE | M13: 1. In alternativa: a) tra 80 e 100 % b) tra 50 e 80% c) tra 0 e 50% 2. In alternativa: a) tra 80 e 100 % b) tra 50 e 80% c) tra 0 e 50% | N13: 1. In caso di opzione B e C illustrare le criticità riscontrate e come si intende risolverle 2. In caso di opzione B e C illustrare le criticità riscontrate e come si intende risolverle
C14: Mancata previsione o descrizione dei criteri e/o delle modalità cui le amministrazioni devono attenersi per l'erogazione delle prestazioni assistenziali | D14: ='Valutaz Rischio ENTE'!T16 -> M | E14: 1. Adozione di un Regolamento interno (o altro atto interno) che preveda espliciti criteri e modalità per la concessione dei vantaggi 2. Attuazione del Regolamento o altro atto interno 3. Verifiche sulla pubblicazione ai sensi dell'art. 26, co. 1 dlgs 33 del regolamento e/o altro atto interno in cui sono individuati criteri e modalità di assegnazione delle prestazioni assistenziali | G14: In occasione di ogni procedura | H14: 1. Adozione del Regolamento (si/no) 2. Rispetto delle previsioni del Regolamento (si/no) 3. n. di verifiche trimestrali e a campione svolte rispetto alla pubblicazione di cui all'art. 26. co. 1 dlgs 33 del regolamento sui requisiti per la partecipazione alla procedura di erogazione di prestazioni assistenziali | I14: 1. Sì 2. Sì 3. >=1 | J14: Responsabile Servizi Sociali | K14: OGNI ANNO | L14: ANNUALE | M14: 1. In alternativa: a) SI b) NO 2. In alternativa: a) SI b) NO 3. In alternativa: a) 0; b) 1; c) più di 1 | N14: 1. In caso di opzione B illustrare le criticità riscontrate e come si intende risolverle 2. In caso di opzione B illustrare le criticità riscontrate e come si intende risolverle 3. In caso di opzione A illustrare le criticità riscontrate e come si intende risolverle
A15: ATTRIBUZIONE DI VANTAGGI ECONOMICI DI QUALUNQUE GENERE A PRIVATI | B15: Sponsorizzazioni | C15: Scelta pilotata sponsor/soggetto sponsorizzato Valutazione discrezionale Sponsorizzazioni non coerenti Sottostima valore economico Mancata trasparenza | D15: ='Valutaz Rischio ENTE'!T18 -> M | F15: Avviso pubblico per ricerca sponsor Griglia valutazione predeterminata Delibera motivata su interesse pubblico Valutazione economica standard Pubblicazione contratti | G15: Ogni procedura Ogni procedura Ogni atto Ogni contratto Annuale | H15: % sponsorizzazioni con avviso % pratiche con griglia % atti con motivazione sconstamenti valori medi % contratti pubblicati | I15: 100 >80 100 >10 100 | J15: Responsabile Servizi
B16: Liquidazione spese di missione Giunta/Consiglio | C16: Liquidazione spese non dovute Gonfiamento rimbordi Missioni fittizie Diparità di trattamento Controlli formali | D16: ='Valutaz Rischio ENTE'!T19 -> M | E16: Regolamento missioni e rimborsi Massimali e tabelle standard Autorizzazione preventiva + relazione Modulistica standard Checklist documentale obbligatoria | G16: Una tantum Ogni liquidazione Ogni missione Continuo Ogni pratica | H16: Presenza di Regolamento %Rimborsientro i limiti %missioni con doppio controllo Scostamento medio rimborsi % di pratiche con Check list | I16: SI 90% 50% -10% 90% | J16: esponsabile Servizi finanziari
B17: Accertamenti e sgravi tributi comunali, gestione istanze di rimborso e agevolazioni di imposta | C17: Accertamenti selettivi Sgravi senza requisiti Mancata emissione atti Disparita' di trattamento Manipolazione Dati | D17: ='Valutaz Rischio ENTE'!T20 -> M | E17: Piano annuale accertamenti con criteri oggettivi Checklist istruttoria requisiti Monitoraggio posizioni anomale Monitoraggio tempi per tipologia Tracciamento accessi software | G17: ANNUALE OGNI PRATICA TRIMESTRALE SEMESTRALE CONTINUO | H17: %ACCERTAMENTI DA PIANO %PRATICHE CON CHECK LIST n.POSIZIONI SOPSPESE SCOSTAMENTO TEMPI MEDI CONTINUO | I17: 90% >80 <3 -5% 100 | J17: Responsabile Servizi Tributi
C18: Conflitti d'interesse tra il personale assegnato alle attività e soggetti richiedenti | D18: ='Valutaz Rischio ENTE'!#REF! -> #REF! | E18: 1. Rilascio di una dichiarazione attestante l'assenza di conflitti d'interesse a chiusura del termine di presentazione delle domande utilizzando apposito modulo 2. Adozione del provvedimento finale da parte di soggetto diverso da colui che ha curato l'istruttoria | G18: In occasione di ogni procedura | H18: 1. N. di dichiarazioni rilasciate/totale procedure per le quali sono scaduti i termini di presentazione delle domande 2. Percentuale di provvedimenti adottati da soggetto diverso rispetto a colui che ha curato l'istruttoria | I18: 1. > 80 2. > 80 | J18: Responsabile Servizi Tributi
B19: RIMBORSI E AGEVOLAZIONI DI IMPOSTA | C19: Accoglimenti selettivi Benefici indebiti Ritardi strumentali Mancata verifica requisiti Disparità trattamento | D19: ='Valutaz Rischio ENTE'!T21 -> M | E19: Requisiti e criteri pubblicati Checklist istruttoria Checklist istruttoria Controlli a campione ex post Standardizzazione istruttoria | G19: ANNUALE OGNI PRATICA TRIMESTRALE ANNUALE CONTINUO | H19: %PROCEDIMENTI STANDARDIZZATI %PRATICHE CON CHECK LIST %PRATICHE NEI TEMPI %PRATICHE CONTROLKATE CONTINUO | I19: >80 >80 >80 >80 -5% | J19: Responsabile Servizi Tributi

Sheet CONTRIBUTI E SOVVENZIONI Monito
A1: Mappatura del Rischio - Area Contributi e Sovvenzioni
A2: Mappatura PROCESSI - ATTIVITA' | C2: REGISTRO RISCHI: Identificazione, analisi e valutazione del rischio corruttivo | E2: Trattamento del Rischio | K2: Monitoraggio
A3: PROCESSI | B3: ATTIVITA' | C3: EVENTI RISCHIOSI | D3: VALUTAZIONE COMPLESSIVA DEL RISCHIO | E3: MISURE SPECIFICHE IN ESSERE | F3: MISURE SPECIFICHE DA ATTUARE | G3: TEMPI DI ATTUAZIONE | H3: INDICATORI DI ATTUAZIONE | I3: VALORE TARGET | J3: SOGGETTO RESPONSABILE della MISURA | K3: PROGRAMMAZIONE DEL MONITORAGGIO V. § 5.1 e § 5.2 del PNA 2022. | L3: FREQUENZA DEL MONITORAGGIO V. § 5.1 e § 5.2 del PNA 2022. | M3: MONITORAGGIO (STATO di ATTUAZIONE MISURE) | N3: NOTE in caso di criticità nel monitoraggio
A4: Attribuzione di vantaggi economici diretti a seguito di bando | B4: Attribuzione di vantaggi economici diretti a seguito di bando (Ad es. contributi affitto, bandi per avvio nuove imprese, borse di studio, ecc.) | C4: mancata trasparenza delle procedure per attribuzione di vantaggi economici | D4: ='Valutaz Rischio ENTE'!#REF! -> #REF! | E4: 1. Verifica della pubblicazione dei dati ex artt. 26 e 27 dlgs 33 2. Adozione di un Regolamento interno (o altro atto interno) volto a disciplinare fasi e responsabilità del procedimento. 3. Attuazione del Regolamento adottato. | G4: In occasione di ogni procedura | H4: 1. n. di verifiche trimestrali e a campione svolte rispetto ai bandi pubblicati e alle procedure avviate sul rispetto degli obblighi di pubblicazione di cui agli artt. 26 e 27 d.lgs. 33 2. Adozione del Regolamento (si/no) 3. Rispetto delle previsioni del Regolamento (si/no) | I4: 1. 0 2. Sì 3. Sì | J4: Tutti i Responsabili servizi per tipologia vantaggi economici | K4: OGNI ANNO | L4: ANNUALE | M4: 1. In alternativa: a) 0; b) 1; c) più di 1 2. In alternativa: a) SI b) NO 3. In alternativa: a) SI b) NO 4. Altro | N4: 1. In caso di opzione A illustrare le criticità riscontrate e come si intende risolverle 2. In caso di opzione B illustrare le criticità riscontrate e come si intende risolverle 3. In caso di opzione B illustrare le criticità riscontrate e come si intende risolverle 4. Illustrare le criticità riscontrate e come si intende risolverle
C5: utilizzo di dichiarazioni/attestazioni false o non veritiere per comprovare il possesso dei requisiti per poter partecipare alla procedura per il conferimento di vantaggi economici diretti | D5: ='Valutaz Rischio ENTE'!#REF! -> #REF! | E5: 1. Verifiche a campione sulla veridicità/correttezza delle dichiarazioni/attestazioni. Verifiche svolte a cura di più dipendenti | G5: In occasione di ogni procedura | H5: 1. n. di verifiche trimestrali e a campione svolte sulle dichiarazioni/attestazioni per comprovare il possesso dei requisiti per poter partecipare alla procedura per il conferimento di vantaggi economici diretti di cui agli artt. 26 e 27 dlgs 33 | I5: 1. 0 | J5: Tutti i Responsabili servizi per tipologia vantaggi economici | K5: OGNI ANNO | L5: ANNUALE | M5: 1. In alternativa: a) 0; b) 1; c) più di 1 2. Altro | N5: 1. In caso di opzione A illustrare le criticità riscontrate e come si intende risolverle 2. Ilustrare le criticità riscontrate e come si intende risolverle
C6: Bando ad personam per agevolare alcuni partecipanti | D6: ='Valutaz Rischio ENTE'!#REF! -> #REF! | E6: 1. Verifiche sulla pubblicazione ai sensi dell'art. 26, co. 1 dei bandi/avvisi e sulla previsione in essi di criteri oggettivi e non discriminatori. Verifiche svolte a cura di più dipendenti 2. Predisposizione del bando con la partecipazione di più dipendenti. | G6: In occasione di ogni procedura | H6: 1. n. di verifiche trimestrali e a campione svolte sul rispetto degli obblighi di pubblicazione dei bandi/avvisi di cui all'art. 26. co. 1 dlgs 33 e sulla oggettività e non discriminatorietà dei requisiti di partecipazione ivi previsti 2. Percentuale dei bandi redatti con la partecipazione di più dipendenti | I6: 1. 0 2. > 80 | J6: Tutti i Responsabili servizi per tipologia vantaggi economici | K6: OGNI ANNO | L6: ANNUALE | M6: 1. In alternativa: a) 0; b) 1; c) più di 1 2. In alternativa: a) tra 80 e 100 % b) tra 50 e 80% c) tra 0 e 50% 3. Altro | N6: 1. In caso di opzione A illustrare le criticità riscontrate e come si intende risolverle 2. In caso di opzione B e C illustrare le criticità riscontrate e come si intende risolverle 3. Illustrare le criticità riscontrate e come si intende risolverle
C7: Conflitti d'interesse tra il personale assegnato alle attività e soggetti richiedenti | D7: ='Valutaz Rischio ENTE'!#REF! -> #REF! | E7: 1. Rilascio di una dichiarazione attestante l'assenza di conflitti d'interesse a chiusura del termine di presentazione delle domande utilizzando apposito modulo 2. Adozione del provvedimento finale da parte di soggetto diverso da colui che ha curato l'istruttoria | G7: In occasione di ogni procedura | H7: 1. N. di dichiarazioni rilasciate/totale procedure per le quali sono scaduti i termini di presentazione delle domande 2. Percentuale di provvedimenti adottati da soggetto diverso rispetto a colui che ha curato l'istruttoria | I7: 1. > 80 2. > 80 | J7: Tutti i Responsabili servizi per tipologia vantaggi economici | K7: OGNI ANNO | L7: ANNUALE | M7: 1. In alternativa: a) tra 80 e 100 % b) tra 50 e 80% c) tra 0 e 50% 2. In alternativa: a) tra 80 e 100 % b) tra 50 e 80% c) tra 0 e 50% 3. Altro | N7: 1. In caso di opzione B e C illustrare le criticità riscontrate e come si intende risolverle 2. In caso di opzione B e C illustrare le criticità riscontrate e come si intende risolverle 3. Illustrare le criticità riscontrate e come si intende risolverle
C8: mancata previsione o descrizione dei criteri e/o delle modalità cui le amministrazioni devono attenersi per la concessione del vantaggio | D8: ='Valutaz Rischio ENTE'!#REF! -> #REF! | E8: 1. Adozione di un Regolamento interno (o altro atto interno) che espliciti criteri e modalità per la concessione dei vantaggi 2. . Attuazione del Regolamento o altro atto interno 3. Verifiche sulla pubblicazione ai sensi dell'art. 26, co. 1 dlgs 33 del regolamento e/o altro atto interno in cui sono individuati criteri e modalità di assegnazione dei benefici | G8: In occasione di ogni procedura | H8: 1. Adozione del Regolamento (si/no) 2. Rispetto delle previsioni del Regolamento (si/no) 3. n. di verifiche trimestrali e a campione svolte rispetto alla pubblicazione ai sensi dell'art. 26, co. 1 dlgs 33 del regolamento sui requisiti per la partecipazione alla procedura di attribuzione di vantaggi economici diretti | I8: 1. Sì 2. Sì 3. >=1 | J8: Tutti i Responsabili servizi per tipologia vantaggi economici | K8: OGNI ANNO | L8: ANNUALE | M8: 1. In alternativa: a) si b) no 2. In alternativa: a) si b) no 3. In alternativa: a) 0; b) 1; c) più di 1 | N8: 1. In caso di opzione B illustrare le criticità riscontrate e come si intende risolverle 2. In caso di opzione B illustrare le criticità riscontrate e come si intende risolverle 3. In caso di opzione A illustrare le criticità riscontrate e come si intende risolverle
A9: Erogazione di prestazioni assistenziali | B9: Erogazione di prestazioni assistenziali | C9: mancata trasparenza delle procedure per l'attribuzione di prestazioni assistenziali | D9: ='Valutaz Rischio ENTE'!#REF! -> #REF! | E9: 1. Verifica della pubblicazione dei dati ex artt. 26 e 27 dlgs 33 sulle procedure per l'attribuzione di prestazioni assistenziali 2. Adozione di un Regolamento interno (o altro atto interno) volto a disciplinare fasi e responsabilità del procedimento. 3. Attuazione del Regolamento adottato. | G9: In occasione di ogni procedura | H9: 1. n. di verifiche trimestrali e a campione sul rispetto degli obblighi di pubblicazione di cui agli artt. 26 e 27 d.lgs. 33 svolte rispetto alle procedure avviate per l'attribuzione di prestazioni assistenziali 2. Adozione del Regolamento (si/no) 3. Rispetto delle previsioni del Regolamento (si/no) | I9: 1. >=1 2. Sì 3. Sì | J9: Responsabile Servizi Sociali | K9: OGNI ANNO | L9: ANNUALE | M9: 1. In alternativa: a) 0; b) 1; c) più di 1 2. In alternativa: a) SI b) NO 3. In alternativa: a) SI b) NO 4. Altro | N9: 1. In caso di opzione A illustrare le criticità riscontrate e come si intende risolverle 2. In caso di opzione B illustrare le criticità riscontrate e come si intende risolverle 3. In caso di opzione B illustrare le criticità riscontrate e come si intende risolverle
C10: utilizzo di dichiarazioni/attestazioni false o non veritiere per attestare il possesso dei requisiti per poter partecipare alla procedura per il'erogazione di prestazioni assistenziali | D10: ='Valutaz Rischio ENTE'!#REF! -> #REF! | E10: 1. Verifiche sulla veridicità/correttezza delle dichiarazioni. Verifiche svolte a cura di più | G10: In occasione di ogni procedura | H10: 1. n. di verifiche trimestrali e a campione svolte sulle dichiarazioni/attestazioni comprovanti il possesso dei requisiti per poter partecipare alla procedura per l'erogazione di prestazioni assistenziali di cui agli artt. 26 e 27 dlgs 33 | I10: 1. >=1 | J10: Responsabile Servizi Sociali | K10: OGNI ANNO | L10: ANNUALE | M10: 1. In alternativa: a) 0; b) 1; c) più di 1 | N10: 1. In caso di opzione A illustrare le criticità riscontrate e come si intende risolverle
C11: Bandi/Avvisi ad personam per agevolare alcui partecipanti | D11: ='Valutaz Rischio ENTE'!#REF! -> #REF! | E11: 1. Verifiche sulla pubblicazione ai sensi dell'art. 26, co. 1 dei bandi/avvisi e sulla previsione in essi di criteri oggettivi e non discriminatori. Verifiche svolte a cura di più dipendenti 2. Predisposizione del bando con la partecipazione di più dipendenti. | G11: In occasione di ogni procedura | H11: 1. n. di verifiche trimestrali e a campione svolte rispetto ai bandi/avvisi pubblicati sul rispetto degli obblighi di pubblicazione di cui all'art. 26. co. 1 dlgs 33 e sulla oggettività e nn discriminatorietà dei requisiti di partecipazione ivi previsti 2. Percentuale dei bandi redatti con la partecipazione di più dipendenti | I11: 1. >=1 2. > 80 | J11: Responsabile Servizi Sociali | K11: OGNI ANNO | L11: ANNUALE | M11: 1. In alternativa: a) 0; b) 1; c) più di 1 2. In alternativa: a) tra 80 e 100 % b) tra 50 e 80% c) tra 0 e 50% | N11: 1. In caso di opzione A illustrare le criticità riscontrate e come si intende risolverle 2. In caso di opzione B e C illustrare le criticità riscontrate e come si intende risolverle
C12: Conflitti d'interesse tra il personale assegnato alle attività e soggetti richiedenti | D12: ='Valutaz Rischio ENTE'!#REF! -> #REF! | E12: 1. Rilascio di una dichiarazione attestante l'assenza di conflitti d'interesse a seguito della presentazione delle domande 2. Adozione del provvedimento finale da parte di soggetto diverso da colui che ha curato l'istruttoria 3. Affiancamento RP nella verifica requisiti per erogazione prestazioni assistenziali | G12: In occasione di ogni procedura | H12: 1. N. di dichiarazioni rilasciate/totale procedure per le quali sono decorsi i termini di presentazione delle domande 2. Percentuale di provvedimenti adottati da soggetto diverso rispetto a colui che ha curato l'istruttoria | I12: 1. > 80 2. > 80 | J12: Responsabile Servizi Sociali | K12: OGNI ANNO | L12: ANNUALE | M12: 1. In alternativa: a) tra 80 e 100 % b) tra 50 e 80% c) tra 0 e 50% 2. In alternativa: a) tra 80 e 100 % b) tra 50 e 80% c) tra 0 e 50% | N12: 1. In caso di opzione B e C illustrare le criticità riscontrate e come si intende risolverle 2. In caso di opzione B e C illustrare le criticità riscontrate e come si intende risolverle
C13: Mancata previsione o descrizione dei criteri e/o delle modalità cui le amministrazioni devono attenersi per l'erogazione delle prestazioni assistenziali | D13: ='Valutaz Rischio ENTE'!#REF! -> #REF! | E13: 1. Adozione di un Regolamento interno (o altro atto interno) che preveda espliciti criteri e modalità per la concessione dei vantaggi 2. Attuazione del Regolamento o altro atto interno 3. Verifiche sulla pubblicazione ai sensi dell'art. 26, co. 1 dlgs 33 del regolamento e/o altro atto interno in cui sono individuati criteri e modalità di assegnazione delle prestazioni assistenziali | G13: In occasione di ogni procedura | H13: 1. Adozione del Regolamento (si/no) 2. Rispetto delle previsioni del Regolamento (si/no) 3. n. di verifiche trimestrali e a campione svolte rispetto alla pubblicazione di cui all'art. 26. co. 1 dlgs 33 del regolamento sui requisiti per la partecipazione alla procedura di erogazione di prestazioni assistenziali | I13: 1. Sì 2. Sì 3. >=1 | J13: Responsabile Servizi Sociali | K13: OGNI ANNO | L13: ANNUALE | M13: 1. In alternativa: a) SI b) NO 2. In alternativa: a) SI b) NO 3. In alternativa: a) 0; b) 1; c) più di 1 | N13: 1. In caso di opzione B illustrare le criticità riscontrate e come si intende risolverle 2. In caso di opzione B illustrare le criticità riscontrate e come si intende risolverle 3. In caso di opzione A illustrare le criticità riscontrate e come si intende risolverle
A14: ATTRIBUZIONE DI VANTAGGI ECONOMICI DI QUALUNQUE GENERE A PRIVATI | B14: Sponsorizzazioni | C14: Scelta pilotata sponsor/soggetto sponsorizzato Valutazione discrezionale Sponsorizzazioni non coerenti Sottostima valore economico Mancata trasparenza | F14: Avviso pubblico per ricerca sponsor Griglia valutazione predeterminata Delibera motivata su interesse pubblico Valutazione economica standard Pubblicazione contratti | H14: % sponsorizzazioni con avviso % pratiche con griglia % atti con motivazione sconstamenti valori medi % contratti pubblicati | I14: 100 >80 100 >10 100 | J14: Responsabile Servizi | K14: OGNI ANNO | L14: ANNUALE | M14: n alternativa: a) tra 80 e 100 % b) tra 50 e 80% c) tra 0 e 50% | N14: In caso di opzione B e C illustrare le criticità riscontrate e come si intende risolverle
B15: Liquidazione spese di missione Giunta/Consiglio | C15: Liquidazione spese non dovute Gonfiamento rimbordi Missioni fittizie Diparità di trattamento Controlli formali | E15: Regolamento missioni e rimborsi Massimali e tabelle standard Autorizzazione preventiva + relazione Modulistica standard Checklist documentale obbligatoria | H15: Presenza di Regolamento %Rimborsientro i limiti %missioni con doppio controllo Scostamento medio rimborsi % di pratiche con Check list | I15: SI 90% 50% -10% 90% | J15: esponsabile Servizi finanziari | K15: OGNI ANNO | L15: ANNUALE | M15: n alternativa: a) tra 80 e 100 % b) tra 50 e 80% c) tra 0 e 50% 1. In alternativa: a) SI b) NO | N15: In caso di opzione B e C illustrare le criticità riscontrate e come si intende risolverle 2. In caso di opzione B illustrare le criticità riscontrate e come si intende risolverle
B16: Accertamenti e sgravi tributi comunali, gestione istanze di rimborso e agevolazioni di imposta | C16: Accertamenti selettivi Sgravi senza requisiti Mancata emissione atti Disparita' di trattamento Manipolazione Dati | E16: Piano annuale accertamenti con criteri oggettivi Checklist istruttoria requisiti Monitoraggio posizioni anomale Monitoraggio tempi per tipologia Tracciamento accessi software | H16: %ACCERTAMENTI DA PIANO %PRATICHE CON CHECK LIST n.POSIZIONI SOPSPESE SCOSTAMENTO TEMPI MEDI CONTINUO | I16: 90% >80 <3 -5% 100 | J16: Responsabile Servizi Tributi | K16: OGNI ANNO | L16: ANNUALE | M16: n alternativa: a) tra 80 e 100 % b) tra 50 e 80% c) tra 0 e 50% | N16: In caso di opzione B e C illustrare le criticità riscontrate e come si intende risolverle
C17: Conflitti d'interesse tra il personale assegnato alle attività e soggetti richiedenti | E17: 1. Rilascio di una dichiarazione attestante l'assenza di conflitti d'interesse a chiusura del termine di presentazione delle domande utilizzando apposito modulo 2. Adozione del provvedimento finale da parte di soggetto diverso da colui che ha curato l'istruttoria | H17: 1. N. di dichiarazioni rilasciate/totale procedure per le quali sono scaduti i termini di presentazione delle domande 2. Percentuale di provvedimenti adottati da soggetto diverso rispetto a colui che ha curato l'istruttoria | I17: 1. > 80 2. > 80 | J17: Responsabile Servizi Tributi | K17: OGNI ANNO | L17: ANNUALE | M17: n alternativa: a) tra 80 e 100 % b) tra 50 e 80% c) tra 0 e 50% | N17: In caso di opzione B e C illustrare le criticità riscontrate e come si intende risolverle
B18: RIMBORSI E AGEVOLAZIONI DI IMPOSTA | C18: Accoglimenti selettivi Benefici indebiti Ritardi strumentali Mancata verifica requisiti Disparità trattamento | E18: Requisiti e criteri pubblicati Checklist istruttoria Checklist istruttoria Controlli a campione ex post Standardizzazione istruttoria | H18: %PROCEDIMENTI STANDARDIZZATI %PRATICHE CON CHECK LIST %PRATICHE NEI TEMPI %PRATICHE CONTROLKATE CONTINUO | I18: >80 >80 >80 >80 -5% | J18: Responsabile Servizi Tributi | K18: OGNI ANNO | L18: ANNUALE | M18: n alternativa: a) tra 80 e 100 % b) tra 50 e 80% c) tra 0 e 50% | N18: In caso di opzione B e C illustrare le criticità riscontrate e come si intende risolverle

Sheet CONCORSI E SELEZIONI
A1: Mappatura del Rischio - Area dei Concorsi e Selezioni
A2: Mappatura PROCESSI - ATTIVITA' | C2: REGISTRO RISCHI: Identificazione, analisi e valutazione del rischio corruttivo | E2: Trattamento del Rischio | K2: Monitoraggio
A3: PROCESSI | B3: ATTIVITA' | C3: EVENTI RISCHIOSI | D3: VALUTAZIONE COMPLESSIVA DEL RISCHIO | E3: MISURE SPECIFICHE IN ESSERE | F3: MISURE SPECIFICHE DA ATTUARE | G3: TEMPI DI ATTUAZIONE | H3: INDICATORI DI ATTUAZIONE | I3: TARGET | J3: SOGGETTO RESPONSABILE DELLA MISURA | K3: PROGRAMMAZIONE DEL MONITORAGGIO V. § 5.1 e § 5.2 del PNA 2022. | L3: FREQUENZA DEL MONITORAGGIO V. § 5.1 e § 5.2 del PNA 2022. | M3: MONITORAGGIO (STATO di ATTUAZIONE MISURE) | N3: NOTE in caso di criticità nel monitoraggio
A4: CONFERIMENTO DI INCARICHI EXTRA ISTITUZIONALI | B4: Gestione incarichi extra-istituzionali ai dipendenti | C4: Elusione delle procedure di svolgimento delle attività e di controllo Omissioni richiesta autorizzazione da parte del dipendente | D4: B | E4: Definizione di una procedura per la presentazione della richiesta e il rilascio dell’autorizzazione, in cui sia prevista una black list di attività precluse - prevedere adeguata tempistica di preavviso per l'autorizzazione Controllo presenza di tutti i criteri per il rilascio autorizzazioni, con particolare riferimento al conflitto di interessi limiti di importo e temporali degli incarichi esterni fissati dal regolamento comunale di ordinamento degli uffici e dei servizi | H4: PREDISPOSIZIONE REGOLAMENTO (ON /OFF) N. AUTORIZZAZIONI RILASCIATE CONFORMI/ N. AUTORIZZAZIONI RILASCIATE | I4: 100% 100% | J4: 2 - Trasparenza Affari Generali Risorse Umane Datore di Lavoro Demografici
A5: CONCORSO PER L'ASSUNZIONE DI PERSONALE | B5: Programmazione dell'assunzione/fabbisogni del personale | C5: Omessa o scorretta ricognizione delle eccedenze di personale con conseguente errato calcolo dei fabbisogni tra i diversi settori/unità organizzative dell'Ente anche al fine di procedere o meno all'assunzione di personale | D5: ='Valutaz Rischio ENTE'!T22 -> B | E5: Adempimento precedente riassorbito dal Piano dei fabbisogni e ora di nuovo cogente dopo l'assorbimento del Piano fabbisogni nel PIAO | G5: Annuale | H5: Inserimento all'interno della sezione 3.3 | I5: Sì | J5: Responsabile Risorse Umane | K5: OGNI ANNO | L5: ANNUALE | M5: In alternativa: a) si b) no | N5: In caso di opzione B illustrare le criticità riscontrate e come si intende risolverle
B6: Predisposizione del bando di concorso e/o avvisi di selezione | C6: Mancato adeguamento / aggiornamento del Regolamento per l'organizzazione degli Uffici e dei Servizi - Sezione concorsi alle nuove normative legislative e contrattuali | D6: ='Valutaz Rischio ENTE'!$T$23 -> M | E6: Aggiornamento del relativo Regolamento per l'organizzazione degli Uffici e dei Servizi - Sezione concorsi alle nuove normative legislative e contrattuali | G6: In occasione di ogni aggiornamento normativo o contrattuale | H6: Aggiornamento del Regolamento (si/no) | I6: Sì | J6: Segretario Comunale | K6: OGNI ANNO | L6: ANNUALE | M6: In alternativa: a) si b) no | N6: In caso di opzione B illustrare le criticità riscontrate e come si intende risolverle
C7: Previsione di requisiti e titoli di ammissione troppo generici ovvero troppo specifici, sproporazionati rispetto al profilo richiesto, al fine di favorire determinati candidati e/o restringere indebitamente i potenziali concorrenti - fenomeno bandi "ad personam" | D7: ='Valutaz Rischio ENTE'!$T$23 -> M | E7: Controllo a campione da parte del RPCT* dei bandi di concorso/avvisi di selezione, per verificare la coerenza dei requisiti di ammissione con i profili professionali richiesti, nonchè la corrispondenza del profilo professionale richiesto con quello bandito in sede di mobilità ex art. 34bis d.lgs. n. 165/2001 *il controllo potrà essere svolto dal Responsabile dell'Ufficio del personale laddove soggetto diverso dal dipendente che ha curato la redazione del bando Tracciabilità dello svolgimento e dell'esito delle operazioni concorsuali rispetto ai criteri di selezione e valutazione prestabiliti | F7: Evitare scadenza pubblicazione in periodi feriali (agosto - 24 dicembre/7 gennaio) | G7: In occasione di ogni pubblicazione di bando/avviso di procedura di selezione | H7: Percentuale a campione dei bandi/avvisi rispetto al totale | I7: >80 | J7: RPCT | K7: OGNI ANNO | L7: ANNUALE | M7: In alternativa: a) tra 80 e 100 % b) tra 50 e 80% c) tra 0 e 50% | N7: In caso di opzione B illustrare le criticità riscontrate e come si intende risolverle
B8: Nomina Commissione esaminatrice | C8: Omessa previsione nei Regolamenti comunali di criteri per l'individuazione dei commissari | D8: ='Valutaz Rischio ENTE'!$T$24 -> M | E8: Adozione/aggiornamento dei criteri per l'individuazione dei Commissari nel Regolamento per l'organizzazione degli Uffici e dei Servizi - Sezione concorsi | G8: In occasione di ogni aggiornamento normativo o contrattuale | H8: Adozione/aggiornamento del Regolamento (si/no) | I8: Sì | J8: Responsabile Risorse Umane | K8: OGNI ANNO | L8: ANNUALE | M8: In alternativa: a) si b) no | N8: In caso di opzione B illustrare le criticità riscontrate e come si intende risolverle
C9: Scelta dei Commissari al fine di favorire uno o più candidati predenterminati | D9: ='Valutaz Rischio ENTE'!$T$24 -> M | E9: Rotazione dei commissari, anche nelle ipotesi di ricorso a società esterne | G9: in occasione di ogni procedura selettiva | H9: Rotazione dei commissari (si/no) | I9: Sì | J9: Responsabile Risorse Umane | K9: OGNI ANNO | L9: ANNUALE | M9: In alternativa: a) si b) no | N9: In caso di opzione B illustrare le criticità riscontrate e come si intende risolverle
C10: Omessa raccolta o verifica delle dichiarazioni dei Commissari sulla assenza di conflitto di interessi all'esito della consultazione della lista dei candidati | D10: ='Valutaz Rischio ENTE'!$T$24 -> M | E10: 1. Verifica a campione da parte del RPCT sul rilascio delle dichiarazione in sede di insediamento della commissione 2. Verifica da parte dell'ufficio del personale in contraddittorio con il Commissario sul contenuto di tutte le dichiarazioni, in sede di insediamento della commissione 3. Utilizzo di apposita modulistica per il rilascio delle dichiarazioni di assenza dei conflitti d'interesse | G10: in occasione di ogni procedura selettiva | H10: 1. campione di dichiarazioni rilasciate dai commissari/n. totale dichiarazioni rilasciate 2. % delle dichiarazioni rilasciate 3. % delle dichiarazioni rilasciate mediante appositi moduli | I10: 1. > 80 2. > 80 3. > 80 | J10: Responsabile Risorse Umane | K10: OGNI ANNO | L10: ANNUALE | M10: In alternativa: a) tra 80 e 100 % b) tra 50 e 80% c) tra 0 e 50% In alternativa: a) tra 80 e 100 % b) tra 50 e 80% c) tra 0 e 50% In alternativa: a) tra 80 e 100 % b) tra 50 e 80% c) tra 0 e 50% | N10: In caso di opzione B illustrare le criticità riscontrate e come si intende risolverle
B11: Svolgimento delle prove concorsuali e valutazione dei titoli | C11: Ritardata pubblicazione dell'esito della valutazione titoli rispetto allo svolgimento della prova orale, per favorire determinati candidati in sede di redazione della graduatoria dopo l'ultima prova concorsuale | D11: ='Valutaz Rischio ENTE'!$T$25 -> M | E11: Verifica da parte dell'ufficio del personale circa la tempistica di pubblicazione dell'esito della valutazione dei titoli rispetto allo svolgimento della prova orale | G11: in occasione di ogni procedura selettiva | H11: pubblicazione della valutazione dei titoli prima dello svolgimento della prova orale (SI/NO) | I11: Sì | J11: Responsabile Risorse Umane | K11: OGNI ANNO | L11: ANNUALE | M11: In alternativa: a) si b) no | N11: In caso di opzione B illustrare le criticità riscontrate e come si intende risolverle
C12: Svolgimento della prova orale in mancanza di testimoni | D12: ='Valutaz Rischio ENTE'!$T$25 -> M | E12: Previsione dell'obbligo della presenza di almeno due testimoni durante lo svolgimento della prova orale, da reclutare eventualmente anche tra i dipendenti dell'ente | G12: in occasione di ogni procedura selettiva | H12: n. di prove orali svolte alla presenza di testimoni/totale delle prove orali svolte | I12: >80 | J12: Responsabile Risorse Umane | K12: OGNI ANNO | L12: ANNUALE | M12: In alternativa: a) tra 80 e 100 % b) tra 50 e 80% c) tra 0 e 50% | N12: In caso di opzione B illustrare le criticità riscontrate e come si intende risolverle
B13: Approvazione della gradutoria | C13: Ingerenze esterne nel processo formativo della graduatoria all'esito della prova orale e/o ritardata pubblicazione dell'esito della prova orale | D13: ='Valutaz Rischio ENTE'!$T$25 -> M | E13: Previsione dell'obbligo di pubblicazione dell'esito della prova orale tempestivamente, e comunque non oltre il termine della giornata di svolgimento della prova in linea con le previsioni di cui all'art. 19 dlgs 33/2013 che impone la pubblicazione tempestiva di tutti gli atti della procedura | G13: in occasione di ogni procedura selettiva | H13: Pubblicazione degli esiti della prova orale nei termini (si/no) | I13: Sì | J13: Responsabile Risorse Umane | K13: OGNI ANNO | L13: ANNUALE | M13: In alternativa: a) si b) no | N13: In caso di opzione B illustrare le criticità riscontrate e come si intende risolverle
A14: Attingimento da graduatoria di altri Enti | B14: Attingimento da graduatoria di altri Enti | C14: Individuazione pilotata della graduatoria per condizionare la scelta del candidato da assumere | D14: ='Valutaz Rischio ENTE'!T27 -> M | E14: Previsione di una disposizione del Regolamento Uffici e Servizi o in altro atto interno che stabilisca i criteri di selezione della graduatoria di altri enti da cui attingere, secondo un ordine di priorità oggettivo e predeterminato (es. i comuni della Provincia e in subordine della Regione di riferimento; la distanza kilometrica dal capoluogo) | G14: In occasione di ogni aggiornamento normativo o contrattuale | H14: Inserimento della disposizione regolamentare (si/no) | I14: Sì | J14: Responsabile Risorse Umane | K14: OGNI ANNO | L14: ANNUALE | M14: In alternativa: a) si b) no | N14: In caso di opzione B illustrare le criticità riscontrate e come si intende risolverle
A15: Mobilità volontaria | B15: Mobilità volontaria | C15: Omessa o scarsa previsione nel bando/avviso di criteri oggettivi predeterminati rispetto alle effettive esigenze dell'ente anche al fine di favorire candidati prederminati | D15: ='Valutaz Rischio ENTE'!T28 -> M | E15: Verifica a campione da parte del RPCT della previsione nel bando/avviso di criteri oggettivi predeterminati rispetto alle effettive esigenze dell'ente anche sulla base del piano dei fabbisogni | G15: in occasione di ogni procedura di mobilità | H15: n. bandi/avvisi contenenti criteri oggettivi predeterminati rispetto alle effettive esigenze dell'ente oggetto del campione /n. totale bandi/avvisi | I15: >80 | J15: RPCT | K15: OGNI ANNO | L15: ANNUALE | M15: In alternativa: a) tra 80 e 100 % b) tra 50 e 80% c) tra 0 e 50% | N15: In caso di opzione B illustrare le criticità riscontrate e come si intende risolverle
A16: Assunzioni ex art. 110 TUEL, ex art. 90 TUEL, assunzioni stagionali di personale (es. polizia locale) | B16: Assunzioni ex art. 110 TUEL, ex art. 90 TUEL, assunzioni stagionali di personale (es. polizia locale) | C16: Omessa o scarsa previsione nel bando/avviso di criteri oggettivi predeterminati rispetto alle effettive esigenze dell'ente anche al fine di favorire candidati prederminati | D16: ='Valutaz Rischio ENTE'!T29 -> A | E16: Verifica a campione da parte del RPCT della previsione nel bando/avviso di criteri oggettivi predeterminati rispetto alle effettive esigenze dell'ente anche sulla base del piano dei fabbisogni | G16: in occasione di ogni assunzione | H16: n. bandi/avvisi contenenti criteri oggettivi predeterminati rispetto alle effettive esigenze dell'ente oggetto del campione /n. totale bandi/avvisi | I16: >80 | J16: RPCT | K16: OGNI ANNO | L16: ANNUALE | M16: In alternativa: a) tra 80 e 100 % b) tra 50 e 80% c) tra 0 e 50% | N16: In caso di opzione B illustrare le criticità riscontrate e come si intende risolverle
A17: Progressioni di carriera | B17: Progressioni di carriera verticali | C17: Omessa o scarsa predeterminazione di criteri e limiti al conferimento delle progressioni di carriera al fine di favorire determinati dipendenti | D17: ='Valutaz Rischio ENTE'!T30 -> M | E17: 1. Inserimento della programmazione delle progressioni veriticali nel Piano dei Fabbisogni 2. Previsione nel Regolamento comunale - anche adottato ad hoc per le progressioni verticali - di criteri predefiniti che limitino la discrezionalità dell'Ente, quali titoli di servizio, titoli di studio e anzianità di servizio, facendo sì che nessun criterio sia in assoluto preminente sull'altro | G17: In occasione dell'adozione del PIAO In occasione di ogni aggiornamento normativo o contrattuale | H17: 1. Aggiornamento Piano dei fabbisogni (si/no) 2. Inserimento disposizione regolamentare (si/no) | I17: 1. Sì 2. Sì | J17: Responsabile Risorse Umane | K17: OGNI ANNO | L17: ANNUALE | M17: 1. In alternativa: a) si b) no 2. In alternativa: a) si b) no | N17: In caso di opzione B illustrare le criticità riscontrate e come si intende risolverle
B18: Progressioni di carriera orizzontali | C18: Omessa o scarsa predeterminazione di criteri e limiti al conferimento delle progressioni di carriera al fine di favorire determinati dipendenti | D18: ='Valutaz Rischio ENTE'!T31 -> B | E18: Verifica da parte del RPCT dell'individuazione dei criteri per le progressioni orizzontali nell'ambito della contrattazione decentrata | G18: In occasione di ogni progressione orizzontale | H18: Individuazione dei criteri per le progressioni orizzontali nella contrattazione decentrata (si/no) | I18: Sì | J18: RPCT | K18: OGNI ANNO | L18: ANNUALE | M18: In alternativa: a) si b) no | N18: In caso di opzione B illustrare le criticità riscontrate e come si intende risolverle

Sheet CONCORSI E SELEZIONI Monitoragg
A1: Mappatura del Rischio - Area dei Concorsi e Selezioni
A2: Mappatura PROCESSI - ATTIVITA' | C2: REGISTRO RISCHI: Identificazione, analisi e valutazione del rischio corruttivo | E2: Trattamento del Rischio | K2: Monitoraggio
A3: PROCESSI | B3: ATTIVITA' | C3: EVENTI RISCHIOSI | D3: VALUTAZIONE COMPLESSIVA DEL RISCHIO | E3: MISURE SPECIFICHE IN ESSERE | F3: MISURE SPECIFICHE DA ATTUARE | G3: TEMPI DI ATTUAZIONE | H3: INDICATORI DI ATTUAZIONE | I3: TARGET | J3: SOGGETTO RESPONSABILE DELLA MISURA | K3: PROGRAMMAZIONE DEL MONITORAGGIO | L3: FREQUENZA DEL MONITORAGGIO | M3: MONITORAGGIO (STATO di ATTUAZIONE MISURE) | N3: NOTE in caso di criticità nel monitoraggio
A4: CONFERIMENTO DI INCARICHI EXTRA ISTITUZIONALI | B4: Gestione incarichi extra-istituzionali ai dipendenti | C4: Elusione delle procedure di svolgimento delle attività e di controllo Omissioni richiesta autorizzazione da parte del dipendente | D4: B | E4: Definizione di una procedura per la presentazione della richiesta e il rilascio dell’autorizzazione, in cui sia prevista una black list di attività precluse - prevedere adeguata tempistica di preavviso per l'autorizzazione Controllo presenza di tutti i criteri per il rilascio autorizzazioni, con particolare riferimento al conflitto di interessi limiti di importo e temporali degli incarichi esterni fissati dal regolamento comunale di ordinamento degli uffici e dei servizi | H4: PREDISPOSIZIONE REGOLAMENTO (ON /OFF) N. AUTORIZZAZIONI RILASCIATE CONFORMI/ N. AUTORIZZAZIONI RILASCIATE | I4: 100% 100% | J4: 2 - Trasparenza Affari Generali Risorse Umane Datore di Lavoro Demografici
A5: CONCORSO PER L'ASSUNZIONE DI PERSONALE | B5: Programmazione dell'assunzione/fabbisogni del personale | C5: Omessa o scorretta ricognizione delle eccedenze di personale con conseguente errato calcolo dei fabbisogni tra i diversi settori/unità organizzative dell'Ente anche al fine di procedere o meno all'assunzione di personale | D5: ='Valutaz Rischio ENTE'!T22 -> B | E5: Adempimento precedente riassorbito dal Piano dei fabbisogni e ora di nuovo cogente dopo l'assorbimento del Piano fabbisogni nel PIAO | G5: Annuale | H5: Inserimento all'interno della sezione 3.3 | I5: Sì | J5: Responsabile Risorse Umane | K5: OGNI ANNO | L5: ANNUALE | M5: In alternativa: a) si b) no | N5: In caso di opzione B illustrare le criticità riscontrate e come si intende risolverle
B6: Predisposizione del bando di concorso e/o avvisi di selezione | C6: Mancato adeguamento / aggiornamento del Regolamento per l'organizzazione degli Uffici e dei Servizi - Sezione concorsi alle nuove normative legislative e contrattuali | D6: ='Valutaz Rischio ENTE'!$T$23 -> M | E6: Aggiornamento del relativo Regolamento per l'organizzazione degli Uffici e dei Servizi - Sezione concorsi alle nuove normative legislative e contrattuali | G6: In occasione di ogni aggiornamento normativo o contrattuale | H6: Aggiornamento del Regolamento (si/no) | I6: Sì | J6: Segretario Comunale | K6: OGNI ANNO | L6: ANNUALE | M6: In alternativa: a) si b) no | N6: In caso di opzione B illustrare le criticità riscontrate e come si intende risolverle
C7: Previsione di requisiti e titoli di ammissione troppo generici ovvero troppo specifici, sproporazionati rispetto al profilo richiesto, al fine di favorire determinati candidati e/o restringere indebitamente i potenziali concorrenti - fenomeno bandi "ad personam" | D7: ='Valutaz Rischio ENTE'!$T$23 -> M | E7: Controllo a campione da parte del RPCT* dei bandi di concorso/avvisi di selezione, per verificare la coerenza dei requisiti di ammissione con i profili professionali richiesti, nonchè la corrispondenza del profilo professionale richiesto con quello bandito in sede di mobilità ex art. 34bis d.lgs. n. 165/2001 *il controllo potrà essere svolto dal Responsabile dell'Ufficio del personale laddove soggetto diverso dal dipendente che ha curato la redazione del bando Tracciabilità dello svolgimento e dell'esito delle operazioni concorsuali rispetto ai criteri di selezione e valutazione prestabiliti | F7: Evitare scadenza pubblicazione in periodi feriali (agosto - 24 dicembre/7 gennaio) | G7: In occasione di ogni pubblicazione di bando/avviso di procedura di selezione | H7: Percentuale a campione dei bandi/avvisi rispetto al totale | I7: >80 | J7: RPCT | K7: OGNI ANNO | L7: ANNUALE | M7: In alternativa: a) tra 80 e 100 % b) tra 50 e 80% c) tra 0 e 50% | N7: In caso di opzione B illustrare le criticità riscontrate e come si intende risolverle
B8: Nomina Commissione esaminatrice | C8: Omessa previsione nei Regolamenti comunali di criteri per l'individuazione dei commissari | D8: ='Valutaz Rischio ENTE'!$T$24 -> M | E8: Adozione/aggiornamento dei criteri per l'individuazione dei Commissari nel Regolamento per l'organizzazione degli Uffici e dei Servizi - Sezione concorsi | G8: In occasione di ogni aggiornamento normativo o contrattuale | H8: Adozione/aggiornamento del Regolamento (si/no) | I8: Sì | J8: Responsabile Risorse Umane | K8: OGNI ANNO | L8: ANNUALE | M8: In alternativa: a) si b) no | N8: In caso di opzione B illustrare le criticità riscontrate e come si intende risolverle
C9: Scelta dei Commissari al fine di favorire uno o più candidati predenterminati | D9: ='Valutaz Rischio ENTE'!$T$24 -> M | E9: Rotazione dei commissari, anche nelle ipotesi di ricorso a società esterne | G9: in occasione di ogni procedura selettiva | H9: Rotazione dei commissari (si/no) | I9: Sì | J9: Responsabile Risorse Umane | K9: OGNI ANNO | L9: ANNUALE | M9: In alternativa: a) si b) no | N9: In caso di opzione B illustrare le criticità riscontrate e come si intende risolverle
C10: Omessa raccolta o verifica delle dichiarazioni dei Commissari sulla assenza di conflitto di interessi all'esito della consultazione della lista dei candidati | D10: ='Valutaz Rischio ENTE'!$T$24 -> M | E10: 1. Verifica a campione da parte del RPCT sul rilascio delle dichiarazione in sede di insediamento della commissione 2. Verifica da parte dell'ufficio del personale in contraddittorio con il Commissario sul contenuto di tutte le dichiarazioni, in sede di insediamento della commissione 3. Utilizzo di apposita modulistica per il rilascio delle dichiarazioni di assenza dei conflitti d'interesse | G10: in occasione di ogni procedura selettiva | H10: 1. campione di dichiarazioni rilasciate dai commissari/n. totale dichiarazioni rilasciate 2. % delle dichiarazioni rilasciate 3. % delle dichiarazioni rilasciate mediante appositi moduli | I10: 1. > 80 2. > 80 3. > 80 | J10: Responsabile Risorse Umane | K10: OGNI ANNO | L10: ANNUALE | M10: In alternativa: a) tra 80 e 100 % b) tra 50 e 80% c) tra 0 e 50% In alternativa: a) tra 80 e 100 % b) tra 50 e 80% c) tra 0 e 50% In alternativa: a) tra 80 e 100 % b) tra 50 e 80% c) tra 0 e 50% | N10: In caso di opzione B illustrare le criticità riscontrate e come si intende risolverle
B11: Svolgimento delle prove concorsuali e valutazione dei titoli | C11: Ritardata pubblicazione dell'esito della valutazione titoli rispetto allo svolgimento della prova orale, per favorire determinati candidati in sede di redazione della graduatoria dopo l'ultima prova concorsuale | D11: ='Valutaz Rischio ENTE'!$T$25 -> M | E11: Verifica da parte dell'ufficio del personale circa la tempistica di pubblicazione dell'esito della valutazione dei titoli rispetto allo svolgimento della prova orale | G11: in occasione di ogni procedura selettiva | H11: pubblicazione della valutazione dei titoli prima dello svolgimento della prova orale (SI/NO) | I11: Sì | J11: Responsabile Risorse Umane | K11: OGNI ANNO | L11: ANNUALE | M11: In alternativa: a) si b) no | N11: In caso di opzione B illustrare le criticità riscontrate e come si intende risolverle
C12: Svolgimento della prova orale in mancanza di testimoni | D12: ='Valutaz Rischio ENTE'!$T$25 -> M | E12: Previsione dell'obbligo della presenza di almeno due testimoni durante lo svolgimento della prova orale, da reclutare eventualmente anche tra i dipendenti dell'ente | G12: in occasione di ogni procedura selettiva | H12: n. di prove orali svolte alla presenza di testimoni/totale delle prove orali svolte | I12: >80 | J12: Responsabile Risorse Umane | K12: OGNI ANNO | L12: ANNUALE | M12: In alternativa: a) tra 80 e 100 % b) tra 50 e 80% c) tra 0 e 50% | N12: In caso di opzione B illustrare le criticità riscontrate e come si intende risolverle
B13: Approvazione della gradutoria | C13: Ingerenze esterne nel processo formativo della graduatoria all'esito della prova orale e/o ritardata pubblicazione dell'esito della prova orale | D13: ='Valutaz Rischio ENTE'!$T$25 -> M | E13: Previsione dell'obbligo di pubblicazione dell'esito della prova orale tempestivamente, e comunque non oltre il termine della giornata di svolgimento della prova in linea con le previsioni di cui all'art. 19 dlgs 33/2013 che impone la pubblicazione tempestiva di tutti gli atti della procedura | G13: in occasione di ogni procedura selettiva | H13: Pubblicazione degli esiti della prova orale nei termini (si/no) | I13: Sì | J13: Responsabile Risorse Umane | K13: OGNI ANNO | L13: ANNUALE | M13: In alternativa: a) si b) no | N13: In caso di opzione B illustrare le criticità riscontrate e come si intende risolverle
A14: Attingimento da graduatoria di altri Enti | B14: Attingimento da graduatoria di altri Enti | C14: Individuazione pilotata della graduatoria per condizionare la scelta del candidato da assumere | D14: ='Valutaz Rischio ENTE'!T27 -> M | E14: Previsione di una disposizione del Regolamento Uffici e Servizi o in altro atto interno che stabilisca i criteri di selezione della graduatoria di altri enti da cui attingere, secondo un ordine di priorità oggettivo e predeterminato (es. i comuni della Provincia e in subordine della Regione di riferimento; la distanza kilometrica dal capoluogo) | G14: In occasione di ogni aggiornamento normativo o contrattuale | H14: Inserimento della disposizione regolamentare (si/no) | I14: Sì | J14: Responsabile Risorse Umane | K14: OGNI ANNO | L14: ANNUALE | M14: In alternativa: a) si b) no | N14: In caso di opzione B illustrare le criticità riscontrate e come si intende risolverle
A15: Mobilità volontaria | B15: Mobilità volontaria | C15: Omessa o scarsa previsione nel bando/avviso di criteri oggettivi predeterminati rispetto alle effettive esigenze dell'ente anche al fine di favorire candidati prederminati | D15: ='Valutaz Rischio ENTE'!T28 -> M | E15: Verifica a campione da parte del RPCT della previsione nel bando/avviso di criteri oggettivi predeterminati rispetto alle effettive esigenze dell'ente anche sulla base del piano dei fabbisogni | G15: in occasione di ogni procedura di mobilità | H15: n. bandi/avvisi contenenti criteri oggettivi predeterminati rispetto alle effettive esigenze dell'ente oggetto del campione /n. totale bandi/avvisi | I15: >80 | J15: RPCT | K15: OGNI ANNO | L15: ANNUALE | M15: In alternativa: a) tra 80 e 100 % b) tra 50 e 80% c) tra 0 e 50% | N15: In caso di opzione B illustrare le criticità riscontrate e come si intende risolverle
A16: Assunzioni ex art. 110 TUEL, ex art. 90 TUEL, assunzioni stagionali di personale (es. polizia locale) | B16: Assunzioni ex art. 110 TUEL, ex art. 90 TUEL, assunzioni stagionali di personale (es. polizia locale) | C16: Omessa o scarsa previsione nel bando/avviso di criteri oggettivi predeterminati rispetto alle effettive esigenze dell'ente anche al fine di favorire candidati prederminati | D16: ='Valutaz Rischio ENTE'!T29 -> A | E16: Verifica a campione da parte del RPCT della previsione nel bando/avviso di criteri oggettivi predeterminati rispetto alle effettive esigenze dell'ente anche sulla base del piano dei fabbisogni | G16: in occasione di ogni assunzione | H16: n. bandi/avvisi contenenti criteri oggettivi predeterminati rispetto alle effettive esigenze dell'ente oggetto del campione /n. totale bandi/avvisi | I16: >80 | J16: RPCT | K16: OGNI ANNO | L16: ANNUALE | M16: In alternativa: a) tra 80 e 100 % b) tra 50 e 80% c) tra 0 e 50% | N16: In caso di opzione B illustrare le criticità riscontrate e come si intende risolverle
A17: Progressioni di carriera | B17: Progressioni di carriera verticali | C17: Omessa o scarsa predeterminazione di criteri e limiti al conferimento delle progressioni di carriera al fine di favorire determinati dipendenti | D17: ='Valutaz Rischio ENTE'!T30 -> M | E17: 1. Inserimento della programmazione delle progressioni veriticali nel Piano dei Fabbisogni 2. Previsione nel Regolamento comunale - anche adottato ad hoc per le progressioni verticali - di criteri predefiniti che limitino la discrezionalità dell'Ente, quali titoli di servizio, titoli di studio e anzianità di servizio, facendo sì che nessun criterio sia in assoluto preminente sull'altro | G17: In occasione dell'adozione del PIAO In occasione di ogni aggiornamento normativo o contrattuale | H17: 1. Aggiornamento Piano dei fabbisogni (si/no) 2. Inserimento disposizione regolamentare (si/no) | I17: 1. Sì 2. Sì | J17: Responsabile Risorse Umane | K17: OGNI ANNO | L17: ANNUALE | M17: 1. In alternativa: a) si b) no 2. In alternativa: a) si b) no | N17: In caso di opzione B illustrare le criticità riscontrate e come si intende risolverle
B18: Progressioni di carriera orizzontali | C18: Omessa o scarsa predeterminazione di criteri e limiti al conferimento delle progressioni di carriera al fine di favorire determinati dipendenti | D18: ='Valutaz Rischio ENTE'!T31 -> B | E18: Verifica da parte del RPCT dell'individuazione dei criteri per le progressioni orizzontali nell'ambito della contrattazione decentrata | G18: In occasione di ogni progressione orizzontale | H18: Individuazione dei criteri per le progressioni orizzontali nella contrattazione decentrata (si/no) | I18: Sì | J18: RPCT | K18: OGNI ANNO | L18: ANNUALE | M18: In alternativa: a) si b) no | N18: In caso di opzione B illustrare le criticità riscontrate e come si intende risolverle

Sheet AUTORIZZAZIONI E CONCESSIONI
A1: Mappatura del Rischio - Area Autorizzazioni e Concessioni
A2: Mappatura PROCESSI - ATTIVITA' | C2: REGISTRO RISCHI: Identificazione, analisi e valutazione del rischio corruttivo | E2: Trattamento del Rischio | K2: Monitoraggio
A3: PROCESSI | B3: ATTIVITA' | C3: EVENTI RISCHIOSI | D3: VALUTAZIONE COMPLESSIVA DEL RISCHIO | E3: MISURE SPECIFICHE IN ESSERE | F3: MISURE GENERALI E SPECIFICHE DA ATTUARE | G3: TEMPI DI ATTUAZIONE | H3: INDICATORI DI ATTUAZIONE | I3: TARGET | J3: SOGGETTO RESPONSABILE DELLA MISURA | K3: PROGRAMMAZIONE DEL MONITORAGGIO V. § 5.1 e § 5.2 del PNA 2022. | L3: FREQUENZA DEL MONITORAGGIO V. § 5.1 e § 5.2 del PNA 2022. | M3: MONITORAGGIO (STATO di ATTUAZIONE MISURE) | N3: NOTE in caso di criticità nel monitoraggio
A4: Patrocini | B4: Patrocini | C4: Concessioni di patrocini al di fuori delle previsioni regolamentari o a soggetti che non possiedono i necessari requisiti | D4: ='Valutaz Rischio ENTE'!T32 -> M | E4: controllo delle dichiarazioni sostitutive e autocertificazioni trasmesse; Adozione ed attuazione del Regolamento comunale di concessione dei patrocini | G4: In occasione di ogni procedimento | H4: Controllo : N. patrocini assegnati in conformità al regolamento | I4: 1 | J4: Affari generali
A5: Rilascio di permessi di costruire, autorizzazioni edilizie (anche in sanatoria), certificati di agibilità, certificati di destinazione urbanistica (CDU), SCIA edilizia | B5: Rilascio di permessi di costruire, autorizzazioni edilizie (anche in sanatoria), certificati di agibilità, certificati di destinazione urbanistica (CDU), SCIA edilizia | C5: Assegnazione delle pratiche per l'istruttoria a tecnici in rapporto di contiguità con i professionisti o i richiedenti | D5: ='Valutaz Rischio ENTE'!T33 -> M | E5: 1. Informatizzazione delle procedure di protocollazione e assegnazione informatizzata delle pratiche ai diversi responsabili; 2. Rotazione dei tecnici assegnatari; 3. Richiesta di dichiarazione di assenza di conflitto di interessi | F5: controllo a campione delle della conformità dei titoli abilitativi rilasciati | G5: 1). In occasione di ogni procedimento 2) e 3) all'inizio del procedimento | H5: 1, Informatizzazione delle procedure (si/no) 2, Rotazione (si/no) 3. Rilascio dichiarazioni (si/no) | I5: Sì | J5: ufficio tecnico - edilizia privata | K5: OGNI ANNO | L5: ANNUALE | M5: In alternativa: a) si b) no | N5: In caso di opzione B illustrare le criticità riscontrate e come si intendono risolverle
C6: Utilizzazione del procedimento istruttorio e delle richieste di integrazione documentale al fine di rallentare i tempi procedimentali. | D6: ='Valutaz Rischio ENTE'!$T$33 -> M | E6: Controllo a campione delle richieste di integrazione documentale e sulla loro frequenza al fine di accertare anomalie (10%) | G6: annuale | H6: n. delle richieste di integrazione a campione controllate che non hanno anomalia / n. richieste campione | I6: >80 | J6: ufficio tecnico - edilizia privata | K6: In alternativa: a) prima annualità b) seconda annualità c) terza annualità d) ogni anno | L6: In alternativa: a) annuale b) semestrale | M6: In alternativa: a) tra 80 e 100 % b) tra 50 e 80% c) tra 0 e 50% | N6: In caso di opzione B e C illustrare le criticità riscontrate e come si intendono risolverle
C7: Rilascio dei titoli abilitativi edilizi in ritardo e/o con modalità e/o in assenza dei requisiti previsti dalla legge, dai regolamenti e dagli atti amministrativi generali | D7: ='Valutaz Rischio ENTE'!$T$33 -> M | E7: 1. Controllo a campione delle pratiche di rilascio dei titoli abilitativi edilizi al fine di verificare il rispetto dei requisiti previsti dalla legge, dai regolamenti e dagli altri atti amministativi generali (10%) 2. Controllo a campione delle pratiche evase in ritardo, con indagine sulla motivazione del mancato rispetto delle tempistiche stabilite dalla legge (10%) 3. monitoraggio dei tempi procedimentali al fine di rilevare anomalie | G7: annuale | H7: 1. n. delle pratiche a campione controllate chenon hanno anomalia / n. campione 2. n. delle pratiche evase in ritardo controllate che non hanno anomalia / n. campione 3. Rispetto dei tempi procedimentali (si/no) | I7: 1. >80 2. >80 3. Sì | J7: ufficio tecnico - edilizia privata | K7: In alternativa: a) prima annualità b) seconda annualità c) terza annualità d) ogni anno | L7: In alternativa: a) annuale b) semestrale | M7: 1. In alternativa: a) tra 80 e 100 % b) tra 50 e 80% c) tra 0 e 50% 2. In alternativa: a) tra 80 e 100 % b) tra 50 e 80% c) tra 0 e 50% 3. In alternativa: a) si b) no | N7: 1. In caso di opzione B e C illustrare le criticità riscontrate e come si intendono risolverle 2. In caso di opzione B e C illustrare le criticità riscontrate e come si intendono risolverle 3. In caso di opzione B illustrare le criticità riscontrate e come si intendono risolverle
C8: Errato calcolo degli oneri di costruzione e di urbanizzazione, anche nelle ipotesi di rilascio in sanatoria, ovvero degli importi della rateizzazione | D8: ='Valutaz Rischio ENTE'!$T$33 -> M | E8: 1. Adozione di procedure informatizzate al fine di calcolare gli oneri ovvero gli importi delle rate 2. Controllo a campione al fine di verificare il rispetto dei criteri di quantificazione degli oneri (10%) | G8: 1) In occasione di ogni procedimento 2) annuale | H8: 1. Informatizzazione delle procedure (si/no) 2. n. permessi edilizi rilasciati nel rispetto dei criteri di quantificazione degli oneri/totale permessi edilizi rilasciati oggetto del campione | I8: 1. Sì 2. >80 | J8: ufficio tecnico - edilizia privata | K8: In alternativa: a) prima annualità b) seconda annualità c) terza annualità d) ogni anno | L8: In alternativa: a) annuale b) semestrale | M8: 1.In alternativa: a) si b) no 2. In alternativa: a) tra 80 e 100 % b) tra 50 e 80% c) tra 0 e 50% | N8: 1. In caso di opzione B illustrare le criticità riscontrate e come si intendono risolverle 2. In caso di opzione B e C illustrare le criticità riscontrate e come si intendono risolverle
C9: Omissione o parziale esercizio dell'attività di vigilanza sulla attività edilizia in corso sul territorio comunale | D9: ='Valutaz Rischio ENTE'!$T$33 -> M | E9: 1. Definizione analitica dei criteri e delle modalità di calcolo delle sanzioni, ovvero delle somme da corrispondere in caso di sanatoria 2. Controllo a campione degli importi delle sanzioni emesse (10%) 3. Monitoraggio dei tempi del procedimento sanzionatorio, comprensivo delle attività esecutive dei provvedimenti finali 4. Misura di trasparenza relativa alla pubblicazione di tutti gli interventi di ordine di demolizione o ripristino, opportunamente anonimizzati 5. definizione di un programma di vigilanza semestrale con estrazione a sorte delle attività da vigilare il giorno stesso dell'estrazione | G9: (1,2,3,4 ) annuale (5) semestrale | H9: 1. Definizione dei criteri (si/no) 2. n. di sanzioni emesse con importi corretti/ n. campione 3. Rispetto dei tempi procedimentali (si/no) 4. % degli ordini di demolizione o ripristino pubblicati rispetto al totale dei provvedimenti adottati 5. predisposizione del programma ed effettuazione delle verifiche (si/no) | I9: 1. Sì 2. >80 3. Sì 4. >80 5. Sì | J9: ufficio tecnico - edilizia privata | K9: In alternativa: a) prima annualità b) seconda annualità c) terza annualità d) ogni anno | L9: In alternativa: a) annuale b) semestrale | M9: 1.In alternativa: a) si b) no 2. In alternativa: a) tra 80 e 100 % b) tra 50 e 80% c) tra 0 e 50% 3.In alternativa: a) si b) no 4. In alternativa: a) tra 80 e 100 % b) tra 50 e 80% c) tra 0 e 50% 5.In alternativa: a) si b) no | N9: 1. In caso di opzione B illustrare le criticità riscontrate e come si intendono risolverle 2. In caso di opzione B e C illustrare le criticità riscontrate e come si intendono risolverle 3. In caso di opzione B illustrare le criticità riscontrate e come si intendono risolverle 4. In caso di opzione B e C illustrare le criticità riscontrate e come si intendono risolverle 5. In caso di opzione B illustrare le criticità riscontrate e come si intendono risolverle
A10: Stipula convenzione urbanistica | B10: Stipula convenzione urbanistica | C10: Erronea commisurazione degli oneri della convenzione urbanistica, rispetto all'intervento edilizio da realizzare da parte del privato, al fine di favorire eventuali soggetti | D10: ='Valutaz Rischio ENTE'!T34 -> B | E10: Attestazione del responsabile del servizio comunale da allegare alla convenzione sull'avvenuto aggiornamento delle tabelle parametriche degli oneri e sulla determinazione degli oneri stessi sulla base dei valori in vigore alla data della stipula della convenzione | G10: in occasione di ogni procedimento | H10: Attestazione allegata (si/no) | I10: Sì | J10: ufficio urbanistica | K10: In alternativa: a) prima annualità b) seconda annualità c) terza annualità d) ogni anno | L10: In alternativa: a) annuale b) semestrale | M10: In alternativa: a) si b) no | N10: In caso di opzione B illustrare le criticità riscontrate e come si intendono risolverle
A11: Rilascio autorizzazione paesaggistica | B11: Rilascio autorizzazione paesaggistica | C11: rilascio dell'autorizzazione paesaggistica in ritardo e/o con modalità illegittime e/o in assenza dei requisiti previsti dalla legge, dai regolamenti e dagli atti amministrativi generali | D11: ='Valutaz Rischio ENTE'!T35 -> M | E11: 1. Controllo a campione dei requisiti previsti dalla legge, dai regolamenti e dagli altri atti amministativi generali per il rilascio dell'autorizzazione 2. Monitoraggio dei tempi procedimentali | G11: 1) annuale 2) semestrale | H11: 1. % autorizzazioni rilasciate nel rispetto dei requisiti previsti rispetto al n. di quelle oggetto del campione 2. Rispetto dei tempi procedimentali (si/no) | I11: 1. >80 2. Sì | J11: ufficio urbanistica | K11: In alternativa: a) prima annualità b) seconda annualità c) terza annualità d) ogni anno | L11: In alternativa: a) annuale b) semestrale | M11: 1. In alternativa: a) tra 80 e 100 % b) tra 50 e 80% c) tra 0 e 50% 2. In alternativa: a) si b) no | N11: 1. In caso di opzione B e C illustrare le criticità riscontrate e come si intendono risolverle 2. In caso di opzione B illustrare le criticità riscontrate e come si intendono risolverle
A12: Rilascio licenza attività commerciali | B12: Rilascio licenza attività commerciali | C12: rilascio della licenza in ritardo e/o con modalità illegittime e/o in assenza dei requisiti previsti dalla legge, dai regolamenti e dagli atti amministrativi generali | D12: ='Valutaz Rischio ENTE'!T36 -> M | E12: 1. Controllo a campione dei requisiti previsti dalla legge, dai regolamenti e dagli altri atti amministativi generali per il rilascio dell'autorizzazione (10%) 2. Monitoraggio dei tempi procedimentali | G12: 1) annuale 2) semestrale | H12: 1. % autorizzazioni rilasciate nel rispetto dei requisiti previsti rispetto al n. di quelle oggetto del campione 2. Rispetto dei tempi procedimentali (si/no) | I12: 1. >80 2. Sì | J12: ufficio commercio | K12: In alternativa: a) prima annualità b) seconda annualità c) terza annualità d) ogni anno | L12: In alternativa: a) annuale b) semestrale | M12: 1. In alternativa: a) tra 80 e 100 % b) tra 50 e 80% c) tra 0 e 50% 2. In alternativa: a) si b) no | N12: 1. In caso di opzione B e C illustrare le criticità riscontrate e come si intendono risolverle 2. In caso di opzione B illustrare le criticità riscontrate e come si intendono risolverle
A13: Rilascio autorizzazione al funzionamento di strutture sanitarie/strutture mediche private | B13: Rilascio autorizzazione al funzionamento di strutture sanitarie/strutture mediche private | C13: rilascio dell'autorizzazione in ritardo e/o con modalità illegittime e/o in assenza dei requisiti previsti dalla legge, dai regolamenti e dagli atti amministrativi generali | D13: ='Valutaz Rischio ENTE'!T37 -> M | E13: 1. Controllo a campione dei requisiti previsti dalla legge, dai regolamenti e dagli altri atti amministativi generali per il rilascio dell'autorizzazione(10%) 2. Monitoraggio dei tempi procedimentali | G13: 1) annuale 2) semestrale | H13: 1. % autorizzazioni rilasciate nel rispetto dei requisiti previsti rispetto al n. di quelle oggetto del campione 2. Rispetto dei tempi procedimentali (si/no) | I13: 1. >80 2. Sì | J13: Responsabile del Commercio | K13: In alternativa: a) prima annualità b) seconda annualità c) terza annualità d) ogni anno | L13: In alternativa: a) annuale b) semestrale | M13: 1. In alternativa: a) tra 80 e 100 % b) tra 50 e 80% c) tra 0 e 50% 2. In alternativa: a) si b) no | N13: 1. In caso di opzione B e C illustrare le criticità riscontrate e come si intendono risolverle 2. In caso di opzione B illustrare le criticità riscontrate e come si intendono risolverle
A14: Rilascio licenze e autorizzazioni di pubblica sicurezza | B14: Rilascio licenze e autorizzazioni di pubblica sicurezza | C14: Rilascio autorizzazione permanente/temporanea per spettacoli viaggianti in ritardo e/o con modalità illegittime e/o in assenza dei requisiti di legge, anche al fine di favorire determinati soggetti | D14: ='Valutaz Rischio ENTE'!$T$38 -> B | E14: 1. Controllo a campione dei requisiti previsti dalla legge, dai regolamenti e dagli altri atti amministativi generali per il rilascio dell'autorizzazione (10%) 2. Monitoraggio dei tempi procedimentali | G14: 1) annuale 2) semestrale | H14: 1. % autorizzazioni rilasciate nel rispetto dei requisiti previsti rispetto al n. di quelle oggetto del campione 2. Rispetto dei tempi procedimentali (si/no) | I14: 1. >80 2. Sì | J14: Responsabile del Commercio | K14: In alternativa: a) prima annualità b) seconda annualità c) terza annualità d) ogni anno | L14: In alternativa: a) annuale b) semestrale | M14: 1. In alternativa: a) tra 80 e 100 % b) tra 50 e 80% c) tra 0 e 50% 2. In alternativa: a) si b) no | N14: 1. In caso di opzione B e C illustrare le criticità riscontrate e come si intendono risolverle 2. In caso di opzione B illustrare le criticità riscontrate e come si intendono risolverle
C15: Rilascio licenza per apertura sala giochi in ritardo e/o con modalità illegittime e/o in assenza dei requisiti di legge anche al fine di favorire determinati soggetti | D15: ='Valutaz Rischio ENTE'!$T$38 -> B | E15: 1. Controllo a campione dei requisiti previsti dalla legge, dai regolamenti e dagli altri atti amministativi generali per il rilascio dell'autorizzazione (10%) 2. Monitoraggio dei tempi procedimentali | G15: 1) annuale 2) semestrale | H15: 1. % autorizzazioni rilasciate nel rispetto dei requisiti previsti rispetto al n. di quelle oggetto del campione 2. Rispetto dei tempi procedimentali (si/no) | I15: 1. >80 2. Sì | J15: Responsabile del Commercio | K15: In alternativa: a) prima annualità b) seconda annualità c) terza annualità d) ogni anno | L15: In alternativa: a) annuale b) semestrale | M15: 1. In alternativa: a) tra 80 e 100 % b) tra 50 e 80% c) tra 0 e 50% 2. In alternativa: a) si b) no | N15: 1. In caso di opzione B e C illustrare le criticità riscontrate e come si intendono risolverle 2. In caso di opzione B illustrare le criticità riscontrate e come si intendono risolverle
C16: Rilascio licenza per accensione fuochi di artificio in ritardo e/o con modalità illegittime e/o in assenza dei requisiti di legge anche al fine di favorire determinati soggetti | D16: ='Valutaz Rischio ENTE'!$T$38 -> B | E16: 1. Controllo a campione dei requisiti previsti dalla legge, dai regolamenti e dagli altri atti amministativi generali per il rilascio dell'autorizzazione (10%) 2. Monitoraggio dei tempi procedimentali | G16: 1) annuale 2) semestrale | H16: 1. % autorizzazioni rilasciate nel rispetto dei requisiti previsti rispetto al n. di quelle oggetto del campione 2. Rispetto dei tempi procedimentali (si/no) | I16: 1. >80 2. Sì | J16: Responsabile del Commercio | K16: In alternativa: a) prima annualità b) seconda annualità c) terza annualità d) ogni anno | L16: In alternativa: a) annuale b) semestrale | M16: 1. In alternativa: a) tra 80 e 100 % b) tra 50 e 80% c) tra 0 e 50% 2. In alternativa: a) si b) no | N16: 1. In caso di opzione B e C illustrare le criticità riscontrate e come si intendono risolverle 2. In caso di opzione B illustrare le criticità riscontrate e come si intendono risolverle
C17: Rilascio di licenza per intrattenimenti pubblici con o senza strutture in ritardo e/o con modalità illegittime e/o in assenza dei requisiti di legge, anche al fine di favorire determinati soggetti | D17: ='Valutaz Rischio ENTE'!$T$38 -> B | E17: 1. Controllo a campione dei requisiti previsti dalla legge, dai regolamenti e dagli altri atti amministativi generali per il rilascio dell'autorizzazione (10%) 2. Monitoraggio dei tempi procedimentali | G17: 1) annuale 2) semestrale | H17: 1. % autorizzazioni rilasciate nel rispetto dei requisiti previsti rispetto al n. di quelle oggetto del campione 2. Rispetto dei tempi procedimentali (si/no) | I17: 1. >80 2. Sì | J17: Responsabile del Commercio | K17: In alternativa: a) prima annualità b) seconda annualità c) terza annualità d) ogni anno | L17: In alternativa: a) annuale b) semestrale | M17: 1. In alternativa: a) tra 80 e 100 % b) tra 50 e 80% c) tra 0 e 50% 2. In alternativa: a) si b) no | N17: 1. In caso di opzione B e C illustrare le criticità riscontrate e come si intendono risolverle 2. In caso di opzione B illustrare le criticità riscontrate e come si intendono risolverle
C18: Rilascio di autorizzazione a competizione sportiva su strada in ritardo e/o con modalità illegittime e/o in assenza dei requisiti di legge, anche al fine di favorire determinati soggetti | D18: ='Valutaz Rischio ENTE'!$T$38 -> B | E18: 1. Controllo a campione dei requisiti previsti dalla legge, dai regolamenti e dagli altri atti amministativi generali per il rilascio dell'autorizzazione (10%) 2. Monitoraggio dei tempi procedimentali | G18: 1) annuale 2) semestrale | H18: 1. % autorizzazioni rilasciate nel rispetto dei requisiti previsti rispetto al n. di quelle oggetto del campione 2. Rispetto dei tempi procedimentali (si/no) | I18: 1. >80 2. Sì | J18: Responsabile del Commercio | K18: In alternativa: a) prima annualità b) seconda annualità c) terza annualità d) ogni anno | L18: In alternativa: a) annuale b) semestrale | M18: 1. In alternativa: a) tra 80 e 100 % b) tra 50 e 80% c) tra 0 e 50% 2. In alternativa: a) si b) no | N18: 1. In caso di opzione B e C illustrare le criticità riscontrate e come si intendono risolverle 2. In caso di opzione B illustrare le criticità riscontrate e come si intendono risolverle
C19: Rilascio di ogni altra autorizzazione e licenza di PS in ritardo e/o con modalità illegittime e/o in assenza dei requisiti di legge, anche al fine di favorire determinati soggetti | D19: ='Valutaz Rischio ENTE'!$T$38 -> B | E19: 1. Controllo a campione dei requisiti previsti dalla legge, dai regolamenti e dagli altri atti amministativi generali per il rilascio dell'autorizzazione (10%) 2. Monitoraggio dei tempi procedimentali | G19: 1) annuale 2) semestrale | H19: 1. % autorizzazioni rilasciate nel rispetto dei requisiti previsti rispetto al n. di quelle oggetto del campione 2. Rispetto dei tempi procedimentali (si/no) | I19: 1. >80 2. Sì | J19: Responsabile del Commercio | K19: In alternativa: a) prima annualità b) seconda annualità c) terza annualità d) ogni anno | L19: In alternativa: a) annuale b) semestrale | M19: 1. In alternativa: a) tra 80 e 100 % b) tra 50 e 80% c) tra 0 e 50% 2. In alternativa: a) si b) no | N19: 1. In caso di opzione B e C illustrare le criticità riscontrate e come si intendono risolverle 2. In caso di opzione B illustrare le criticità riscontrate e come si intendono risolverle
A20: Rilascio di nulla osta e/o altre autorizzazione e/o licenza e/o concessione di competenza dell'Amministrazione comunale | B20: Rilascio di nulla osta e/o altre autorizzazione e/o licenza e/o concessione di competenza dell'Amministrazione comunale | C20: Rilascio di ogni altra autorizzazione e/o licenza e/o concessione di competenza dell'Amministrazione comunale in ritardo e/o con modalità illegittime e/o in assenza dei requisiti di legge, anche al fine di favorire determinati soggetti | D20: ='Valutaz Rischio ENTE'!$T$39 -> M | E20: 1. Controllo a campione dei requisiti previsti dalla legge, dai regolamenti e dagli altri atti amministativi generali per il rilascio dell'autorizzazione (10%) 2. Monitoraggio dei tempi procedimentali | G20: 1) annuale 2) semestrale | H20: 1. % autorizzazioni rilasciate nel rispetto dei requisiti previsti rispetto al n. di quelle oggetto del campione 2. Rispetto dei tempi procedimentali (si/no) | I20: 1. >80 2. Sì | J20: Responsabile del Commercio | K20: In alternativa: a) prima annualità b) seconda annualità c) terza annualità d) ogni anno | L20: In alternativa: a) annuale b) semestrale | M20: 1. In alternativa: a) tra 80 e 100 % b) tra 50 e 80% c) tra 0 e 50% 2. In alternativa: a) si b) no | N20: 1. In caso di opzione B e C illustrare le criticità riscontrate e come si intendono risolverle 2. In caso di opzione B illustrare le criticità riscontrate e come si intendono risolverle
C21: Assegnazione delle pratiche per l'istruttoria a tecnici in rapporto di contiguità con i richiedenti | D21: ='Valutaz Rischio ENTE'!$T$39 -> M | E21: 1. Informatizzazione delle procedure di protocollazione e assegnazione informatizzata delle pratiche ai diversi responsabili 2. Rotazione dei tecnici assegnatari; 3. Richiesta di dichiarazione di assenza di conflitto di interessi | G21: 1. In occasione di ogni procedimento 2 e 3 all'inizio del procedimento | H21: 1. Informatizzazione delle procedure (si/no) 2. Rotazione (si/no) 3. n. dichiarazioni rilasciate/n. procedimenti avviati | I21: 1. Sì 2. Sì 3. > 80 | J21: Responsabile del Commercio | K21: In alternativa: a) prima annualità b) seconda annualità c) terza annualità d) ogni anno | L21: In alternativa: a) annuale b) semestrale | M21: 1. In alternativa: a) si b) no 2. In alternativa: a) si b) no 3.In alternativa: a) tra 80 e 100 % b) tra 50 e 80% c) tra 0 e 50% | N21: 1. In caso di opzione B illustrare le criticità riscontrate e come si intendono risolverle 2. In caso di opzione B illustrare le criticità riscontrate e come si intendono risolverle 3. In caso di opzione B e C illustrare le criticità riscontrate e come si intendono risolverle
A22: Concessioni cimiteriali | B22: Concessioni cimiteriali | C22: Violazione delle norme vigenti o improprie agevolazioni nella trattazione delle pratiche al fine di agevolare determinati soggetti | D22: ='Valutaz Rischio ENTE'!$T$39 -> M | E22: Applicazione criteri assegnazione previsti dal Regolamento Pubblicazione Delibera determinazione delle tariffe Regolamento di polizia mortuaria | G22: 1. In occasione di ogni procedimento | H22: N concessioni rilasciate conformi al regolamento / N. concessioni totali | I22: 100 | J22: Responsabile del Demografici | K22: In alternativa: a) prima annualità b) seconda annualità c) terza annualità d) ogni anno | L22: In alternativa: a) annuale b) semestrale | M22: 1. In alternativa: a) tra 80 e 100 % b) tra 50 e 80% c) tra 0 e 50% 2. In alternativa: a) si b) no | N22: 1. In caso di opzione B e C illustrare le criticità riscontrate e come si intendono risolverle 2. In caso di opzione B illustrare le criticità riscontrate e come si intendono risolverle
A23: Assegnazione di alloggi di edilizia sociale | B23: Assegnazione di alloggi di edilizia sociale | C23: mancata trasparenza delle procedure per l'assegnazione di alloggi di edilizia sociale | D23: ='Valutaz Rischio ENTE'!#REF! -> #REF! | E23: 1. Verifica della pubblicazione dei dati ex artt. 26 e 27 dlgs 33 2. Adozione di un Regolamento interno (o altro atto interno) volto a disciplinare fasi e responsabilità del procedimento che espliciti criteri e modalità per la concessione dei vantaggi 3. Attuazione del Regolamento adottato. affiancamento RP nella verifica requisiti per assegnazione alloggi di edilizia sociale | G23: In occasione di ogni procedura | H23: 1. n. di verifiche trimestrali e a campione sul rispetto degli obblighi di pubblicazione di cui agli artt. 26 e 27 d.lgs. 33 rispetto alle procedure avviate 2. Adozione del Regolamento (si/no) 3. Rispetto delle previsioni del Regolamento (si/no) | I23: 1. >=1 2. Sì 3. Sì | J23: Responsabile Servizi Sociali
C24: utilizzo di dichiarazioni/attestazioni false o non veritiere per attestare il possesso dei requisiti per poter partecipare alla procedura per l'assegnazione di alloggi di edilizia sociale | D24: ='Valutaz Rischio ENTE'!#REF! -> #REF! | E24: 1. Verifiche sulla veridicità/correttezza delle dichiarazioni. Verifiche svolte a cura di più dipendenti | G24: In occasione di ogni procedura | H24: 1. n. di verifiche trimestrali e a campione svolte sulle dichiarazioni/attestazioni comprovanti il possesso dei requisiti per l'assegnazione di alloggi di edilizia sociale | I24: 1. >=1 | J24: Responsabile Servizi Sociali
C25: Bando/Avviso ad personam per agevolare alcui partecipanti | D25: ='Valutaz Rischio ENTE'!#REF! -> #REF! | E25: 1. Verifiche sulla pubblicazione ai sensi dell'art. 26, co. 1 dei bandi/avvisi e sulla previsione in essi di criteri oggettivi e non discriminatori. Verifiche svolte a cura di più dipendenti 2. Predisposizione del bando con la partecipazione di più dipendenti. affiancamento RP nella verifica requisiti per assegnazione alloggi di edilizia sociale | G25: In occasione di ogni procedura | H25: 1. n. di verifiche trimestrali e a campione sul rispetto degli obblighi di pubblicazione di cui all'art. 26. co. 1 dlgs 33 svolte rispetto ai bandi/avvisi pubblicati e sulla oggettività e non discriminatorietà dei requisiti di partecipazione ivi previsti 2. Percentuale dei bandi redatti con la partecipazione di più dipendenti | I25: 1. >=1 2. > 80 | J25: Responsabile Servizi Sociali
C26: Conflitti d'interesse tra il personale assegnato alle attività e soggetti richiedenti | D26: ='Valutaz Rischio ENTE'!#REF! -> #REF! | E26: 1. Rilascio di una dichiarazione attestante l'assenza di conflitti d'interesse a seguito della presentazione delle domande 2. Adozione del provvedimento finale da parte di soggetto diverso da colui che ha curato l'istruttoria | G26: In occasione di ogni procedura | H26: 1. N. di dichiarazioni rilasciate/totale procedure per le quali sono decorsi i termini di presentazione delle domande 2. Percentuale di provvedimenti adottati da soggetto diverso rispetto a colui che ha curato l'istruttoria | I26: 1. > 80 2. > 80 | J26: Responsabile Servizi Sociali
C27: mancata previsione o descrizione dei criteri e/o delle modalità cui le amministrazioni devono attenersi per l'assegnazione di alloggi di edilizia sociale | D27: ='Valutaz Rischio ENTE'!#REF! -> #REF! | E27: 1. Adozione di un Regolamento interno (o altro atto interno) che espliciti criteri e modalità per la concessione dei vantaggi 2. Attuazione del Regolamento o altro atto interno 3. Verifiche sulla pubblicazione ai sensi dell'art. 26, co. 1 del regolamento e/o altro atto in cui sono individuati criteri e modalità di assegnazione degli alloggi di edilizia sociale | G27: In occasione di ogni procedura | H27: 1. Adozione del Regolamento (si/no) 2. Rispetto delle previsioni del Regolamento (si/no) 3. n. di verifiche trimestrali e a campione svolte rispetto alla pubblicazione ai sensi dell'art. 26, co. 1 del regolamento sui requisiti per la partecipazione alla procedura di assegnazione di alloggi di edilizia sociale | I27: 1. Sì 2. Sì 3. >=1 | J27: Responsabile Servizi Sociali
A28: Ammissione ai servizi educativi (asilo nido e scuola infanzia) | B28: Ammissione ai servizi educativi (asilo nido e scuola infanzia) | C28: mancata trasparenza delle procedure per l'ammissione ai servizi educativi | D28: ='Valutaz Rischio ENTE'!#REF! -> #REF! | E28: 1. Verifica della pubblicazione dei dati ex artt. 26 e 27 dlgs 33 2. Adozione di un Regolamento interno (o altro atto interno) volto a disciplinare fasi e responsabilità del procedimento. 3. Attuazione del Regolamento adottato. | G28: In occasione di ogni procedura | H28: 1. n. di verifiche trimestrali e a campione sul rispetto degli obblighi di pubblicazione di cui agli artt. 26 e 27 d.lgs. 33 svolte rispetto alle procedure avviate 2. Adozione del Regolamento (si/no) 3. Rispetto delle previsioni del Regolamento (si/no) | I28: 1. >=1 2. Sì 3. Sì | J28: Responsabile Servizi educativi
C29: utilizzo di dichiarazioni/attestazioni false o non veritiere per comprovare il possesso dei requisiti per l'ammissione ai servizi educativi | D29: ='Valutaz Rischio ENTE'!#REF! -> #REF! | E29: 1. Verifiche sulla veridicità/correttezza delle dichiarazioni/attestazioni. Verifiche svolte a cura di più dipendenti | G29: In occasione di ogni procedura | H29: 1. n. di verifiche trimestrali e a campione svolte sulle dichiarazioni/attestazioni per comprovare il possesso dei requisiti per l'ammissione ai servizi educativi | I29: 1. >=1 | J29: Responsabile Servizi educativi
C30: Bandi/avvisi ad personam per agevolare alcui partecipanti | D30: ='Valutaz Rischio ENTE'!#REF! -> #REF! | E30: 1. Verifiche sulla pubblicazione ai sensi dell'art. 26, co. 1 dei bandi/avvisi e sulla previsione in essi di criteri oggettivi e non discriminatori. Verifiche svolte a cura di più dipendenti 2. Predisposizione del bando con la partecipazione di più dipendenti. | G30: In occasione di ogni procedura | H30: 1. n. di verifiche trimestrali e a campione svolte sul rispetto degli obblighi di pubblicazione di cui all'art. 26. co. 1 dlgs 33 rispetto ai bandi/avvisi pubblicati e sulla oggettività e nn discriminatorietà dei requisiti di partecipazione ivi previsti 2. Percentuale dei bandi redatti con la partecipazione di più dipendenti | I30: 1. >=1 2. > 80 | J30: Responsabile Servizi educativi
